Workbook

Sheet Attachment 1 - Summary
B1: Group 40524-23254, SCHOOL BUSES (Statewide) Attachment 1 - Specifications and Pricing (Revised October 15, 2026)
B2: PC69862 Matthews Buses, Inc.
B3: The Contractor has been awarded the following Items, and shall offer Base Items, Optional Equipment and Additional Body Sections sold under the Contract at net prices that are equal to the applicable NYS Contract Price that is listed on the Contract Pricelist, or less. An Authorized User may choose to add one (1) or more of the Optional Equipment from the list of Optional Equipment, and/or Additional Body Sections, associated with the Base Item (see Contract Section 3.7 Optional Equipment and Additional Body Sections). Additional Options offered by the Contractor, that are listed on the OEM or Contractor-Published Pricelist(s), may also be requested by the Authorized User (see Contract Section 3.8 Additional Options).
B4: Name and description of worksheets included in this workbook:
B5: Tab Name | C5: Description of Tab or Item | D5: Fuel Types Awarded | E5: Item Availability by County (Under this Contract) | F5: Pupil Capacity | G5: Tab Color
B6: Attachment 1 - Summary | C6: Summary of Attachment 1 - Specifications and Pricing (this worksheet)
B7: A (Item 2-G) | C7: Lot A (Item 2-G): Type A-1, SRW, Cutaway, 4 Rows | D7: Gasoline | E7: All counties, EXCEPT Bronx, Kings, Nassau, New York, Queens, Richmond, and Suffolk Counties. For Bronx, Kings, Nassau, New York, Queens, Richmond, and Suffolk Counties, please see Contract PC69863, Nesco Truck and Bus Sales, Inc. | F7: Minimum 16
B8: A (Item 3-G) | C8: Lot A (Item 3-G): Type A-2, DRW, Cutaway, 4 Rows | D8: Gasoline | E8: All counties, EXCEPT Bronx, Kings, Nassau, New York, Queens, Richmond, and Suffolk Counties. For Bronx, Kings, Nassau, New York, Queens, Richmond, and Suffolk Counties, please see Contract PC69863, Nesco Truck and Bus Sales, Inc. | F8: Minimum 20
B9: A (Item 3-EV) | C9: Lot A (Item 3-EV): Type A-2, DRW, Cutaway, 4 Rows | D9: Electric | E9: All counties, EXCEPT Bronx, Kings, Nassau, New York, Queens, Richmond, and Suffolk Counties. For Bronx, Kings, Nassau, New York, Queens, Richmond, and Suffolk Counties, please see Contract PC69863, Nesco Truck and Bus Sales, Inc. | F9: Minimum 20
B10: A (Item 4-G) | C10: Lot A (Item 4-G): Type A-2, DRW, Cutaway, 4 Rows | D10: Gasoline | E10: All counties, EXCEPT Bronx, Kings, Nassau, New York, Queens, Richmond, and Suffolk Counties. For Bronx, Kings, Nassau, New York, Queens, Richmond, and Suffolk Counties, please see Contract PC69863, Nesco Truck and Bus Sales, Inc. | F10: Minimum 24
B11: A (Item 4-EV) | C11: Lot A (Item 4-EV): Type A-2, DRW, Cutaway, 4 Rows | D11: Electric | E11: All counties, EXCEPT Bronx, Kings, Nassau, New York, Queens, Richmond, and Suffolk Counties. For Bronx, Kings, Nassau, New York, Queens, Richmond, and Suffolk Counties, please see Contract PC69863, Nesco Truck and Bus Sales, Inc. | F11: Minimum 24
B12: A (Item 5-G) | C12: Lot A (Item 5-G): Type A-2, DRW, Cutaway, 5 Rows | D12: Gasoline, LPG | E12: All counties, EXCEPT Bronx, Kings, Nassau, New York, Queens, Richmond, and Suffolk Counties. For Bronx, Kings, Nassau, New York, Queens, Richmond, and Suffolk Counties, please see Contract PC69863, Nesco Truck and Bus Sales, Inc. | F12: Minimum 30
B13: C (Item 1-D) | C13: Lot C (Item 1-D): Type C, Conventional Bus | D13: Diesel | E13: All counties, EXCEPT Bronx, Kings, Nassau, New York, Queens, Richmond, and Suffolk Counties. For Bronx, Kings, Nassau, New York, Queens, Richmond, and Suffolk Counties, please see Contract PC69863, Nesco Truck and Bus Sales, Inc. | F13: Minimum 24
B14: C (Item 2-D) | C14: Lot C (Item 2-D): Type C, Conventional Bus | D14: Diesel | E14: All counties, EXCEPT Bronx, Kings, Nassau, New York, Queens, Richmond, and Suffolk Counties. For Bronx, Kings, Nassau, New York, Queens, Richmond, and Suffolk Counties, please see Contract PC69863, Nesco Truck and Bus Sales, Inc. | F14: Minimum 46
B15: C (Item 2-EV) | C15: Lot C (Item 2-EV): Type C, Conventional Bus | D15: Electric | E15: All counties, EXCEPT Bronx, Kings, Nassau, New York, Queens, Richmond, and Suffolk Counties. For Bronx, Kings, Nassau, New York, Queens, Richmond, and Suffolk Counties, please see Contract PC69863, Nesco Truck and Bus Sales, Inc. | F15: Minimum 46
B16: C (Item 3-D) | C16: Lot C (Item 3-D): Type C, Conventional Bus | D16: Diesel, CNG | E16: All counties, EXCEPT Bronx, Kings, Nassau, New York, Queens, Richmond, and Suffolk Counties. For Bronx, Kings, Nassau, New York, Queens, Richmond, and Suffolk Counties, please see Contract PC69863, Nesco Truck and Bus Sales, Inc. | F16: Minimum 58
B17: C (Item 4-D) | C17: Lot C (Item 4-D): Type C, Conventional Bus | D17: Diesel, CNG | E17: All counties, EXCEPT Bronx, Kings, Nassau, New York, Queens, Richmond, and Suffolk Counties. For Bronx, Kings, Nassau, New York, Queens, Richmond, and Suffolk Counties, please see Contract PC69863, Nesco Truck and Bus Sales, Inc. | F17: Minimum 64
B18: C (Item 4-EV) | C18: Lot C (Item 4-EV): Type C, Conventional Bus | D18: Electric | E18: All counties, EXCEPT Bronx, Kings, Nassau, New York, Queens, Richmond, and Suffolk Counties. For Bronx, Kings, Nassau, New York, Queens, Richmond, and Suffolk Counties, please see Contract PC69863, Nesco Truck and Bus Sales, Inc. | F18: Minimum 64
... B23: D (Item 5-D) | C23: Lot D (Item 5-D): Type D, Rear Engine (Pusher) Bus | D23: Diesel, CNG | E23: All counties, EXCEPT Bronx, Kings, Nassau, New York, Queens, Richmond, and Suffolk Counties. For Bronx, Kings, Nassau, New York, Queens, Richmond, and Suffolk Counties, please see Contract PC69863, Nesco Truck and Bus Sales, Inc. | F23: Minimum 72

Sheet A (Item 2-G)
A1: GROUP 40524-23254, SCHOOL BUSES (Statewide) Attachment 1 - Specifications and Pricing (Revised October 15, 2026)
A2: ='Attachment 1 - Summary'!B2 -> PC69862 Matthews Buses, Inc.
A3: LOT A (Item 2-G)
A4: Type A-1, SRW, Cutaway, 4 Rows (Gasoline; Minimum 16 Pupils)
A6: PART 1: Product information for the Base Item(s) Awarded | F6: General Motors / Thomas
A7: Category | B7: Information provided in Yellow Cells | F7: Gasoline
A8: Engine | B8: Information identifying the engine for the fuel type offered. | F8: LV1, GM 4.3L Vortec, 6 cylinders, 4.3L, 276HP@5200, 298 LB FT Torque @ 3800
A9: NYS DOT Approval Number | B9: The NYS DOT Approval Number for the School Bus. Only School Buses approved by NYS DOT Passenger Carrier Safety Bureau for use as 2022 and newer Models, as indicated by a NYS DOT Approval Number, shall be delivered pursuant to the Contract. | F9: 1623-NY-16-00WC-TBB
A10: Chassis Make | B10: The OEM company name of a Chassis. | F10: General Motors
A11: Chassis Model | B11: The Model name of the Chassis. | F11: 3500
A12: Chassis Model Code | B12: The OEM code used to identify the subset of the Chassis Model. | F12: CG33503
A13: Body Make | B13: The OEM company name of a Body. | F13: Thomas
A14: Body Model | B14: The Model name of the Body. | F14: Minotour
A15: Body Model Code | B15: The OEM code used to identify the subset of the Body Model. | F15: 041LS
A16: Pick Up Allowance | B16: The dollar amount, per School Bus, that will be deducted from the Base Item NYS Contract Price, if the Authorized User elects to pick up the School Bus at the Contractor's location. | F16: 100
A17: Delivery Time | B17: The estimated delivery time for the School Bus, expressed in number of calendar days, required to make delivery after receipt of a final Purchase Order (After Receipt of Order (“ARO”)). | F17: 210
A19: PART 2: Pricing for the Base Item, Additional Body Section, and Additional Options | F19: General Motors / Thomas
A20: Category | B20: Information provided in Yellow Cells | F20: Gasoline
A21: Base Item NYS Contract Price | B21: The per unit NYS Contract Price (dollar amount) for the School Bus described in the Base Item Specifications. The Base Item NYS Contract Price includes any OEM fees, all customs duties and charges, all vehicle preparation and clean-up charges, NYS DOT inspection, installation charges, delivery and all other incidentals normally included with providing a School Bus, but excludes Optional Equipment, Additional Body Section(s), and Additional Options. | F21: =63101.27*('PPI Adj'!D6) -> 73639.182
A22: Additional Body Section NYS Contract Price | B22: The per unit NYS Contract Price (dollar amount) for adding one (1) Additional Body Section, excluding seats and other interior features, to the Base Item and the applicable Base Item NYS Contract Price. | F22: =1641*('PPI Adj'!D6) -> 1915.047
A23: Additional Options NYS Discount | B23: The minimum percentage amount that shall be deducted from the MSRP for all Additional Options purchased under the Contract for this Item. | F23: 20
A25: PART 3: Base Item Specifications | F25: General Motors / Thomas
A26: Category | B26: Specification | C26: Information provided in Yellow Cells | F26: Gasoline
A27: General | B27: A conversion School Bus constructed using a cutaway front-section vehicle with a left side driver’s door, with a GVWR of 10,000 pounds or less. | C27: Gross Vehicle Weight Rating (GVWR) [lbs]: | F27: 9900
A28: Capacity | B28: Minimum four (4) rows for sixteen (16) Pupils | C28: Number of rows: | F28: 4
C29: Number of Pupils: | F29: 16
A30: Rear Wheels | B30: Single Rear Wheel (SRW)
A31: Dimensions | C31: Wheelbase [inches]: | F31: 139
C32: Length (bumper to bumper) [inches]: | F32: 227.8
C33: Body width (inside) [inches]: | F33: 78
C34: Body headroom (standard) [inches]: | F34: 73
C35: Cowl to rear axle length [inches]: | F35: 77.6
A36: Front Axle | C36: Gross Axle Weight Rating (GAWR) [lbs]: | F36: 4100
C37: Front axle capacity [lbs]: | F37: 4100
A38: Rear Axle | C38: Gross Axle Weight Rating (GAWR) [lbs]: | F38: 6084
C39: Rear axle capacity [lbs]: | F39: 6084
A40: Steering | B40: Power steering
A41: Tires | B41: Tires shall meet the minimum requirements for the Chassis Model, as published by the Chassis manufacturer. | C41: Front radial tires size (load range letter) | F41: LT245/75R16E
C42: Front radial tires capacity | F42: 2205 each
C43: Rear radial tires size (load range letter) | F43: LT245/75R16E
C44: Rear radial tires capacity | F44: 3042 each
C45: Front Tires Option Code: | F45: XLP
C46: Front Tires Make & Tread Designation: | F46: Bridgestone Hwy
C47: Rear Tires Option Code: | F47: YLP
C48: Rear Tires Make & Tread Designation: | F48: Bridgestone Hwy
A49: Transmission | B49: Automatic transmission | C49: Number of forward gears: | F49: 6
C50: Gears direct or w/O.D.?: | F50: w/O.D.
C51: Option Code, Make & Model: | F51: MYD, GM 3L90
A52: Engine | B52: Engine shall have a manufacturer's standard water cooled engine complete with accessories, as called for under classification. Engine shall develop full-rated torque and horsepower without requiring the use of premium grade fuel for any condition of operation. If a Diesel engine is offered, it shall develop full-rated torque and horsepower with the use of both ultra low sulfur grade diesel fuel and renewable diesel fuel.
A53: Alternator | B53: Alternator shall be of the integrally-rectified type, with an SAE continuous ampere output rating that is capable of at least powering all electrical devices energized simultaneously and an additional output of ten (10) or more amperes; and shall be driven by a single serpentine belt (or equivalent) or gear driven, and shall have full-transistor type voltage regulators. Wiring harness sizes shall be not less than the alternator manufacturer's recommendations. | C53: Option Code, Make & Model: | F53: KW5, GM Delco
C54: Capacity [amps]: | F54: 220
A55: Battery(ies) | C55: Model or Option Code: | F55: TP2
C56: Number of batteries: | F56: 2
C57: CCA of each battery: | F57: 600 CCA,770 CCA
A58: Electrical | B58: Units shall have headlights turned on when the engine is running.
A59: Electrical | B59: Driver's compartment dome light shall be so directed to provide illumination for the bus driver and be controlled by an independent switch.
A60: Electrical | B60: All exterior lamps, except headlamps, shall be Light Emitting Diode (LED) design that meet applicable SAE standards.
A61: Horns | B61: An electrical horn(s) shall be provided that meets SAE standard J377.
A62: Door (Entrance) | C62: Type and clear width [inches]: | F62: O/O manual, 24"
A63: Fuel Tank(s) | B63: Gasoline and diesel engines Base Items shall have a Twenty-Five (25) gallon fuel capacity. LPG and CNG shall have the minimum construction and protection required by NFPA. | C63: Capacity [gallons]: | F63: 33
A64: Mirrors | B64: The exterior driving mirrors shall be the heated defrosting type with their own switch and pilot light. Crossview mirrors shall be provided at front corners of each bus.
A65: Seating | B65: Manufacturer's standard or optional seat spacing that meets or exceeds the NYCRR minimum requirement for the respective class of School Bus with the minimum Pupil capacity stated above.
A66: Seatbelt (ambulatory) | B66: Type II seat belts shall be provided for each individual seating space. Seat belts shall meet current federal safety standards and shall be of a type approved by, and installed in accordance with, the rules and regulations established by NYS DOT in subdivision five (5) of section three-hundred eighty-three (383) of the New York State Vehicle and Traffic Laws dated July 30, 1986 and NYCRR, Title 17, Part 720, or the latest revision thereof.
A67: Stop Arm(s) (Power) | B67: Shall be entrance-door activated, electric or air-positioning type, and be provided streetside on all School Buses. It shall be compliant with FMVSS (49 CFR 571.131). | C67: Make & Model: | F67: Specialty 7970
A68: "School Bus" Signs | B68: Both front and rear shall comply with Article 9, Section 375.20 of the New York State Vehicle and Traffic Law.
A69: 8 Lamp Warning System (School Bus) | B69: Shall be compliant with SAE J887. | C69: Make & Model: | F69: Weldon 7000
A70: Exterior Reflective Markings | B70: All units with a capacity of ten (10) or more Pupils shall be equipped with exterior reflective markings as required by FMVSS (49 CFR 571.217) and NYCRR (Title 15, Department of Motor Vehicles, Part D, 46.12).
A71: Floor | B71: Manufacturer's standard insulated floor design shall be provided throughout the School Bus.
A72: Heaters | B72: Minimum passenger compartment heating shall meet the requirements of NYCRR, Title 17, Part 720.4(I) Heaters, or the latest revision thereof.
A73: Door (Rear Emergency Exit) | B73: Shall include lower glass.
A75: PART 4: Optional Equipment NYS Contract Pricing | F75: General Motors / Thomas
A76: Optional Equipment (see Specifications and Equipment Provided below) | F76: Gasoline
A77: Capacity - Add One (1) Row of Seating | F77: =1010*('PPI Adj'!D6) -> 1178.67
A78: Capacity - Delete One (1) Row of Seating | F78: =-1010*('PPI Adj'!D6) -> -1178.67
A79: Child Presence Check / Alarm | F79: =532*('PPI Adj'!D6) -> 620.844
A80: Glass (Tinted) | F80: =261*('PPI Adj'!D6) -> 304.587
A81: Rear Axle, "No Spin" | F81: =290*('PPI Adj'!D6) -> 338.43
A82: Tires (Snow) | F82: =544*('PPI Adj'!D6) -> 634.848
A83: Tires (All-Season) | F83: =1053*('PPI Adj'!D6) -> 1228.851
A84: Floor With Recessed Wheelchair Restraint Track For One Wheelchair Station. | F84: =856*('PPI Adj'!D6) -> 998.952
A85: Floor (Flat) With Recessed Wheelchair Track Throughout Entire Body | F85: Not Available
A86: Wheelchair Lift | F86: =10801*('PPI Adj'!D6) -> 12604.767
A87: White Roof | F87: =662*('PPI Adj'!D6) -> 772.554
A88: Crossing Arm | F88: =882*('PPI Adj'!D6) -> 1029.294
A89: Additional Passenger Area Heater (Under Passenger Seat) | F89: =394.87*('PPI Adj'!D6) -> 460.81329
A90: Auxiliary Engine Coolant Heater | F90: Not Available
A91: Vandal Lock | F91: =204*('PPI Adj'!D6) -> 238.068
A92: Air Conditioning | F92: =6200*('PPI Adj'!D6) -> 7235.4
A93: School Bus Safety Camera | F93: =1971*('PPI Adj'!D6) -> 2300.157
A94: Delete Exterior LED Lamps | F94: =-1036*('PPI Adj'!D6) -> -1209.012
A95: Multifunction School Activity Bus | F95: =-2023*('PPI Adj'!D6) -> -2360.841
A97: PART 4: Optional Equipment Specifications | F97: General Motors / Thomas
A98: Optional Equipment | B98: Specification | C98: Information provided in Yellow Cells | F98: Gasoline
A99: Capacity - Add One (1) Row of Seating | B99: Add one (1) row of seating to an Additional Body Section that has been added to the Base Item.
A100: Capacity - Delete One (1) Row of Seating | B100: Delete one (1) full row of seating (both left and right sides) without removing a Body section from the Base Item, or altering the spacing between the remaining seats.
A101: Child Presence Check / Alarm | B101: Shall be the Child Check-mate System Model EP 2, or Compatible Equivalent. | C101: Make & Model: | F101: Child Check-Mate EP2
A102: Glass (Tinted) | B102: The School Bus windshield and Body windows shall have the manufacturer's typical options that provide tinted glass windows throughout the vehicle and shall comply with Article 9, Section 375.12a. of the New York State Vehicle and Traffic Law.
A103: Rear Axle, "No Spin" | B103: The manufacturer’s standard device (e.g., power-lock, limited-slip, no-spin, positive-traction). | C103: Type of device: | F103: no-spin rear
A104: Tires (Snow) | B104: Snow tread tires shall be provided on all drive wheels. Tires shall be Federal class D/A, STC (with snow traction capability), or class S/T, or A/T, AP with STC, or other class with STC. Tires of the same size and ply-rating as front tires shall be furnished on the rear wheels. The price entered for this Optional Equipment shall be for two (2) tires. | C104: Rear radial tires size (load range letter) | F104: LT245/75R16E
C105: Rear radial tires capacity | F105: 3042 lbs each
...

Sheet A (Item 3-G)
A1: ='A (Item 2-G)'!$A$1 -> GROUP 40524-23254, SCHOOL BUSES (Statewide) Attachment 1 - Specifications and Pricing (Revised October 15, 2026)
A2: ='Attachment 1 - Summary'!B2 -> PC69862 Matthews Buses, Inc.
A3: LOT A (Item 3-G)
A4: Type A-2, DRW, Cutaway, 4 Rows (Gasoline; Minimum 20 Pupils)
A6: PART 1: Product information for the Base Item(s) Awarded | F6: Ford / Thomas
A7: Category | B7: Information provided in Yellow Cells | F7: Gasoline
A8: Engine | B8: Information identifying the engine for the fuel type offered. | F8: 99S Ford Triton V8, 10 cylinder,7.3L,325HP @ 4250 RPM, 450LBFT torque @ 3750 RPM
A9: NYS DOT Approval Number | B9: The NYS DOT Approval Number for the School Bus. Only School Buses approved by NYS DOT Passenger Carrier Safety Bureau for use as 2022 and newer Models, as indicated by a NYS DOT Approval Number, shall be delivered pursuant to the Contract. | F9: 1462-NY-20-00WC-TBB
A10: Chassis Make | B10: The OEM company name of a Chassis. | F10: Ford
A11: Chassis Model | B11: The Model name of the Chassis. | F11: E-350
A12: Chassis Model Code | B12: The OEM code used to identify the subset of the Chassis Model. | F12: E3F
A13: Body Make | B13: The OEM company name of a Body. | F13: Thomas
A14: Body Model | B14: The Model name of the Body. | F14: Minotour
A15: Body Model Code | B15: The OEM code used to identify the subset of the Body Model. | F15: 041MS
A16: Pick Up Allowance | B16: The dollar amount, per School Bus, that will be deducted from the Base Item NYS Contract Price, if the Authorized User elects to pick up the School Bus at the Contractor's location. | F16: 100
A17: Delivery Time | B17: The estimated delivery time for the School Bus, expressed in number of calendar days, required to make delivery after receipt of a final Purchase Order (After Receipt of Order (“ARO”)). | F17: 210 days
A19: PART 2: Pricing for the Base Item, Additional Body Section, and Additional Options | F19: Ford / Thomas
A20: Category | B20: Information provided in Yellow Cells | F20: Gasoline
A21: Base Item NYS Contract Price | B21: The per unit NYS Contract Price (dollar amount) for the School Bus described in the Base Item Specifications. The Base Item NYS Contract Price includes any OEM fees, all customs duties and charges, all vehicle preparation and clean-up charges, NYS DOT inspection, installation charges, delivery and all other incidentals normally included with providing a School Bus, but excludes Optional Equipment, Additional Body Section(s), and Additional Options. | F21: =76912.31*('PPI Adj'!D6) -> 89756.666
A22: Additional Body Section NYS Contract Price | B22: The per unit NYS Contract Price (dollar amount) for adding one (1) Additional Body Section, excluding seats and other interior features, to the Base Item and the applicable Base Item NYS Contract Price. | F22: =1641*('PPI Adj'!D6) -> 1915.047
A23: Additional Options NYS Discount | B23: The minimum percentage amount that shall be deducted from the MSRP for all Additional Options purchased under the Contract for this Item. | F23: 20
A25: PART 3: Base Item Specifications | F25: Ford / Thomas
A26: Category | B26: Specification | C26: Information provided in Yellow Cells | F26: Gasoline
A27: General | B27: A conversion School Bus constructed using a cutaway front-section vehicle with a left side driver’s door, with a GVWR equal to or greater than 10,001 pounds and less than or equal to 21,500 pounds. | C27: Gross Vehicle Weight Rating (GVWR) [lbs]: | F27: 11500
A28: Capacity | B28: Minimum four (4) rows for twenty (20) Pupils. | C28: Number of rows: | F28: 4
C29: Number of Pupils: | F29: 20
A30: Rear Wheels | B30: Dual Rear Wheel (DRW)
A31: Dimensions | C31: Wheelbase [inches]: | F31: 138
C32: Length (bumper to bumper) [inches]: | F32: 233
C33: Body width (inside) [inches]: | F33: 90
C34: Body headroom (standard) [inches]: | F34: 73
C35: Cowl to rear axle length [inches]: | F35: 74.6
A36: Front Axle | C36: Gross Axle Weight Rating (GAWR) [lbs]: | F36: 4600
C37: Front axle capacity [lbs]: | F37: 5000
A38: Rear Axle | C38: Gross Axle Weight Rating (GAWR) [lbs]: | F38: 7800
C39: Rear axle capacity [lbs]: | F39: 7800
A40: Steering | B40: Power steering
A41: Tires | B41: Tires shall meet the minimum requirements for the Chassis Model, as published by the Chassis manufacturer. | C41: Front radial tires size (load range letter) | F41: LT225/75R16E
C42: Front radial tires capacity | F42: 2680
C43: Rear radial tires size (load range letter) | F43: LT225/75R16E
C44: Rear radial tires capacity | F44: 2470
C45: Front Tires Option Code: | F45: T67
C46: Front Tires Make & Tread Designation: | F46: Bridgestone Hwy
C47: Rear Tires Option Code: | F47: T67
C48: Rear Tires Make & Tread Designation: | F48: Bridgestone Hwy
A49: Transmission | B49: Automatic transmission | C49: Number of forward gears: | F49: 6
C50: Gears direct or w/O.D.?: | F50: w/O.D.
C51: Option Code, Make & Model: | F51: 44P, Ford 6R140
A52: Engine | B52: Engine shall have a manufacturer's standard water cooled engine complete with accessories, as called for under classification. Engine shall develop full-rated torque and horsepower without requiring the use of premium grade fuel for any condition of operation. If a Diesel engine is offered, it shall develop full-rated torque and horsepower with the use of both ultra low sulfur grade diesel fuel and renewable diesel fuel.
A53: Alternator | B53: Alternator shall be of the integrally-rectified type, with an SAE continuous ampere output rating that is capable of at least powering all electrical devices energized simultaneously and an additional output of ten (10) or more amperes; and shall be driven by a single serpentine belt (or equivalent) or gear driven, and shall have full-transistor type voltage regulators. Wiring harness sizes shall be not less than the alternator manufacturer's recommendations. | C53: Option Code, Make & Model: | F53: 63N, Ford Motorcraft
C54: Capacity [amps]: | F54: 225
A55: Battery(ies) | C55: Model or Option Code: | F55: 63G
C56: Number of batteries: | F56: 1
C57: CCA of each battery: | F57: 750 CCA
A58: Electrical | B58: Units shall have headlights turned on when the engine is running.
A59: Electrical | B59: Driver's compartment dome light shall be so directed to provide illumination for the bus driver and be controlled by an independent switch.
A60: Electrical | B60: All exterior lamps, except headlamps, shall be Light Emitting Diode (LED) design that meet applicable SAE standards.
A61: Horns | B61: An electrical horn(s) shall be provided that meets SAE standard J377.
A62: Door (Entrance) | C62: Type and clear width [inches]: | F62: O/O manual, 24"
A63: Fuel Tank(s) | B63: Gasoline and diesel engines Base Items shall have a Twenty-Five (25) gallon fuel capacity. LPG and CNG shall have the minimum construction and protection required by NFPA. | C63: Capacity [gallons]: | F63: 40
A64: Mirrors | B64: The exterior driving mirrors shall be the heated defrosting type with their own switch and pilot light. Crossview mirrors shall be provided at front corners of each bus.
A65: Seating | B65: Manufacturer's standard or optional seat spacing that meets or exceeds the NYCRR minimum requirement for the respective class of School Bus with the minimum Pupil capacity stated above.
A66: Seatbelt (ambulatory) | B66: Seat belts shall be provided for each individual seating space. Seat belts shall meet current federal safety standards and shall be of a type approved by, and installed in accordance with, the rules and regulations established by NYS DOT in subdivision five (5) of section three-hundred eighty-three (383) of the New York State Vehicle and Traffic Laws dated July 30, 1986 and NYCRR, Title 17, Part 720, or the latest revision thereof.
A67: Stop Arm(s) (Power) | B67: Shall be entrance-door activated, electric or air-positioning type, and be provided streetside on all School Buses. It shall be compliant with FMVSS (49 CFR 571.131). | C67: Make & Model: | F67: Specialty 7970
A68: "School Bus" Signs | B68: Both front and rear shall comply with Article 9, Section 375.20 of the New York State Vehicle and Traffic Law.
A69: 8 Lamp Warning System (School Bus) | B69: Shall be compliant with SAE J887. | C69: Make & Model: | F69: Weldon 7000
A70: Exterior Reflective Markings | B70: All units with a capacity of ten (10) or more Pupils shall be equipped with exterior reflective markings as required by FMVSS (49 CFR 571.217) and NYCRR (Title 15, Department of Motor Vehicles, Part D, 46.12).
A71: Floor | B71: Manufacturer's standard insulated floor design shall be provided throughout the School Bus.
A72: Heaters | B72: Minimum passenger compartment heating shall meet the requirements of NYCRR, Title 17, Part 720.4(I) Heaters, or the latest revision thereof.
A73: Door (Rear Emergency Exit) | B73: Shall include lower glass.
A75: PART 4: Optional Equipment NYS Contract Pricing | F75: Ford / Thomas
A76: Optional Equipment (see Specifications and Equipment Provided below) | F76: Gasoline
A77: Capacity - Add One (1) Row of Seating | F77: =1010*('PPI Adj'!D6) -> 1178.67
A78: Capacity - Delete One (1) Row of Seating | F78: =-1010*('PPI Adj'!D6) -> -1178.67
A79: Child Presence Check / Alarm | F79: =532*('PPI Adj'!D6) -> 620.844
A80: Glass (Tinted) | F80: =261*('PPI Adj'!D6) -> 304.587
A81: Rear Axle, "No Spin" | F81: =290*('PPI Adj'!D6) -> 338.43
A82: Tires (Snow) | F82: =1086*('PPI Adj'!D6) -> 1267.362
A83: Tires (All-Season) | F83: =1524*('PPI Adj'!D6) -> 1778.508
A84: Floor With Recessed Wheelchair Restraint Track For One Wheelchair Station. | F84: =856*('PPI Adj'!D6) -> 998.952
A85: Floor (Flat) With Recessed Wheelchair Track Throughout Entire Body | F85: Not Available
A86: Wheelchair Lift | F86: =10801*('PPI Adj'!D6) -> 12604.767
A87: Roof Ventilator / Emergency Exit | F87: =500*('PPI Adj'!D6) -> 583.5
A88: White Roof | F88: =662*('PPI Adj'!D6) -> 772.554
A89: Crossing Arm | F89: =882*('PPI Adj'!D6) -> 1029.294
A90: Additional Passenger Area Heater (Under Passenger Seat) | F90: =394.87*('PPI Adj'!D6) -> 460.81329
A91: Auxiliary Engine Coolant Heater | F91: Not Available
A92: Vandal Lock | F92: =204*('PPI Adj'!D6) -> 238.068
A93: Air Conditioning | F93: =8330*('PPI Adj'!D6) -> 9721.11
A94: School Bus Safety Camera | F94: =1971*('PPI Adj'!D6) -> 2300.157
A95: Delete Exterior LED Lamps | F95: =-1036*('PPI Adj'!D6) -> -1209.012
A96: Multifunction School Activity Bus | F96: =-2023*('PPI Adj'!D6) -> -2360.841
A98: PART 4: Optional Equipment Specifications | F98: Ford / Thomas
A99: Optional Equipment | B99: Specification | C99: Information provided in Yellow Cells | F99: Gasoline
A100: Capacity - Add One (1) Row of Seating | B100: Add one (1) row of seating to an Additional Body Section that has been added to the Base Item.
A101: Capacity - Delete One (1) Row of Seating | B101: Delete one (1) full row of seating (both left and right sides) without removing a Body section from the Base Item, or altering the spacing between the remaining seats.
A102: Child Presence Check / Alarm | B102: Shall be the Child Check-mate System Model EP 2, or Compatible Equivalent. | C102: Make & Model: | F102: Child Check-Mate EP2
A103: Glass (Tinted) | B103: The School Bus windshield and Body windows shall have the manufacturer's typical options that provide tinted glass windows throughout the vehicle and shall comply with Article 9, Section 375.12a. of the New York State Vehicle and Traffic Law.
A104: Rear Axle, "No Spin" | B104: The manufacturer’s standard device (e.g., power-lock, limited-slip, no-spin, positive-traction). | C104: Type of device: | F104: Limited Slip
A105: Tires (Snow) | B105: Snow tread tires shall be provided on all drive wheels. Tires shall be Federal class D/A, STC (with snow traction capability), or class S/T, or A/T, AP with STC, or other class with STC. The price entered for this Optional Equipment shall be for four (4) tires. Tires furnished on the rear wheels shall be the same size and adequate for axle's GAWR. | C105: Rear radial tires size (load range letter) | F105: LT225/75R16E
...

Sheet A (Item 3-EV)
A1: ='A (Item 2-G)'!$A$1 -> GROUP 40524-23254, SCHOOL BUSES (Statewide) Attachment 1 - Specifications and Pricing (Revised October 15, 2026)
A2: ='A (Item 2-G)'!$A$2 -> PC69862 Matthews Buses, Inc.
A3: LOT A (Item 3-EV)
A4: Type A-2, DRW, Cutaway, 4 Rows (Electric; Minimum 20 Pupils, Maximum 23 Pupils)
A6: PART 1: Product information for the Base Item(s) Awarded | F6: Ford
A7: Category | B7: Information to provide in Yellow Cells | F7: Electric
A8: Propulsion System | B8: Information identifying the Make and Model propulsion system offered. | F8: JJE TM5145 Permanent Magnet Synchronous Motor Peak Torque 1,253 Ft.Lb. Continuous Power 170kW Peak Power 280kW Voltage
A9: NYS DOT Approval Number | B9: The NYS DOT Approval Number for the School Bus. Only School Buses approved by NYS DOT Passenger Carrier Safety Bureau for use as 2022 and newer Models, as indicated by a NYS DOT Approval Number, shall be delivered pursuant to the Contract. | F9: 2042-NY-22-00WC-TBB
A10: Chassis Model Year | B10: The Model Year, (e.g. 2022, 2023), of the Chassis | F10: 2024
A11: Chassis Make | B11: The Make, (e.g. Ford, General Motors, International, Freightliner), of the Chassis | F11: Ford
A12: Chassis Model | B12: The Model name (e.g., Transit T-350, 4500, HC, M2) of the Chassis | F12: E-450
A13: Chassis Model Code | B13: The Model Code (i.e., the OEM code used to identify a particular subset of a Model) of the Chassis, if applicable | F13: E-Series
A14: Body Model Year | B14: The Model Year or Current Production Year, (e.g. 2022, 2023) of the Body | F14: 2024
A15: Body Make | B15: The Make (e.g. Microbird, Collins, Starcraft, Trans Tech) of the Body | F15: Thomas
A16: Body Model | B16: The the Model name (e.g., T-Series, MB-II, Minotour, Roadstar) of the Body | F16: Minotour
A17: Body Model Code | B17: The Model Code (i.e., the OEM code used to identify a particular subset of a Model) of the Body, if applicable | F17: 051MS
A18: Pick Up Allowance | B18: The dollar amount, per School Bus, that will be deducted from the Base Item NYS Contract Prices, if the Authorized User elects to pick up the School Bus at the Contractor's location. | F18: 100
A19: Delivery Time | B19: The estimated delivery time for the School Bus bid, expressed in number of calendar days (e.g., "90-120 days"), required to make delivery after receipt of a final Purchase Order (After Receipt of Order (“ARO”)). | F19: 210-365 days
A21: PART 2: Pricing for the Base Item, Additional Body Section, and Additional Options | F21: Ford
A22: Category | B22: Information provided in Yellow Cells | F22: Electric
A23: Base Item NYS Contract Price | B23: The per unit NYS Contract Price (dollar amount) for the School Bus described in the Base Item Specifications. The Base Item NYS Contract Price includes any OEM fees, all customs duties and charges, all vehicle preparation and clean-up charges, NYS DOT inspection, installation charges, delivery and all other incidentals normally included with providing a School Bus, but excludes Optional Equipment, Additional Body Section(s), and Additional Options. | F23: =302994.23*('PPI Adj'!H6) -> 313296.03
A24: Additional Options NYS Discount | B24: The minimum percentage amount that shall be deducted from the MSRP for all Additional Options purchased under the Contract for this Item. | F24: 20
A26: PART 3: Base Item Specifications | F26: Ford
A27: Category | B27: Specification | C27: Information provided in Yellow Cells | F27: Electric
A28: General | B28: A conversion School Bus constructed using a cutaway front-section vehicle with a left side driver’s door, with a GVWR equal to or greater than 10,001 pounds and less than or equal to 21,500 pounds. | C28: Gross Vehicle Weight Rating (GVWR) [lbs]: | F28: 14500
A29: Capacity | B29: Minimum four (4) rows for twenty (20) Pupils with a maximum of twenty-three (23) Pupils. | C29: Number of rows: | F29: 4
C30: Number of Pupils: | F30: 22
A31: Rear Wheels | B31: Dual Rear Wheel (DRW)
A32: Dimensions | C32: Wheelbase [inches]: | F32: 158
C33: Length (bumper to bumper) [inches]: | F33: 260.3
C34: Body width (inside) [inches]: | F34: 90
C35: Body headroom (standard) [inches]: | F35: 73
C36: Cowl to rear axle length [inches]: | F36: 92.3
A37: Front Axle | C37: Gross Axle Weight Rating (GAWR) [lbs]: | F37: 5000
C38: Front axle capacity [lbs]: | F38: 5000
A39: Rear Axle | C39: Gross Axle Weight Rating (GAWR) [lbs]: | F39: 9600
C40: Rear axle capacity [lbs]: | F40: 9600
A41: Steering | B41: Power steering
A42: Tires | B42: Tires shall meet the minimum requirements for the Chassis Model, as published by the Chassis manufacturer. | C42: Front radial tires size (load range letter) [LT_____/_____R_____._____(_____)]: | F42: LT225/75RX16-E
C43: Front radial tires capacity (per tire) [_____,_____-lbs]: | F43: 2680
C44: Rear radial tires size (load range letter) [LT_____/_____R_____._____(_____)]: | F44: LT225/75RX16-E
C45: Rear radial tires capacity (per tire) [_____,_____-lbs: | F45: 2470
C46: Front Tires Option Code: | F46: T68
C47: Front Tires Make & Tread Designation: | F47: Hankook All Season
C48: Rear Tires Option Code: | F48: T68
C49: Rear Tires Make & Tread Designation: | F49: Hankook All Season
A50: Transmission | B50: Automatic transmission | C50: Number of forward gears: | F50: 1
C51: Gears direct or w/O.D.?: | F51: Direct
C52: Option Code, Make & Model: | F52: N/A - No Transmission
A53: Propulsion System | B53: Propulsion system which furnishes high-wattage electric power to the motor(s), that propels the vehicle forward or backward, and is sometimes referred to as the “main or power drive circuitry.” | C53: Vehicle range on full charge [miles]: | F53: 113
A54: Battery(ies) | B54: Propulsion system battery(ies) must meet Federal Motor Vehicle Safety Standards (FMVSS) at the time of manufacture. | C54: Number of Batteries: | F54: 1
C55: Type of Batteries: | F55: Lithium-ion
C56: System Design Voltage: | F56: 240
A57: Electrical | B57: Units shall have headlights turned on when the propulsion system is on.
A58: Electrical | B58: Driver's compartment dome light shall be so directed to provide illumination for the bus driver and be controlled by an independent switch.
A59: Electrical | B59: All exterior lamps, except headlamps, shall be Light Emitting Diode (LED) design that meet applicable SAE standards.
A60: Horns | B60: An electrical horn(s) shall be provided that meets SAE standard J377.
A61: Door (Entrance) | C61: Type and clear width [inches]: | F61: O/O manual, 24"
A62: Mirrors | B62: The exterior driving mirrors shall be the heated defrosting type with their own switch and pilot light. Crossview mirrors shall be provided at front corners of each bus.
A63: Seating | B63: Manufacturer's standard or optional seat spacing that meets or exceeds the NYCRR minimum requirement for the respective class of School Bus with the minimum Pupil capacity stated above.
A64: Seatbelt (ambulatory) | B64: Seat belts must be compliant with Federal Motor Vehicle Safety Standards (FMVSS) at the time of manufacture and be compliant with the NYS Vehicle and Traffic Law, NYS Transportation Law and 17 NYRCRR 720s.
A65: Stop Arm(s) (Power) | B65: Shall be entrance-door activated, electric or air-positioning type, and be provided streetside on all School Buses. It shall be compliant with FMVSS (49 CFR 571.131). | C65: Make & Model: | F65: Specialty 7970
A66: "School Bus" Signs | B66: Both front and rear shall comply with Article 9, Section 375.20 of the New York State Vehicle and Traffic Law. | F66: First Light Illuminated
A67: 8 Lamp Warning System (School Bus) | B67: Shall be compliant with SAE J887. | C67: Make & Model: | F67: Weldon 7000
A68: Exterior Reflective Markings | B68: All units with a capacity of ten (10) or more Pupils shall be equipped with exterior reflective markings as required by FMVSS (49 CFR 571.217) and NYCRR (Title 15, Department of Motor Vehicles, Part D, 46.12).
A69: Floor | B69: Manufacturer's standard insulated floor design shall be provided throughout the School Bus that is compliant with 17 NYCRR 720s.
A70: Heaters | B70: Minimum passenger compartment heating shall meet the requirements of NYCRR, Title 17, Part 720.4(I) Heaters, or the latest revision thereof. | C70: Provide information on power source for heater unit(s). (Propulsion Battery(ies), Auxiliary Battery(ies) or Fuel Source) | F70: Propulision Battery
A71: Door (Rear Emergency Exit) | B71: Shall include lower glass.
A73: PART 4: Optional Equipment Specifications and Pricing | F73: Ford
A74: All Optional Equipment listed in Part 4: Optional Equipment Specifications and Pricing shall be available from the Contractor for installation on the School Bus Award for the applicable Base Item. | F74: Electric | G74: Optional Equipment NYS Contract Price
A75: Optional Equipment | B75: Specification | C75: Information provided in Yellow Cells
A76: Capacity - Delete One (1) Row of Seating | B76: Delete one (1) full row of seating (both left and right sides) without removing a Body section from the Base Item, or altering the spacing between the remaining seats. | G76: =-1117.06*('PPI Adj'!H6) -> -1155.04
A77: Child Presence Check / Alarm | B77: Shall be the Child Check-mate System Model EP 2, EP 2 Plus, or Compatible Equivalent. | C77: Make & Model: | F77: Child Check-Mate EP2 | G77: =588.39*('PPI Adj'!H6) -> 608.39526
A78: Glass (Tinted) | B78: The School Bus windshield and Body windows shall have the manufacturer's typical options that provide tinted glass windows throughout the vehicle and shall comply with Article 9, Section 375.12a. of the New York State Vehicle and Traffic Law. | G78: =288.67*('PPI Adj'!H6) -> 298.48478
A79: Rear Axle, "No Spin" | B79: The manufacturer’s standard device or system (e.g., power-lock, limited-slip, no-spin, positive-traction or electronic stability control, traction control or equivalent system that meets FMVSS). | C79: Type of device: | F79: No-spin | G79: =320.74*('PPI Adj'!H6) -> 331.64516
A80: Tires (Snow) | B80: Snow tread, tubeless, radial tires shall be provided on all drive wheels as specified or recommended by the OEM manufacturer for snow tires or compatible equivalent. At minimum, tires shall have a tire designation of S+M, S/T or STC (Snow Traction Capability) and be equivalent in load range and mileage ratings to tires in base specification. The price entered for this Optional Equipment shall be for four (4) tires. | C80: Rear radial tires size (load range letter) [LT_____/_____R_____._____(_____)]: | F80: LT225/75R16E | G80: =1201.12*('PPI Adj'!H6) -> 1241.9581
C81: Rear radial tires capacity (per tire) [_____,_____-lbs]: | F81: 2470
C82: Rear Tires Option Code: | F82: 103-01C2A
C83: Rear Tires Make & Tread Designation: | F83: Bridgestone M700HD
A84: Tires (All-Season) | B84: All-season tread, tubeless, radial tires shall be provided as specified or recommended by the OEM Manufacturer for all season tires or compatible equivalent. At minimum, tires shall have a tire designation of S+M and shall be equivalent in load range and mileage ratings to tires in base specification. The price entered for this Optional Equipment shall be for six (6) tires. | C84: Front radial tires size (load range letter) [LT_____/_____R_____._____(_____)]: | F84: LT225/75R16E | G84: =1685.54*('PPI Adj'!H6) -> 1742.8484
C85: Front radial tires capacity (per tire) [_____,_____-lbs]: | F85: 2680
C86: Rear radial tires size (load range letter) [LT_____/_____R_____._____(_____)]: | F86: LT225/75R16E
C87: Rear radial tires capacity (per tire) [_____,_____-lbs]: | F87: 2470
C88: Front Tires Option Code: | F88: XHF
C89: Front Tires Make & Tread Designation: | F89: Bridgestone R500HD
C90: Rear Tires Option Code: | F90: YHF
C91: Rear Tires Make & Tread Designation: | F91: Bridgestone R500HD
A92: Floor With Recessed Wheelchair Restraint Track For One Wheelchair Station. | B92: The unit shall be the Body manufacturer's typical recessed mounting track for a single wheelchair station. Unit does NOT include mounting upgrades for seating mounts to be compatible with the track, wheelchair restraints, or seats. Insulated flooring contiguous to all track inserts shall be a non-hazardous material that is either not susceptible to, or is treated to prevent, decay and dry-rot. Additionally, the contiguous joint(s) between the floor pan and/or its insulating floor materials and/or rubber finish flooring shall have a non-hazardous adhesive/sealant that prevents moisture from migrating to any adjacent untreated floor-insulating materials that are subject to rotting. | C92: Type and style: | F92: Plywood with recessed L-Track | G92: =946.74*('PPI Adj'!H6) -> 978.92916
A93: Wheelchair Lift | B93: Electric hydraulic type compliant with FMVSS (49 CFR 571.403 and 404). A safety switch to prevent operation of lift unless door(s) are opened, and a manual override system in case of power failure, shall be provided. The lift electric system shall be protected with an in-line fuse. | C93: Make & Model: | F93: Braun NCL919FIB-2 | G93: =11945.91*('PPI Adj'!H6) -> 12352.071
C94: Lift capacity: | F94: 800 lbs
A95: Roof Ventilator / Emergency Exit | B95: Roof hatches shall provide static venting with the first unlatched position and provide a latch for release to the full opened emergency position, and be equipped with an exterior latch. Roof hatches shall be Transpec Standard Vent, Model 1970, Specialty Manufacturing 8600, 8900, or 9000 series, Spheros #550886A or 550887A, or Compatible Equivalent. | C95: Make & Model: | F95: Specialty 9245 | G95: =553*('PPI Adj'!H6) -> 571.802
A96: White Roof | B96: The School Bus Body shall be provided with a factory-painted white roof in lieu of school bus yellow. White shall NOT extend below the bottom of the marker lights. | G96: =732.17*('PPI Adj'!H6) -> 757.06378
A97: Crossing Arm | B97: Shall be power operated by passenger door operating control - electric vacuum, or air powered. | C97: Type: | F97: ELECTRIC | G97: =975.49*('PPI Adj'!H6) -> 1008.6567
A98: Additional Passenger Area Heater (Under Passenger Seat) | B98: In addition to manufacturer's standard and/or NYS DOT minimum requirements, install one (1) under seat heater meeting federal and state regulations, that provides heat for the passenger body area. | C98: Provide information on power source for heater unit. (Propulsion Battery(ies), Auxiliary Battery(ies) or Fuel Source) | F98: Propulsion Battery | G98: =436.73*('PPI Adj'!H6) -> 451.57882
A99: Vandal Lock | B99: Vandal locks shall be provided on all emergency doors that can be opened from the outside of the School Bus. | C99: Make & Model: | F99: Thomas TBB138592 | G99: =225.62*('PPI Adj'!H6) -> 233.29108
A100: Air Conditioning | B100: When tested with a starting temperature of at least 85°F inside and outside the School Bus, the air conditioning system must provide a minimum 20°F temperature drop throughout the interior of the School Bus within a twenty (20) minute time period. | C100: Number of air conditioning units (including OEM if applicable): | F100: 2 | G100: =13611.29*('PPI Adj'!H6) -> 14074.074
C101: Provide information on power source for air conditioning unit(s). (Propulsion Battery(ies), Auxiliary Battery(ies) or Fuel Source) | F101: Propulision Battery
A102: School Bus Safety Camera | B102: An automated photo monitoring device affixed to a School Bus in a location designated by the Authorized User, that activates when the School Bus stop arm is extended, and that is designed to detect and store an image of motor vehicles which overtake or pass School Buses in violation of Subdivision A of Section 1174 of Vehicle and Traffic Law. | C102: Make & Model: | F102: Seon TL2-1 | G102: =2179.93*('PPI Adj'!H6) -> 2254.0476
A103: Multifunction School Activity Bus | B103: Configure the School Bus bid for the Base Item as a Multifunction School Activity Bus as defined in FMVSS (49 CFR 571.3); (e.g., the same vehicle as the School Bus bid, except without the School Bus sign, the flashing lights for crossing Pupils, the stop arms on the sides, and the color of national school bus yellow). | G103: =-2237.44*('PPI Adj'!H6) -> -2313.513
A105: PART 5: Non-Mandatory Optional and Base Equipment Specifications and Pricing | F105: Ford
...

Sheet A (Item 4-G)
A1: ='A (Item 2-G)'!$A$1 -> GROUP 40524-23254, SCHOOL BUSES (Statewide) Attachment 1 - Specifications and Pricing (Revised October 15, 2026)
A2: ='Attachment 1 - Summary'!B2 -> PC69862 Matthews Buses, Inc.
A3: LOT A (Item 4-G)
A4: Type A-2, DRW, Cutaway, 4 Rows (Gasoline; Minimum 24 Pupils)
A6: PART 1: Product information for the Base Item(s) Awarded | F6: General Motors / Thomas
A7: Category | B7: Information provided in Yellow Cells | F7: Gasoline
A8: Engine | B8: Information identifying the engine for the fuel type offered. | F8: L8T, GM 6.6L Vortec, 8 Cylinders, 6.6L,401 HP @5200 RPM,464 LBFT Torque @ 4000 RPM
A9: NYS DOT Approval Number | B9: The NYS DOT Approval Number for the School Bus. Only School Buses approved by NYS DOT Passenger Carrier Safety Bureau for use as 2022 and newer Models, as indicated by a NYS DOT Approval Number, shall be delivered pursuant to the Contract. | F9: 1642-NY-24-00WC-TBB
A10: Chassis Make | B10: The OEM company name of a Chassis. | F10: General Motors
A11: Chassis Model | B11: The Model name of the Chassis. | F11: 3500
A12: Chassis Model Code | B12: The OEM code used to identify the subset of the Chassis Model. | F12: CG33503
A13: Body Make | B13: The OEM company name of a Body. | F13: Thomas
A14: Body Model | B14: The Model name of the Body. | F14: Minotour
A15: Body Model Code | B15: The OEM code used to identify the subset of the Body Model. | F15: 041MS
A16: Pick Up Allowance | B16: The dollar amount, per School Bus, that will be deducted from the Base Item NYS Contract Price, if the Authorized User elects to pick up the School Bus at the Contractor's location. | F16: 100
A17: Delivery Time | B17: The estimated delivery time for the School Bus, expressed in number of calendar days, required to make delivery after receipt of a final Purchase Order (After Receipt of Order (“ARO”)). | F17: 210 days
A19: PART 2: Pricing for the Base Item, Additional Body Section, and Additional Options | F19: General Motors / Thomas
A20: Category | B20: Information provided in Yellow Cells | F20: Gasoline
A21: Base Item NYS Contract Price | B21: The per unit NYS Contract Price (dollar amount) for the School Bus described in the Base Item Specifications. The Base Item NYS Contract Price includes any OEM fees, all customs duties and charges, all vehicle preparation and clean-up charges, NYS DOT inspection, installation charges, delivery and all other incidentals normally included with providing a School Bus, but excludes Optional Equipment, Additional Body Section(s), and Additional Options. | F21: =67935.09*('PPI Adj'!D6) -> 79280.25
A22: Additional Body Section NYS Contract Price | B22: The per unit NYS Contract Price (dollar amount) for adding one (1) Additional Body Section, excluding seats and other interior features, to the Base Item and the applicable Base Item NYS Contract Price. | F22: =1641*('PPI Adj'!D6) -> 1915.047
A23: Additional Options NYS Discount | B23: The minimum percentage amount that shall be deducted from the MSRP for all Additional Options purchased under the Contract for this Item. | F23: 20
A25: PART 3: Base Item Specifications | F25: General Motors / Thomas
A26: Category | B26: Specification | C26: Information provided in Yellow Cells | F26: Gasoline
A27: General | B27: A conversion School Bus constructed using a cutaway front-section vehicle with a left side driver’s door, with a GVWR equal to or greater than 10,001 pounds and less than or equal to 21,500 pounds. | C27: Gross Vehicle Weight Rating (GVWR) [lbs]: | F27: 12300
A28: Capacity | B28: Minimum four (4) rows for twenty-four (24) Pupils. | C28: Number of rows: | F28: 4
C29: Number of Pupils: | F29: 24
A30: Rear Wheels | B30: Dual Rear Wheel (DRW)
A31: Dimensions | C31: Wheelbase [inches]: | F31: 139
C32: Length (bumper to bumper) [inches]: | F32: 237.8
C33: Body width (inside) [inches]: | F33: 90
C34: Body headroom (standard) [inches]: | F34: 73
C35: Cowl to rear axle length [inches]: | F35: 74
A36: Front Axle | C36: Gross Axle Weight Rating (GAWR) [lbs]: | F36: 4300
C37: Front axle capacity [lbs]: | F37: 4300
A38: Rear Axle | C38: Gross Axle Weight Rating (GAWR) [lbs]: | F38: 8600
C39: Rear axle capacity [lbs]: | F39: 8600
A40: Steering | B40: Power steering
A41: Tires | B41: Tires shall meet the minimum requirements for the Chassis Model, as published by the Chassis manufacturer. | C41: Front radial tires size (load range letter) | F41: LT225/75R16E
C42: Front radial tires capacity | F42: 2680
C43: Rear radial tires size (load range letter) | F43: LT225/75R16E
C44: Rear radial tires capacity | F44: 2470
C45: Front Tires Option Code: | F45: XHF
C46: Front Tires Make & Tread Designation: | F46: Bridgestone Hwy
C47: Rear Tires Option Code: | F47: YHF
C48: Rear Tires Make & Tread Designation: | F48: Bridgestone Hwy
A49: Transmission | B49: Automatic transmission | C49: Number of forward gears: | F49: 6
C50: Gears direct or w/O.D.?: | F50: w/O.D.
C51: Option Code, Make & Model: | F51: MYD, GM 6L90
A52: Engine | B52: Engine shall have a manufacturer's standard water cooled engine complete with accessories, as called for under classification. Engine shall develop full-rated torque and horsepower without requiring the use of premium grade fuel for any condition of operation. If a Diesel engine is offered, it shall develop full-rated torque and horsepower with the use of both ultra low sulfur grade diesel fuel and renewable diesel fuel.
A53: Alternator | B53: Alternator shall be of the integrally-rectified type, with an SAE continuous ampere output rating that is capable of at least powering all electrical devices energized simultaneously and an additional output of ten (10) or more amperes; and shall be driven by a single serpentine belt (or equivalent) or gear driven, and shall have full-transistor type voltage regulators. Wiring harness sizes shall be not less than the alternator manufacturer's recommendations. | C53: Option Code, Make & Model: | F53: KW5, GM Delco
C54: Capacity [amps]: | F54: 220
A55: Battery(ies) | C55: Model or Option Code: | F55: TF2
C56: Number of batteries: | F56: 2
C57: CCA of each battery: | F57: 600 CCA,770 CCA
A58: Electrical | B58: Units shall have headlights turned on when the engine is running.
A59: Electrical | B59: Driver's compartment dome light shall be so directed to provide illumination for the bus driver and be controlled by an independent switch.
A60: Electrical | B60: All exterior lamps, except headlamps, shall be Light Emitting Diode (LED) design that meet applicable SAE standards.
A61: Horns | B61: An electrical horn(s) shall be provided that meets SAE standard J377.
A62: Door (Entrance) | C62: Type and clear width [inches]: | F62: O/O manual, 24"
A63: Fuel Tank(s) | B63: Gasoline and diesel engines Base Items shall have a Thirty (30) gallon fuel capacity. LPG and CNG shall have the minimum construction and protection required by NFPA. | C63: Capacity [gallons]: | F63: 33
A64: Mirrors | B64: The exterior driving mirrors shall be the heated defrosting type with their own switch and pilot light. Crossview mirrors shall be provided at front corners of each bus.
A65: Seating | B65: Manufacturer's standard or optional seat spacing that meets or exceeds the NYCRR minimum requirement for the respective class of School Bus with the minimum Pupil capacity stated above.
A66: Seatbelt (ambulatory) | B66: Seat belts shall be provided for each individual seating space. Seat belts shall meet current federal safety standards and shall be of a type approved by, and installed in accordance with, the rules and regulations established by NYS DOT in subdivision five (5) of section three-hundred eighty-three (383) of the New York State Vehicle and Traffic Laws dated July 30, 1986 and NYCRR, Title 17, Part 720, or the latest revision thereof.
A67: Stop Arm(s) (Power) | B67: Shall be entrance-door activated, electric or air-positioning type, and be provided streetside on all School Buses. It shall be compliant with FMVSS (49 CFR 571.131). | C67: Make & Model: | F67: Specialty 7970
A68: "School Bus" Signs | B68: Both front and rear shall comply with Article 9, Section 375.20 of the New York State Vehicle and Traffic Law.
A69: 8 Lamp Warning System (School Bus) | B69: Shall be compliant with SAE J887. | C69: Make & Model: | F69: Weldon 7000
A70: Exterior Reflective Markings | B70: All units with a capacity of ten (10) or more Pupils shall be equipped with exterior reflective markings as required by FMVSS (49 CFR 571.217) and NYCRR (Title 15, Department of Motor Vehicles, Part D, 46.12).
A71: Floor | B71: Manufacturer's standard insulated floor design shall be provided throughout the School Bus.
A72: Heaters | B72: Minimum passenger compartment heating shall meet the requirements of NYCRR, Title 17, Part 720.4(I) Heaters, or the latest revision thereof.
A73: Door (Rear Emergency Exit) | B73: Shall include lower glass.
A75: PART 4: Optional Equipment NYS Contract Pricing | F75: General Motors / Thomas
A76: Optional Equipment (see Specifications and Equipment Provided below) | F76: Gasoline
A77: Capacity - Add One (1) Row of Seating | F77: =1010*('PPI Adj'!D6) -> 1178.67
A78: Capacity - Delete One (1) Row of Seating | F78: =-1010*('PPI Adj'!D6) -> -1178.67
A79: Child Presence Check / Alarm | F79: =532*('PPI Adj'!D6) -> 620.844
A80: Glass (Tinted) | F80: =261*('PPI Adj'!D6) -> 304.587
A81: Rear Axle, "No Spin" | F81: =290*('PPI Adj'!D6) -> 338.43
A82: Tires (Snow) | F82: =1086*('PPI Adj'!D6) -> 1267.362
A83: Tires (All-Season) | F83: =1524*('PPI Adj'!D6) -> 1778.508
A84: Floor With Recessed Wheelchair Restraint Track For One Wheelchair Station. | F84: =856*('PPI Adj'!D6) -> 998.952
A85: Floor (Flat) With Recessed Wheelchair Track Throughout Entire Body | F85: Not Available
A86: Wheelchair Lift | F86: =10801*('PPI Adj'!D6) -> 12604.767
A87: Roof Ventilator / Emergency Exit | F87: =500*('PPI Adj'!D6) -> 583.5
A88: White Roof | F88: =662*('PPI Adj'!D6) -> 772.554
A89: Crossing Arm | F89: =882*('PPI Adj'!D6) -> 1029.294
A90: Additional Passenger Area Heater (Under Passenger Seat) | F90: =394.87*('PPI Adj'!D6) -> 460.81329
A91: Auxiliary Engine Coolant Heater | F91: Not Available
A92: Vandal Lock | F92: =204*('PPI Adj'!D6) -> 238.068
A93: Air Conditioning | F93: =8330*('PPI Adj'!D6) -> 9721.11
A94: School Bus Safety Camera | F94: =1971*('PPI Adj'!D6) -> 2300.157
A95: Delete Exterior LED Lamps | F95: =-1036*('PPI Adj'!D6) -> -1209.012
A96: Multifunction School Activity Bus | F96: =-2023*('PPI Adj'!D6) -> -2360.841
A98: PART 4: Optional Equipment Specifications | F98: General Motors / Thomas
A99: Optional Equipment | B99: Specification | C99: Information provided in Yellow Cells | F99: Gasoline
A100: Capacity - Add One (1) Row of Seating | B100: Add one (1) row of seating to an Additional Body Section that has been added to the Base Item.
A101: Capacity - Delete One (1) Row of Seating | B101: Delete one (1) full row of seating (both left and right sides) without removing a Body section from the Base Item, or altering the spacing between the remaining seats.
A102: Child Presence Check / Alarm | B102: Shall be the Child Check-mate System Model EP 2, or Compatible Equivalent. | C102: Make & Model: | F102: Child Check-Mate EP2
A103: Glass (Tinted) | B103: The School Bus windshield and Body windows shall have the manufacturer's typical options that provide tinted glass windows throughout the vehicle and shall comply with Article 9, Section 375.12a. of the New York State Vehicle and Traffic Law.
A104: Rear Axle, "No Spin" | B104: The manufacturer’s standard device (e.g., power-lock, limited-slip, no-spin, positive-traction). | C104: Type of device: | F104: No-spin
A105: Tires (Snow) | B105: Snow tread tires shall be provided on all drive wheels. Tires shall be Federal class D/A, STC (with snow traction capability), or class S/T, or A/T, AP with STC, or other class with STC. The price entered for this Optional Equipment shall be for four (4) tires. Tires furnished on the rear wheels shall be the same size and adequate for axle's GAWR. | C105: Rear radial tires size (load range letter) | F105: LT225/75R16E
...

Sheet A (Item 4-EV)
A1: ='A (Item 2-G)'!$A$1 -> GROUP 40524-23254, SCHOOL BUSES (Statewide) Attachment 1 - Specifications and Pricing (Revised October 15, 2026)
A2: ='Attachment 1 - Summary'!B2 -> PC69862 Matthews Buses, Inc.
A3: Lot A (4-EV)
A4: Type A-2, DRW, Cutaway, 4 Rows (Electric; Minimum 24 Pupils, Maxium 29 Pupils)
A6: PART 1: Product information for the Base Item(s) Awarded | F6: GM
A7: Category | B7: Information provided in Yellow Cells | F7: Electric
A8: Propulsion System | B8: Information identifying the Make and Model propulsion system offered. | F8: JJE TM5145 Permanent Magnet Synchronous Motor Peak Torque 1,253 Ft.Lb. Continuous Power 170kW Peak Power 280kW Voltage
A9: NYS DOT Approval Number | B9: The NYS DOT Approval Number for the School Bus. Only School Buses approved by NYS DOT Passenger Carrier Safety Bureau for use as 2022 and newer Models, as indicated by a NYS DOT Approval Number, shall be delivered pursuant to the Contract. | F9: 2040-NY-24-00WC-TBB
A10: Chassis Model Year | B10: The Model Year, (e.g. 2022, 2023), of the Chassis | F10: 2024
A11: Chassis Make | B11: The Make, (e.g. Ford, General Motors, International, Freightliner), of the Chassis | F11: General Motors
A12: Chassis Model | B12: The Model name (e.g., Transit T-350, 4500, HC, M2) of the Chassis | F12: 4500
A13: Chassis Model Code | B13: The Model Code (i.e., the OEM code used to identify a particular subset of a Model) of the Chassis, if applicable | F13: CG33803
A14: Body Model Year | B14: The Model Year or Current Production Year, (e.g. 2022, 2023) of the Body | F14: 2024
A15: Body Make | B15: The Make (e.g. Microbird, Collins, Starcraft, Trans Tech) of the Body | F15: Thomas
A16: Body Model | B16: The Model name (e.g., T-Series, MB-II, Minotour, Roadstar) of the Body | F16: Minotour
A17: Body Model Code | B17: The Model Code (i.e., the OEM code used to identify a particular subset of a Model) of the Body, if applicable | F17: 051MS
A18: Pick Up Allowance | B18: The dollar amount, per School Bus, that will be deducted from the Base Item NYS Contract Prices , if the Authorized User elects to pick up the School Bus at the Contractor's location. | F18: 100
A19: Delivery Time | B19: The estimated delivery time for the School Bus, expressed in number of calendar days (e.g., "90-120 days"), required to make delivery after receipt of a final Purchase Order (After Receipt of Order (“ARO”)). | F19: 210-365 days
A21: PART 2: Pricing for the Base Item, Additional Body Section, and Additional Options | F21: GM
A22: Category | B22: Information provided in Yellow Cells | F22: Electric
A23: Base Item NYS Contract Price | B23: The per unit NYS Contract Price (dollar amount) for the School Bus described in the Base Item Specifications. The Base Item NYS Contract Price includes any OEM fees, all customs duties and charges, all vehicle preparation and clean-up charges, NYS DOT inspection, installation charges, delivery and all other incidentals normally included with providing a School Bus, but excludes Optional Equipment, Additional Body Section(s), and Additional Options. | F23: =297998*('PPI Adj'!H6) -> 308129.93
A24: Additional Options NYS Discount | B24: The minimum percentage amount that shall be deducted from the MSRP for all Additional Options purchased under the Contract for this Item. | F24: 20
A27: PART 3: Base Item Specifications | F27: GM
A28: Category | B28: Specification | C28: Information provided in Column F | F28: Electric
A29: General | B29: A conversion School Bus constructed using a cutaway front-section vehicle with a left side driver’s door, with a GVWR equal to or greater than 10,001 pounds and less than or equal to 21,500 pounds. | C29: Gross Vehicle Weight Rating (GVWR) [lbs]: | F29: 14200
A30: Capacity | B30: Minimum four (4) rows for twenty-four (24) Pupils with a maximum of twenty-nine (29) Pupils. | C30: Number of rows: | F30: 4
D31: Number of Pupils: | F31: 24
A32: Rear Wheels | B32: Dual Rear Wheel (DRW)
A33: Dimensions | C33: Wheelbase [inches]: | F33: 159
C34: Length (bumper to bumper) [inches]: | F34: 266.5
C35: Body width (inside) [inches]: | F35: 90
C36: Body headroom (standard) [inches]: | F36: 73
C37: Cowl to rear axle length [inches]: | F37: 94.1
A38: Front Axle | C38: Gross Axle Weight Rating (GAWR) [lbs]: | F38: 4600
C39: Front axle capacity [lbs]: | F39: 4600
A40: Rear Axle | C40: Gross Axle Weight Rating (GAWR) [lbs]: | F40: 9600
C41: Rear axle capacity [lbs]: | F41: 9600
A42: Steering | B42: Power steering
A43: Tires | B43: Tires shall meet the minimum requirements for the Chassis Model, as published by the Chassis manufacturer. | C43: Front radial tires size (load range letter) [LT_____/_____R_____._____(_____)]: | F43: LT225/75R16E
C44: Front radial tires capacity (per tire) [_____,_____-lbs]: | F44: 2335
C45: Rear radial tires size (load range letter) [LT_____/_____R_____._____(_____)]: | F45: LT225/75R16E
C46: Rear radial tires capacity (per tire) [_____,_____-lbs: | F46: 2470
C47: Front Tires Option Code: | F47: XHF
C48: Front Tires Make & Tread Designation: | F48: Bridgestone Hwy
C49: Rear Tires Option Code: | F49: YHF
C50: Rear Tires Make & Tread Designation: | F50: Bridgestone Hwy
A51: Transmission | B51: Automatic transmission | C51: Number of forward gears: | F51: 1
C52: Gears direct or w/O.D.?: | F52: Direct
C53: Option Code, Make & Model: | F53: N/A - No Transmission
A54: Propulsion System | B54: Propulsion system which furnishes high-wattage electric power to the motor(s), that propels the vehicle forward or backward, and is sometimes referred to as the “main or power drive circuitry.” | C54: Vehicle range on full charge [miles]: | F54: 113
A55: Battery(ies) | B55: Propulsion system battery(ies) must meet Federal Motor Vehicle Safety Standards (FMVSS) at the time of manufacture. | C55: Number of Batteries: | F55: 1
C56: Type of Batteries: | F56: Lithium-ion
C57: System Design Voltage: | F57: 240
A58: Electrical | B58: Units shall have headlights turned on when the propulsion system is on.
A59: Electrical | B59: Driver's compartment dome light shall be so directed to provide illumination for the bus driver and be controlled by an independent switch.
A60: Electrical | B60: All exterior lamps, except headlamps, shall be Light Emitting Diode (LED) design that meet applicable SAE standards.
A61: Horns | B61: An electrical horn(s) shall be provided that meets SAE standard J377.
A62: Door (Entrance) | C62: Type and clear width [inches]: | F62: O/O manual, 24"
A63: Mirrors | B63: The exterior driving mirrors shall be the heated defrosting type with their own switch and pilot light. Crossview mirrors shall be provided at front corners of each bus.
A64: Seating | B64: Manufacturer's standard or optional seat spacing that meets or exceeds the NYCRR minimum requirement for the respective class of School Bus with the minimum Pupil capacity stated above.
A65: Seatbelt (ambulatory) | B65: Seat belts must be compliant with Federal Motor Vehicle Safety Standards (FMVSS) at the time of manufacture and be compliant with the NYS Vehicle and Traffic Law, NYS Transportation Law and 17 NYRCRR 720s.
A66: Stop Arm(s) (Power) | B66: Shall be entrance-door activated, electric or air-positioning type, and be provided streetside on all School Buses. It shall be compliant with FMVSS (49 CFR 571.131). | C66: Make & Model: | F66: Specialty 7970
A67: "School Bus" Signs | B67: Both front and rear shall comply with Article 9, Section 375.20 of the New York State Vehicle and Traffic Law. | F67: First Light Illuminated
A68: 8 Lamp Warning System (School Bus) | B68: Shall be compliant with SAE J887. | C68: Make & Model: | F68: Weldon 7000
A69: Exterior Reflective Markings | B69: All units with a capacity of ten (10) or more Pupils shall be equipped with exterior reflective markings as required by FMVSS (49 CFR 571.217) and NYCRR (Title 15, Department of Motor Vehicles, Part D, 46.12).
A70: Floor | B70: Manufacturer's standard insulated floor design shall be provided throughout the School Bus that is compliant with 17 NYCRR 720s.
A71: Heaters | B71: Minimum passenger compartment heating shall meet the requirements of NYCRR, Title 17, Part 720.4(I) Heaters, or the latest revision thereof. | C71: Provide information on power source for heater unit(s). (Propulsion Battery(ies), Auxiliary Battery(ies) or Fuel Source) | F71: Propulision Battery
A72: Door (Rear Emergency Exit) | B72: Shall include lower glass.
A74: PART 4: Optional Equipment Specifications and Pricing | F74: GM
A75: Optional Equipment | B75: Specification | C75: Information provided in Yellow Cells | F75: Electric | G75: Optional Equipment NYS Contract Price
A76: Capacity - Delete One (1) Row of Seating | B76: Delete one (1) full row of seating (both left and right sides) without removing a Body section from the Base Item, or altering the spacing between the remaining seats. | G76: =-1117.06*('PPI Adj'!H6) -> -1155.04
A77: Child Presence Check / Alarm | B77: Shall be the Child Check-mate System Model EP 2, EP 2 Plus, or Compatible Equivalent. | C77: Make & Model: | F77: Child Check-Mate EP2 | G77: =588.39*('PPI Adj'!H6) -> 608.39526
A78: Glass (Tinted) | B78: The School Bus windshield and Body windows shall have the manufacturer's typical options that provide tinted glass windows throughout the vehicle and shall comply with Article 9, Section 375.12a. of the New York State Vehicle and Traffic Law. | G78: =288.67*('PPI Adj'!H6) -> 298.48478
A79: Rear Axle, "No Spin" | B79: The manufacturer’s standard device or system (e.g., power-lock, limited-slip, no-spin, positive-traction or electronic stability control, traction control or equivalent system that meets FMVSS). | C79: Type of device: | F79: No-spin | G79: =320.74*('PPI Adj'!H6) -> 331.64516
A80: Tires (Snow) | B80: Snow tread, tubeless, radial tires shall be provided on all drive wheels as specified or recommended by the OEM manufacturer for snow tires or compatible equivalent. At minimum, tires shall have a tire designation of S+M, S/T or STC (Snow Traction Capability) and be equivalent in load range and mileage ratings to tires in base specification. The price entered for this Optional Equipment shall be for four (4) tires. | C80: Rear radial tires size (load range letter) [LT_____/_____R_____._____(_____)]: | F80: LT225/75R16E | G80: =1201.12*('PPI Adj'!H6) -> 1241.9581
C81: Rear radial tires capacity (per tire) [_____,_____-lbs]: | F81: 2470
C82: Rear Tires Option Code: | F82: 103-01C2A
C83: Rear Tires Make & Tread Designation: | F83: Bridgestone M700HD
A84: Tires (All-Season) | B84: All-season tread, tubeless, radial tires shall be provided as specified or recommended by the OEM Manufacturer for all season tires or compatible equivalent. At minimum, tires shall have a tire designation of S+M and shall be equivalent in load range and mileage ratings to tires in base specification. The price entered for this Optional Equipment shall be for six (6) tires. | C84: Front radial tires size (load range letter) [LT_____/_____R_____._____(_____)]: | F84: LT225/75R16E | G84: =1685.54*('PPI Adj'!H6) -> 1742.8484
C85: Front radial tires capacity (per tire) [_____,_____-lbs]: | F85: 2680
C86: Rear radial tires size (load range letter) [LT_____/_____R_____._____(_____)]: | F86: LT225/75R16E
C87: Rear radial tires capacity (per tire) [_____,_____-lbs]: | F87: 2470
C88: Front Tires Option Code: | F88: XHF
C89: Front Tires Make & Tread Designation: | F89: Bridgestone R500HD
C90: Rear Tires Option Code: | F90: YHF
C91: Rear Tires Make & Tread Designation: | F91: Bridgestone R500HD
A92: Floor With Recessed Wheelchair Restraint Track For One Wheelchair Station. | B92: The unit shall be the Body manufacturer's typical recessed mounting track for a single wheelchair station. Unit does NOT include mounting upgrades for seating mounts to be compatible with the track, wheelchair restraints, or seats. Insulated flooring contiguous to all track inserts shall be a non-hazardous material that is either not susceptible to, or is treated to prevent, decay and dry-rot. Additionally, the contiguous joint(s) between the floor pan and/or its insulating floor materials and/or rubber finish flooring shall have a non-hazardous adhesive/sealant that prevents moisture from migrating to any adjacent untreated floor-insulating materials that are subject to rotting. | C92: Type and style: | F92: Plywood with recessed L-Track | G92: =946.74*('PPI Adj'!H6) -> 978.92916
A93: Wheelchair Lift | B93: Electric hydraulic type compliant with FMVSS (49 CFR 571.403 and 404). A safety switch to prevent operation of lift unless door(s) are opened, and a manual override system in case of power failure, shall be provided. The lift electric system shall be protected with an in-line fuse. | C93: Make & Model: | F93: Braun NCL919FIB-2 | G93: =11945.91*('PPI Adj'!H6) -> 12352.071
C94: Lift capacity: | F94: 800 lbs
A95: Roof Ventilator / Emergency Exit | B95: Roof hatches shall provide static venting with the first unlatched position and provide a latch for release to the full opened emergency position, and be equipped with an exterior latch. Roof hatches shall be Transpec Standard Vent, Model 1970, Specialty Manufacturing 8600, 8900, or 9000 series, Spheros #550886A or 550887A, or Compatible Equivalent. | C95: Make & Model | F95: Specialty 9245 | G95: =553*('PPI Adj'!H6) -> 571.802
A96: White Roof | B96: The School Bus Body shall be provided with a factory-painted white roof in lieu of school bus yellow. White shall NOT extend below the bottom of the marker lights. | G96: =732.17*('PPI Adj'!H6) -> 757.06378
A97: Crossing Arm | B97: Shall be power operated by passenger door operating control - electric vacuum, or air powered. | C97: Type: | F97: ELECTRIC | G97: =975.49*('PPI Adj'!H6) -> 1008.6567
A98: Additional Passenger Area Heater (Under Passenger Seat) | B98: In addition to manufacturer's standard and/or NYS DOT minimum requirements, install one (1) under seat heater meeting federal and state regulations, that provides heat for the passenger body area. | C98: Provide information on power source for heater unit. (Propulsion Battery(ies), Auxiliary Battery(ies) or Fuel Source) | F98: Propulsion Battery | G98: =436.73*('PPI Adj'!H6) -> 451.57882
A99: Vandal Lock | B99: Vandal locks shall be provided on all emergency doors that can be opened from the outside of the School Bus. | C99: Make & Model: | F99: Thomas TBB138592 | G99: =225.62*('PPI Adj'!H6) -> 233.29108
A100: Air Conditioning | B100: When tested with a starting temperature of at least 85°F inside and outside the School Bus, the air conditioning system must provide a minimum 20°F temperature drop throughout the interior of the School Bus within a twenty (20) minute time period. | C100: Number of air conditioning units (including OEM if applicable): | F100: 2, Propulision Battery | G100: =13611.29*('PPI Adj'!H6) -> 14074.074
C101: Provide information on power source for air conditioning unit(s). (Propulsion Battery(ies), Auxiliary Battery(ies) or Fuel Source)
A102: School Bus Safety Camera | B102: An automated photo monitoring device affixed to a School Bus in a location designated by the Authorized User, that activates when the School Bus stop arm is extended, and that is designed to detect and store an image of motor vehicles which overtake or pass School Buses in violation of Subdivision A of Section 1174 of Vehicle and Traffic Law. | C102: Make & Model: | F102: Seon TL2-1 | G102: =2179.93*('PPI Adj'!H6) -> 2254.0476
A103: Multifunction School Activity Bus | B103: Configure the School Bus bid for the Base Item as a Multifunction School Activity Bus as defined in FMVSS (49 CFR 571.3); (e.g., the same vehicle as the School Bus bid, except without the School Bus sign, the flashing lights for crossing Pupils, the stop arms on the sides, and the color of national school bus yellow). | G103: =-2237.44*('PPI Adj'!H6) -> -2313.513
A105: PART 5: Non-Mandatory Optional and Base Equipment Pricing | F105: GM
A106: Optional equipment and Base Equipment listed in Part 5 is included for informational purposes only and is non-mandatory. | F106: Electric | G106: Optional Equipment NYS Contract Price
...

Sheet A (Item 5-G)
A1: ='A (Item 2-G)'!$A$1 -> GROUP 40524-23254, SCHOOL BUSES (Statewide) Attachment 1 - Specifications and Pricing (Revised October 15, 2026)
A2: ='Attachment 1 - Summary'!B2 -> PC69862 Matthews Buses, Inc.
A3: LOT A (Item 5-G)
A4: Type A-2, DRW, Cutaway, 5 Rows (Gasoline; Minimum 30 Pupils)
A6: PART 1: Product information for the Base Item(s) Awarded | F6: General Motors / Thomas
A7: Category | B7: Information provided in Yellow Cells | F7: Gasoline
A8: Engine | B8: Information identifying the engine for the fuel type offered. | F8: L8T, GM 6.6L Vortec, 8 Cylinders, 6.6L,401 HP @5200 RPM,464 LBFT Torque @ 4000 RPM
A9: NYS DOT Approval Number | B9: The NYS DOT Approval Number for the School Bus. Only School Buses approved by NYS DOT Passenger Carrier Safety Bureau for use as 2022 and newer Models, as indicated by a NYS DOT Approval Number, shall be delivered pursuant to the Contract. | F9: 1553-NY-30-00WC-TBB
A10: Chassis Make | B10: The OEM company name of a Chassis. | F10: General Motors
A11: Chassis Model | B11: The Model name of the Chassis. | F11: 4500
A12: Chassis Model Code | B12: The OEM code used to identify the subset of the Chassis Model. | F12: CG33803
A13: Body Make | B13: The OEM company name of a Body. | F13: Thomas
A14: Body Model | B14: The Model name of the Body. | F14: Minotour
A15: Body Model Code | B15: The OEM code used to identify the subset of the Body Model. | F15: 051MS
A16: Pick Up Allowance | B16: The dollar amount, per School Bus, that will be deducted from the Base Item NYS Contract Price, if the Authorized User elects to pick up the School Bus at the Contractor's location. | F16: 100
A17: Delivery Time | B17: The estimated delivery time for the School Bus, expressed in number of calendar days, required to make delivery after receipt of a final Purchase Order (After Receipt of Order (“ARO”)). | F17: 210
A19: PART 2: Pricing for the Base Item, Additional Body Section, and Additional Options | F19: General Motors / Thomas
A20: Category | B20: Information provided in Yellow Cells | F20: Gasoline
A21: Base Item NYS Contract Price | B21: The per unit NYS Contract Price (dollar amount) for the School Bus described in the Base Item Specifications. The Base Item NYS Contract Price includes any OEM fees, all customs duties and charges, all vehicle preparation and clean-up charges, NYS DOT inspection, installation charges, delivery and all other incidentals normally included with providing a School Bus, but excludes Optional Equipment, Additional Body Section(s), and Additional Options. | F21: =72453.74*('PPI Adj'!D6) -> 84553.515
A22: Additional Body Section NYS Contract Price | B22: The per unit NYS Contract Price (dollar amount) for adding one (1) Additional Body Section, excluding seats and other interior features, to the Base Item and the applicable Base Item NYS Contract Price. | F22: =1641*('PPI Adj'!D6) -> 1915.047
A23: Additional Options NYS Discount | B23: The minimum percentage amount that shall be deducted from the MSRP for all Additional Options purchased under the Contract for this Item. | F23: 20
A25: PART 3: Base Item Specifications | F25: General Motors / Thomas
A26: Category | B26: Specification | C26: Information provided in Yellow Cells | F26: Gasoline
A27: General | B27: A conversion School Bus constructed using a cutaway front-section vehicle with a left side driver’s door, with a GVWR equal to or greater than 10,001 pounds and less than or equal to 21,500 pounds. | C27: Gross Vehicle Weight Rating (GVWR) [lbs]: | F27: 14200
A28: Capacity | B28: Minimum five (5) rows for thirty (30) Pupils. | C28: Number of rows: | F28: 5
C29: Number of Pupils: | F29: 30
A30: Rear Wheels | B30: Dual Rear Wheel (DRW)
A31: Dimensions | C31: Wheelbase [inches]: | F31: 159
C32: Length (bumper to bumper) [inches]: | F32: 266.5
C33: Body width (inside) [inches]: | F33: 90
C34: Body headroom (standard) [inches]: | F34: 73
C35: Cowl to rear axle length [inches]: | F35: 94.1
A36: Front Axle | C36: Gross Axle Weight Rating (GAWR) [lbs]: | F36: 4600
C37: Front axle capacity [lbs]: | F37: 4600
A38: Rear Axle | C38: Gross Axle Weight Rating (GAWR) [lbs]: | F38: 9600
C39: Rear axle capacity [lbs]: | F39: 9600
A40: Steering | B40: Power steering
A41: Tires | B41: Tires shall meet the minimum requirements for the Chassis Model, as published by the Chassis manufacturer. | C41: Front radial tires size (load range letter) | F41: LT225/75R16E
C42: Front radial tires capacity | F42: 2335
C43: Rear radial tires size (load range letter) | F43: LT225/75R16E
C44: Rear radial tires capacity | F44: 2470
C45: Front Tires Option Code: | F45: XHF
C46: Front Tires Make & Tread Designation: | F46: Bridgestone Hwy
C47: Rear Tires Option Code: | F47: YHF
C48: Rear Tires Make & Tread Designation: | F48: Bridgestone Hwy
A49: Transmission | B49: Automatic transmission | C49: Number of forward gears: | F49: 6
C50: Gears direct or w/O.D.?: | F50: w/O.D.
C51: Option Code, Make & Model: | F51: MYD, GM 6L90
A52: Engine | B52: Engine shall have a manufacturer's standard water cooled engine complete with accessories, as called for under classification. Engine shall develop full-rated torque and horsepower without requiring the use of premium grade fuel for any condition of operation. If a Diesel engine is offered, it shall develop full-rated torque and horsepower with the use of both ultra low sulfur grade diesel fuel and renewable diesel fuel.
A53: Alternator | B53: Alternator shall be of the integrally-rectified type, with an SAE continuous ampere output rating that is capable of at least powering all electrical devices energized simultaneously and an additional output of ten (10) or more amperes; and shall be driven by a single serpentine belt (or equivalent) or gear driven, and shall have full-transistor type voltage regulators. Wiring harness sizes shall be not less than the alternator manufacturer's recommendations. | C53: Option Code, Make & Model: | F53: KW5, GM Delco
C54: Capacity [amps]: | F54: 220
A55: Battery(ies) | C55: Model or Option Code: | F55: TP2
C56: Number of batteries: | F56: 2
C57: CCA of each battery: | F57: 600 CCA, 770 CCA
A58: Electrical | B58: Units shall have headlights turned on when the engine is running.
A59: Electrical | B59: Driver's compartment dome light shall be so directed to provide illumination for the bus driver and be controlled by an independent switch.
A60: Electrical | B60: All exterior lamps, except headlamps, shall be Light Emitting Diode (LED) design that meet applicable SAE standards.
A61: Horns | B61: An electrical horn(s) shall be provided that meets SAE standard J377.
A62: Door (Entrance) | C62: Type and clear width [inches]: | F62: O/O manual, 24"
A63: Fuel Tank(s) | B63: Gasoline and diesel engines Base Items shall have a Thirty (30) gallon fuel capacity. LPG and CNG shall have the minimum construction and protection required by NFPA. | C63: Capacity [gallons]: | F63: 33
A64: Mirrors | B64: The exterior driving mirrors shall be the heated defrosting type with their own switch and pilot light. Crossview mirrors shall be provided at front corners of each bus.
A65: Seating | B65: Manufacturer's standard or optional seat spacing that meets or exceeds the NYCRR minimum requirement for the respective class of School Bus with the minimum Pupil capacity stated above.
A66: Seatbelt (ambulatory) | B66: Seat belts shall be provided for each individual seating space. Seat belts shall meet current federal safety standards and shall be of a type approved by, and installed in accordance with, the rules and regulations established by NYS DOT in subdivision five (5) of section three-hundred eighty-three (383) of the New York State Vehicle and Traffic Laws dated July 30, 1986 and NYCRR, Title 17, Part 720, or the latest revision thereof.
A67: Stop Arm(s) (Power) | B67: Shall be entrance-door activated, electric or air-positioning type, and be provided streetside on all School Buses. It shall be compliant with FMVSS (49 CFR 571.131). | C67: Make & Model: | F67: Specialty 7970
A68: "School Bus" Signs | B68: Both front and rear shall comply with Article 9, Section 375.20 of the New York State Vehicle and Traffic Law.
A69: 8 Lamp Warning System (School Bus) | B69: Shall be compliant with SAE J887. | C69: Make & Model: | F69: Weldon 7000
A70: Exterior Reflective Markings | B70: All units with a capacity of ten (10) or more Pupils shall be equipped with exterior reflective markings as required by FMVSS (49 CFR 571.217) and NYCRR (Title 15, Department of Motor Vehicles, Part D, 46.12).
A71: Floor | B71: Manufacturer's standard insulated floor design shall be provided throughout the School Bus.
A72: Heaters | B72: Minimum passenger compartment heating shall meet the requirements of NYCRR, Title 17, Part 720.4(I) Heaters, or the latest revision thereof.
A73: Door (Rear Emergency Exit) | B73: Shall include lower glass.
A75: PART 4: Optional Equipment NYS Contract Pricing | F75: General Motors / Thomas
A76: Optional Equipment (see Specifications and Equipment Provided below) | F76: Gasoline
A77: Capacity - Add One (1) Row of Seating | F77: =1010*('PPI Adj'!D6) -> 1178.67
A78: Capacity - Delete One (1) Row of Seating | F78: =-1010*('PPI Adj'!D6) -> -1178.67
A79: Child Presence Check / Alarm | F79: =532*('PPI Adj'!D6) -> 620.844
A80: Glass (Tinted) | F80: =261*('PPI Adj'!D6) -> 304.587
A81: Rear Axle, "No Spin" | F81: =290*('PPI Adj'!D6) -> 338.43
A82: Tires (Snow) | F82: =1086*('PPI Adj'!D6) -> 1267.362
A83: Tires (All-Season) | F83: =1524*('PPI Adj'!D6) -> 1778.508
A84: Floor With Recessed Wheelchair Restraint Track For One Wheelchair Station. | F84: =856*('PPI Adj'!D6) -> 998.952
A85: Floor (Flat) With Recessed Wheelchair Track Throughout Entire Body | F85: =6280*('PPI Adj'!D6) -> 7328.76
A86: Wheelchair Lift | F86: =10801*('PPI Adj'!D6) -> 12604.767
A87: Roof Ventilator / Emergency Exit | F87: =500*('PPI Adj'!D6) -> 583.5
A88: White Roof | F88: =662*('PPI Adj'!D6) -> 772.554
A89: Crossing Arm | F89: =882*('PPI Adj'!D6) -> 1029.294
A90: Additional Passenger Area Heater (Under Passenger Seat) | F90: =394.87*('PPI Adj'!D6) -> 460.81329
A91: Auxiliary Engine Coolant Heater | F91: Not Available
A92: Vandal Lock | F92: =204*('PPI Adj'!D6) -> 238.068
A93: Air Conditioning | F93: =8330*('PPI Adj'!D6) -> 9721.11
A94: School Bus Safety Camera | F94: =1971*('PPI Adj'!D6) -> 2300.157
A95: Delete Exterior LED Lamps | F95: =-1036*('PPI Adj'!D6) -> -1209.012
A96: Multifunction School Activity Bus | F96: =-2023*('PPI Adj'!D6) -> -2360.841
A98: PART 4: Optional Equipment Specifications | F98: General Motors / Thomas
A99: Optional Equipment | B99: Specification | C99: Information provided in Yellow Cells | F99: Gasoline
A100: Capacity - Add One (1) Row of Seating | B100: Add one (1) row of seating to an Additional Body Section that has been added to the Base Item.
A101: Capacity - Delete One (1) Row of Seating | B101: Delete one (1) full row of seating (both left and right sides) without removing a Body section from the Base Item, or altering the spacing between the remaining seats.
A102: Child Presence Check / Alarm | B102: Shall be the Child Check-mate System Model EP 2, or Compatible Equivalent. | C102: Make & Model: | F102: Child Check-Mate EP2
A103: Glass (Tinted) | B103: The School Bus windshield and Body windows shall have the manufacturer's typical options that provide tinted glass windows throughout the vehicle and shall comply with Article 9, Section 375.12a. of the New York State Vehicle and Traffic Law.
A104: Rear Axle, "No Spin" | B104: The manufacturer’s standard device (e.g., power-lock, limited-slip, no-spin, positive-traction). | C104: Type of device: | F104: No-spin
A105: Tires (Snow) | B105: Snow tread tires shall be provided on all drive wheels. Tires shall be Federal class D/A, STC (with snow traction capability), or class S/T, or A/T, AP with STC, or other class with STC. The price entered for this Optional Equipment shall be for four (4) tires. Tires furnished on the rear wheels shall be the same size and adequate for axle's GAWR. | C105: Rear radial tires size (load range letter) | F105: LT225/75R16E
...

Sheet C (Item 1-D)
A1: ='A (Item 2-G)'!$A$1 -> GROUP 40524-23254, SCHOOL BUSES (Statewide) Attachment 1 - Specifications and Pricing (Revised October 15, 2026)
A2: ='Attachment 1 - Summary'!B2 -> PC69862 Matthews Buses, Inc.
A3: LOT C (Item 1-D)
A4: Type C, 28 Pupil Conventional Front-Engine Bus (Diesel, Minimum 28 Pupils)
A6: PART 1: Product information for the Base Item(s) Awarded | F6: Freightliner / Thomas
A7: Category | B7: Information provided in Yellow Cells | F7: Diesel
A8: Engine | B8: Information identifying the engine for the fuel type offered. | F8: FL-101-2N2 Cummins ISB, 6 Cylinders, 6.7L, 200HP @ 2300 RPM, 520 LBFT Torque @ 1600 RPM
A9: NYS DOT Approval Number | B9: The NYS DOT Approval Number for the School Bus. Only School Buses approved by NYS DOT Passenger Carrier Safety Bureau for use as 2022 and newer Models, as indicated by a NYS DOT Approval Number, shall be delivered pursuant to the Contract. | F9: 1536-NY-30-00WC-TBB
A10: Chassis Make | B10: The OEM company name of a Chassis. | F10: Freightliner
A11: Chassis Model | B11: The Model name of the Chassis. | F11: B2
A12: Chassis Model Code | B12: The OEM code used to identify the subset of the Chassis Model. | F12: B2106 | I12: `
A13: Body Make | B13: The OEM company name of a Body. | F13: Thomas
A14: Body Model | B14: The Model name of the Body. | F14: C2
A15: Body Model Code | B15: The OEM code used to identify the subset of the Body Model. | F15: 161TS
A16: Pick Up Allowance | B16: The dollar amount, per School Bus, that will be deducted from the Base Item NYS Contract Price, if the Authorized User elects to pick up the School Bus at the Contractor's location. | F16: 100
A17: Delivery Time | B17: The estimated delivery time for the School Bus, expressed in number of calendar days, required to make delivery after receipt of a final Purchase Order (After Receipt of Order (“ARO”)). | F17: 210 days
A19: PART 2: Pricing for the Base Item, Additional Body Section, and Additional Options | F19: Freightliner / Thomas
A20: Category | B20: Information provided in Yellow Cells | F20: Diesel
A21: Base Item NYS Contract Price | B21: The per unit NYS Contract Price (dollar amount) for the School Bus described in the Base Item Specifications. The Base Item NYS Contract Price includes any OEM fees, all customs duties and charges, all vehicle preparation and clean-up charges, NYS DOT inspection, installation charges, delivery and all other incidentals normally included with providing a School Bus, but excludes Optional Equipment, Additional Body Section(s), and Additional Options. | F21: =116565.17*('PPI Adj'!D6) -> 136031.55
A22: Additional Options NYS Discount | B22: The minimum percentage amount that shall be deducted from the MSRP for all Additional Options purchased under the Contract for this Item. | F22: 20
A24: PART 3: Base Item Specifications | F24: Freightliner / Thomas
A25: Category | B25: Specification | C25: Information provided in Yellow Cells | F25: Diesel
A26: General | B26: A School Bus with a Body installed upon a cowl and Chassis constructed using a chassis with a hood and front fender assembly. All of the engine is in front of the windshield and the entrance door is behind the front wheels. This is also known as a conventional school bus. This type also includes the cutaway truck chassis or truck chassis with cab, with or without a left side door, and with a GVWR greater than 16,000 pounds. | C26: Gross Vehicle Weight Rating (GVWR) [lbs]: | F26: 25500
A27: Capacity | B27: Minimum twenty-eight (28) Pupils. | C27: Number of rows: | F27: 5
C28: Number of Pupils: | F28: 30
A29: Rear Wheels | B29: Dual Rear Wheel (DRW)
A30: Dimensions | C30: Wheelbase [inches]: | F30: 158
C31: Length (bumper to bumper) [inches]: | F31: 299.8
C32: Body width (inside) [inches]: | F32: 90
C33: Body headroom (standard) [inches]: | F33: 78
C34: Cowl to rear axle length [inches]: | F34: 255
A35: Cowl/Hood | B35: Forward tilting style cowl/hood assembly.
A36: Front Axle | C36: Gross Axle Weight Rating (GAWR) [lbs]: | F36: 8000
C37: Front axle capacity [lbs]: | F37: 8000
A38: Rear Axle | C38: Gross Axle Weight Rating (GAWR) [lbs]: | F38: 17500
C39: Rear axle capacity [lbs]: | F39: 17500
A40: Steering | B40: Power steering
A41: Brakes | B41: Chassis manufacturer's typical full air service brake system. A liquid-cooled, engine-lubricated air compressor, that is compliant with FMVSS (49 CFR 571.121.S5.1.1.), shall be provided. The air brake system shall be equipped with an automatic drain valve on the wet tank that may be unheated, a valve that can be manually opened on each air tank, and an air dryer/ejector that may be unheated. The system shall include a spring set parking brake. System shall be compliant with FMVSS (49 CFR 571.121), including the latest revision thereof. All brakes shall have automatic slack adjusters. | C41: Air Compressor size, Make & Model: | F41: 18.7 CFM, Cummins
C42: Air Dryer size, Make & Model: | F42: 25 CFM, Bendix AD9
A44: Brakes | B44: Antilock Brake System (ABS), and an audio & visual warning system for system malfunctions.
A45: Tires | B45: Tires shall meet the minimum requirements for the Chassis Model, as published by the Chassis manufacturer. | C45: Front radial tires size (load range letter) | F45: 10R22.5(G)
C46: Front radial tires capacity | F46: 5675
C47: Rear radial tires size (load range letter) | F47: 10R22.5(G)
C48: Rear radial tires capacity | F48: 5355
C49: Front Tires Option Code: | F49: FL-093-1HE
C50: Front Tires Make & Tread Designation: | F50: Bridgestone Ecopia
C51: Rear Tires Option Code: | F51: FL-094-1HW
C52: Rear Tires Make & Tread Designation: | F52: Bridgestone Ecopia
A53: Transmission | B53: Automatic transmission with manufacturer's standard or optional temperature indicator at the operator's control panel. | C53: Number of forward gears: | F53: 6
C54: Gears direct or w/O.D.?: | F54: w/O.D.
C55: Option Code, Make & Model: | F55: FL3421MJ Allison2500
A56: Engine | B56: Engine shall have a manufacturer's standard water cooled engine complete with accessories, as called for under classification. Engine shall develop full-rated torque and horsepower without requiring the use of premium grade fuel for any condition of operation. The Diesel engine shall develop full-rated torque and horsepower with the use of both ultra low sulfur grade diesel fuel and renewable diesel fuel.
A57: Engine Equipment | B57: Engine shall include silicone radiator and heater hoses (or equivalently rated/warranted). Diesel engine shall include cold weather starting aid.
A58: Alternator | B58: Alternator shall be of the integrally-rectified type, with an SAE continuous ampere output rating that is capable of at least powering all electrical devices energized simultaneously and an additional output of ten (10) or more amperes; and shall be driven by a single serpentine belt (or equivalent) or gear driven, and shall have full-transistor type voltage regulators. Wiring harness sizes shall be not less than the alternator manufacturer's recommendations. | C58: Option Code, Make & Model: | F58: FL1241DM, 4939, Leece Neville
C59: Capacity [amps]: | F59: 185
A60: Battery(ies) | B60: Three (3) "No Maintenance" type batteries with a total capacity of 2400-CCA and a 145-minute reserve capacity. The battery cables (- and +) shall be the same size and weight and be equal to (or better than) the larger cable recommended by the School Bus manufacturer. | C60: Model or Option Code: | F60: FL-292-1D7
C61: Number of batteries: | F61: 3
C62: Cold Cranking Amp (CCA) rating of each battery at 0oF | F62: 2775 CCA
A63: Electrical | B63: Units shall have headlights turned on when the engine is running.
A64: Electrical | B64: Driver's compartment dome light shall be so directed to provide illumination for the bus driver and be controlled by an independent switch.
A65: Electrical | B65: All exterior lamps, except headlamps, shall be Light Emitting Diode (LED) design that meet applicable SAE standards.
A66: Horns | B66: An electrical horn(s) shall be provided that meets SAE standard J377. An air horn shall not be an approved Compatible Equivalent.
A67: Door (Entrance) | B67: Minimum 24 inch opening. | C67: Type and clear width [inches]: | F67: O/O Air, 26"
A68: Stepwell (Entrance) | B68: Structural, tread and riser members shall be constructed entirely of rust/corrosion-resistant steel, components and fasteners or materials of equivalent or stronger structural integrity. Manufacturer's standard floor/stair coverings shall be used for finish surfaces.
A69: Fuel Tank(s) | B69: Diesel and gasoline engine Base Items shall have a thirty (30) gallon fuel capacity. LPG and CNG shall have the minimum construction and protection required by NFPA | C69: Capacity [gallons/cu. ft.]: | F69: 35
C70: Number and location of fuel tanks: | F70: 1 BFR, Aft of Axle
A71: Mirrors | B71: The vertical rectangular exterior driving mirrors shall be the heated defrosting type with their own switch and pilot light. Crossview mirrors shall be provided at front corners of each bus.
A72: Seating | B72: Manufacturer's standard or optional seat spacing that meets or exceeds the NYCRR minimum requirement for the respective class of School Bus with the minimum Pupil capacity stated above.
A73: Seatbelt (ambulatory) | B73: Seat belts shall be provided for each individual seating space. Seat belts shall meet current federal safety standards and shall be of a type approved by, and installed in accordance, with the rules and regulations established by NYS DOT in subdivision five (5) of section three-hundred eighty-three (383) of the New York State Vehicle and Traffic Laws dated July 30, 1986 and NYCRR, Title 17, Part 720, or the latest revision thereof.
A74: Stop Arm(s) (Power) | B74: Shall be entrance-door activated, electric or air-positioning type, and be provided streetside on all School Buses. It shall be compliant with FMVSS (49 CFR 571.131). Buses with a capacity of 45 persons or more shall have an additional and same model stop-arm at the rear streetside of the bus. | C74: Make & Model: | F74: Specialty 2970
A75: "School Bus" Signs | B75: Both front and rear shall comply with Article 9, Section 375.20 of the New York State Vehicle and Traffic Law.
A76: 8 Lamp Warning System (School Bus) | B76: Shall be compliant with SAE J887. | C76: Make & Model: | F76: Weldon 2121-1100-12
A77: Exterior Reflective Markings | B77: All units with a capacity of ten (10) or more Pupils shall be equipped with exterior reflective markings as required by FMVSS (49 CFR 571.217) and NYCRR (Title 15, Department of Motor Vehicles, Part D, 46.12).
A78: Floor | B78: Manufacturer's standard insulated floor design shall be provided throughout the School Bus.
A79: Heaters | B79: Minimum passenger compartment heating shall meet the requirements of NYCRR, Title 17, Part 720.4(I) Heaters, or the latest revision thereof.
A80: Door (Rear Emergency Exit) | B80: Shall include lower glass.
A82: PART 4: Optional Equipment NYS Contract Pricing | F82: Freightliner / Thomas
A83: Optional Equipment (see Specifications and Equipment Provided below) | F83: Diesel
A84: Capacity - Delete One (1) Row of Seating | F84: =-1010*('PPI Adj'!D6) -> -1178.67
A85: Child Presence Check / Alarm | F85: =947*('PPI Adj'!D6) -> 1105.149
A86: Glass (Tinted) | F86: =452*('PPI Adj'!D6) -> 527.484
A87: Rear Axle, "No Spin" | F87: =477.6*('PPI Adj'!D6) -> 557.3592
A88: Tires (Snow) | F88: =86*('PPI Adj'!D6) -> 100.362
A89: Tires (All-Season) | F89: =1419*('PPI Adj'!D6) -> 1655.973
A90: Floor With Recessed Wheelchair Restraint Track For One Wheelchair Station. | F90: =856*('PPI Adj'!D6) -> 998.952
A91: Floor (Flat) With Recessed Wheelchair Track Throughout Entire Body | F91: =5262*('PPI Adj'!D6) -> 6140.754
A92: Wheelchair Lift | F92: =10801*('PPI Adj'!D6) -> 12604.767
A93: Roof Ventilator / Emergency Exit | F93: =595*('PPI Adj'!D6) -> 694.365
A94: White Roof | F94: =558*('PPI Adj'!D6) -> 651.186
A95: High Headroom | F95: Included in Base Item
A96: Crossing Arm | F96: =472*('PPI Adj'!D6) -> 550.824
A97: Auxiliary Engine Coolant Heater | F97: =4245*('PPI Adj'!D6) -> 4953.915
A98: Vandal Lock | F98: =329*('PPI Adj'!D6) -> 383.943
A99: Air Conditioning | F99: =8567*('PPI Adj'!D6) -> 9997.689
A100: School Bus Safety Camera | F100: =1971*('PPI Adj'!D6) -> 2300.157
A101: Delete Exterior LED Lamps | F101: =-1775*('PPI Adj'!D6) -> -2071.425
A102: Multifunction School Activity Bus | F102: =2023*('PPI Adj'!D6) -> 2360.841
A104: PART 4: Optional Equipment Specifications | F104: Freightliner / Thomas
A105: Optional Equipment | B105: Specification | C105: Information provided in Yellow Cells | F105: Diesel
A106: Capacity - Delete One (1) Row of Seating | B106: Delete one (1) full row of seating (both left and right sides) without removing a Body section from the Base Item, or altering the spacing between the remaining seats.
...

Sheet C (Item 2-D)
A1: ='A (Item 2-G)'!$A$1 -> GROUP 40524-23254, SCHOOL BUSES (Statewide) Attachment 1 - Specifications and Pricing (Revised October 15, 2026)
A2: ='Attachment 1 - Summary'!B2 -> PC69862 Matthews Buses, Inc.
A3: LOT C (Item 2-D)
A4: Type C, 46 Pupil Conventional Front-Engine Bus (Diesel, Minimum 46 Pupils)
A6: PART 1: Product information for the Base Item(s) Awarded | F6: Freightliner / Thomas
A7: Category | B7: Information provided in Yellow Cells | F7: Diesel
A8: Engine | B8: Information identifying the engine for the fuel type offered. | F8: FL-101-2N2 Cummins ISB, 6 Cylinders, 6.7L, 200HP @ 2300 RPM, 520 LBFT Torque @ 1600 RPM
A9: NYS DOT Approval Number | B9: The NYS DOT Approval Number for the School Bus. Only School Buses approved by NYS DOT Passenger Carrier Safety Bureau for use as 2022 and newer Models, as indicated by a NYS DOT Approval Number, shall be delivered pursuant to the Contract. | F9: 1478-NY-48-00WC-TBB
A10: Chassis Make | B10: The OEM company name of a Chassis. | F10: Freightliner
A11: Chassis Model | B11: The Model name of the Chassis. | F11: B2
A12: Chassis Model Code | B12: The OEM code used to identify the subset of the Chassis Model. | F12: B2106
A13: Body Make | B13: The OEM company name of a Body. | F13: Thomas
A14: Body Model | B14: The Model name of the Body. | F14: C2
A15: Body Model Code | B15: The OEM code used to identify the subset of the Body Model. | F15: 221TS
A16: Pick Up Allowance | B16: The dollar amount, per School Bus, that will be deducted from the Base Item NYS Contract Price, if the Authorized User elects to pick up the School Bus at the Contractor's location. | F16: 100
A17: Delivery Time | B17: The estimated delivery time for the School Bus, expressed in number of calendar days, required to make delivery after receipt of a final Purchase Order (After Receipt of Order (“ARO”)). | F17: 210 days
A19: PART 2: Pricing for the Base Item, Additional Body Section, and Additional Options | F19: Freightliner / Thomas
A20: Category | B20: Information provided in Yellow Cells | F20: Diesel
A21: Base Item NYS Contract Price | B21: The per unit NYS Contract Price (dollar amount) for the School Bus described in the Base Item Specifications. The Base Item NYS Contract Price includes any OEM fees, all customs duties and charges, all vehicle preparation and clean-up charges, NYS DOT inspection, installation charges, delivery and all other incidentals normally included with providing a School Bus, but excludes Optional Equipment, Additional Body Section(s), and Additional Options. | F21: =132514.03*('PPI Adj'!D6) -> 154643.87
A22: Additional Options NYS Discount | B22: The minimum percentage amount that shall be deducted from the MSRP for all Additional Options purchased under the Contract for this Item. | F22: 20
A24: PART 3: Base Item Specifications | F24: Freightliner / Thomas
A25: Category | B25: Specification | C25: Information provided in Yellow Cells | F25: Diesel
A26: General | B26: A School Bus with a Body installed upon a cowl and Chassis constructed using a chassis with a hood and front fender assembly. All of the engine is in front of the windshield and the entrance door is behind the front wheels. This is also known as a conventional school bus. This type also includes the cutaway truck chassis or truck chassis with cab, with or without a left side door, and with a GVWR greater than 16,000 pounds. | C26: Gross Vehicle Weight Rating (GVWR) [lbs]: | F26: 26500
A27: Capacity | B27: Minimum forty-six (46) Pupils. | C27: Number of rows: | F27: 8
C28: Number of Pupils: | F28: 48
A29: Rear Wheels | B29: Dual Rear Wheel (DRW)
A30: Dimensions | C30: Wheelbase [inches]: | F30: 199
C31: Length (bumper to bumper) [inches]: | F31: 359.7
C32: Body width (inside) [inches]: | F32: 90
C33: Body headroom (standard) [inches]: | F33: 78
C34: Cowl to rear axle length [inches]: | F34: 315
A35: Cowl/Hood | B35: Forward tilting style cowl/hood assembly.
A36: Front Axle | C36: Gross Axle Weight Rating (GAWR) [lbs]: | F36: 9000
C37: Front axle capacity [lbs]: | F37: 10000
A38: Rear Axle | C38: Gross Axle Weight Rating (GAWR) [lbs]: | F38: 17500
C39: Rear axle capacity [lbs]: | F39: 17500
A40: Steering | B40: Power steering
A41: Brakes | B41: Chassis manufacturer's typical full air service brake system. A liquid-cooled, engine-lubricated air compressor, that is compliant with FMVSS (49 CFR 571.121.S5.1.1.), shall be provided. The air brake system shall be equipped with an automatic drain valve on the wet tank that may be unheated, a valve that can be manually opened on each air tank, and an air dryer/ejector that may be unheated. The system shall include a spring set parking brake. System shall be compliant with FMVSS (49 CFR 571.121), including the latest revision thereof. All brakes shall have automatic slack adjusters. | C41: Air Compressor size, Make & Model: | F41: 18.7 CFM Cummins
C42: Air Dryer size, Make & Model: | F42: 25 CFM Bendix AD9
A44: Brakes | B44: Antilock Brake System (ABS), and an audio & visual warning system for system malfunctions.
A45: Tires | B45: Tires shall meet the minimum requirements for the Chassis Model, as published by the Chassis manufacturer. | C45: Front radial tires size (load range letter) | F45: 10R22.5(G)
C46: Front radial tires capacity | F46: 5675
C47: Rear radial tires size (load range letter) | F47: 10R22.5(G)
C48: Rear radial tires capacity | F48: 5355
C49: Front Tires Option Code: | F49: FL-093-1HE
C50: Front Tires Make & Tread Designation: | F50: Bridgestone Ecopia
C51: Rear Tires Option Code: | F51: FL-094-1HW
C52: Rear Tires Make & Tread Designation: | F52: Bridgestone Ecopia
A53: Transmission | B53: Automatic transmission with manufacturer's standard or optional temperature indicator at the operator's control panel. | C53: Number of forward gears: | F53: 6
C54: Gears direct or w/O.D.?: | F54: w/O.D.
C55: Option Code, Make & Model: | F55: FL3421MJ Allison2500
A56: Engine | B56: Engine shall have a manufacturer's standard water cooled engine complete with accessories, as called for under classification. Engine shall develop full-rated torque and horsepower without requiring the use of premium grade fuel for any condition of operation. The Diesel engine shall develop full-rated torque and horsepower with the use of both ultra low sulfur grade diesel fuel and renewable diesel fuel.
A57: Engine Equipment | B57: Engine shall include silicone radiator and heater hoses (or equivalently rated/warranted). Diesel engine shall include cold weather starting aid.
A58: Alternator | B58: Alternator shall be of the integrally-rectified type, with an SAE continuous ampere output rating that is capable of at least powering all electrical devices energized simultaneously and an additional output of ten (10) or more amperes; and shall be driven by a single serpentine belt (or equivalent) or gear driven, and shall have full-transistor type voltage regulators. Wiring harness sizes shall be not less than the alternator manufacturer's recommendations. | C58: Option Code, Make & Model: | F58: FL1241DM, 4939, Leece Neville
C59: Capacity [amps]: | F59: 185
A60: Battery(ies) | B60: Three (3) "No Maintenance" type batteries with a total capacity of 2400-CCA and a 145-minute reserve capacity. The battery cables (- and +) shall be the same size and weight and be equal to (or better than) the larger cable recommended by the School Bus manufacturer. | C60: Model or Option Code: | F60: FL-292-1D7
C61: Number of batteries: | F61: 3
C62: Cold Cranking Amp (CCA) rating of each battery at 0oF | F62: 2775 CCA
A63: Electrical | B63: Units shall have headlights turned on when the engine is running.
A64: Electrical | B64: Driver's compartment dome light shall be so directed to provide illumination for the bus driver and be controlled by an independent switch.
A65: Electrical | B65: All exterior lamps, except headlamps, shall be Light Emitting Diode (LED) design that meet applicable SAE standards.
A66: Horns | B66: An electrical horn(s) shall be provided that meets SAE standard J377. An air horn shall not be an approved Compatible Equivalent.
A67: Door (Entrance) | B67: Minimum 24 inch opening. | C67: Type and clear width [inches]: | F67: O/O air 26"
A68: Stepwell (Entrance) | B68: Structural, tread and riser members shall be constructed entirely of rust/corrosion-resistant steel, components and fasteners or materials of equivalent or stronger structural integrity. Manufacturer's standard floor/stair coverings shall be used for finish surfaces.
A69: Fuel Tank(s) | B69: Diesel and gasoline engine Base Items shall have a thirty (30) gallon fuel capacity. LPG and CNG shall have the minimum construction and protection required by NFPA | C69: Capacity [gallons/cu. ft.]: | F69: 35gal
C70: Number and location of fuel tanks: | F70: 1, BFR, Aft of Axle
A71: Mirrors | B71: The vertical rectangular exterior driving mirrors shall be the heated defrosting type with their own switch and pilot light. Crossview mirrors shall be provided at front corners of each bus.
A72: Seating | B72: Manufacturer's standard or optional seat spacing that meets or exceeds the NYCRR minimum requirement for the respective class of School Bus with the minimum Pupil capacity stated above.
A73: Seatbelt (ambulatory) | B73: Seat belts shall be provided for each individual seating space. Seat belts shall meet current federal safety standards and shall be of a type approved by, and installed in accordance, with the rules and regulations established by NYS DOT in subdivision five (5) of section three-hundred eighty-three (383) of the New York State Vehicle and Traffic Laws dated July 30, 1986 and NYCRR, Title 17, Part 720, or the latest revision thereof.
A74: Stop Arm(s) (Power) | B74: Shall be entrance-door activated, electric or air-positioning type, and be provided streetside on all School Buses. It shall be compliant with FMVSS (49 CFR 571.131). Buses with a capacity of 45 persons or more shall have an additional and same model stop-arm at the rear streetside of the bus. | C74: Make & Model: | F74: Specialty 2970
A75: "School Bus" Signs | B75: Both front and rear shall comply with Article 9, Section 375.20 of the New York State Vehicle and Traffic Law.
A76: 8 Lamp Warning System (School Bus) | B76: Shall be compliant with SAE J887. | C76: Make & Model: | F76: Weldon 2121-1100-12
A77: Exterior Reflective Markings | B77: All units with a capacity of ten (10) or more Pupils shall be equipped with exterior reflective markings as required by FMVSS (49 CFR 571.217) and NYCRR (Title 15, Department of Motor Vehicles, Part D, 46.12).
A78: Floor | B78: Manufacturer's standard insulated floor design shall be provided throughout the School Bus.
A79: Heaters | B79: Minimum passenger compartment heating shall meet the requirements of NYCRR, Title 17, Part 720.4(I) Heaters, or the latest revision thereof.
A80: Door (Rear Emergency Exit) | B80: Shall include lower glass.
A82: PART 4: Optional Equipment NYS Contract Pricing | F82: Freightliner / Thomas
A83: Optional Equipment (see Specifications and Equipment Provided below) | F83: Diesel
A84: Capacity - Delete One (1) Row of Seating | F84: =-1010*('PPI Adj'!D6) -> -1178.67
A85: Child Presence Check / Alarm | F85: =947*('PPI Adj'!D6) -> 1105.149
A86: Glass (Tinted) | F86: =452*('PPI Adj'!D6) -> 527.484
A87: Rear Axle, "No Spin" | F87: =477.6*('PPI Adj'!D6) -> 557.3592
A88: Tires (Snow) | F88: =86*('PPI Adj'!D6) -> 100.362
A89: Tires (All-Season) | F89: =1419*('PPI Adj'!D6) -> 1655.973
A90: Floor With Recessed Wheelchair Restraint Track For One Wheelchair Station. | F90: =856*('PPI Adj'!D6) -> 998.952
A91: Floor (Flat) With Recessed Wheelchair Track Throughout Entire Body | F91: =6974*('PPI Adj'!D6) -> 8138.658
A92: Wheelchair Lift | F92: =10801*('PPI Adj'!D6) -> 12604.767
A93: Roof Ventilator / Emergency Exit | F93: =595*('PPI Adj'!D6) -> 694.365
A94: White Roof | F94: =583*('PPI Adj'!D6) -> 680.361
A95: High Headroom | F95: Included in Base Item
A96: Crossing Arm | F96: =472*('PPI Adj'!D6) -> 550.824
A97: Auxiliary Engine Coolant Heater | F97: =4245*('PPI Adj'!D6) -> 4953.915
A98: Vandal Lock | F98: =329*('PPI Adj'!D6) -> 383.943
A99: Air Conditioning | F99: =8567*('PPI Adj'!D6) -> 9997.689
A100: School Bus Safety Camera | F100: =1971*('PPI Adj'!D6) -> 2300.157
A101: Delete Exterior LED Lamps | F101: =-1775*('PPI Adj'!D6) -> -2071.425
A102: Multifunction School Activity Bus | F102: =2023*('PPI Adj'!D6) -> 2360.841
A104: PART 4: Optional Equipment Specifications | F104: Freightliner / Thomas
A105: Optional Equipment | B105: Specification | C105: Information provided in Yellow Cells | F105: Diesel
A106: Capacity - Delete One (1) Row of Seating | B106: Delete one (1) full row of seating (both left and right sides) without removing a Body section from the Base Item, or altering the spacing between the remaining seats.
...

Sheet C (Item 2-EV)
A1: ='A (Item 2-G)'!$A$1 -> GROUP 40524-23254, SCHOOL BUSES (Statewide) Attachment 1 - Specifications and Pricing (Revised October 15, 2026)
A2: ='A (Item 2-G)'!$A$2 -> PC69862 Matthews Buses, Inc.
A3: LOT C (Item 2-EV)
A4: Type C, 46 Pupil Conventional Bus (Electric, Minimum 46 Pupils, Maximum 57 Pupils)
A6: PART 1: Product information for the Base Item(s) Awarded | F6: Freightliner
A7: Category | B7: Information provided in Yellow Cells | F7: Electric
A8: Propulsion System | B8: The information identifying the Make and Model propulsion system offered. | F8: Cummins Meritor 14Xe- eAxle. 3 Phase/450-750v 250kW Peak HP/180 kW Continuous HP
A9: NYS DOT Approval Number | B9: The NYS DOT Approval Number for the School Bus bid. Only School Buses approved by NYS DOT Passenger Carrier Safety Bureau for use as 2022 and newer Models, as indicated by a NYS DOT Approval Number, shall be delivered pursuant to the Contract. | F9: 2043-NY-48-00WC-TBB
A10: Chassis Model Year | B10: The Model Year, (e.g. 2022, 2023), of the Chassis | F10: 2024
A11: Chassis Make | B11: The Make, (e.g. Ford, General Motors, International, Freightliner), of the Chassis | F11: Freightliner
A12: Chassis Model | B12: The Model name (e.g., Transit T-350, 4500, HC, M2) of the Chassis | F12: B2
A13: Chassis Model Code | B13: The Model Code (i.e., the OEM code used to identify a particular subset of a Model) of the Chassis, if applicable | F13: B2106
A14: Body Model Year | B14: The Model Year or Current Production Year, (e.g. 2022, 2023) of the Body | F14: 2024
A15: Body Make | B15: The Make (e.g. IC, Blue Bird, Thomas) of the Body | F15: Thomas
A16: Body Model | B16: The Model name (e.g., CE, Vision, C2) of the Body | F16: C2
A17: Body Model Code | B17: The Model Code (i.e., the OEM code used to identify a particular subset of a Model) of the Body, if applicable | F17: 221TS
A18: Pick Up Allowance | B18: The dollar amount, per School Bus, that will be deducted from the Base Item NYS Contract Price, if the Authorized User elects to pick up the School Bus at the Contractor's location. | F18: 100
A19: Delivery Time | B19: The estimated delivery time for the School Bus, expressed in number of calendar days (e.g., "90-120 days"), required to make delivery after receipt of a final Purchase Order (After Receipt of Order (“ARO”)). | F19: 210 days
A21: PART 2: Pricing for the Base Item, and Additional Options | F21: Freightliner
A22: Category | B22: Information to provide in Column F | F22: Electric
A23: Base Item NYS Contract Price | B23: Enter the per unit NYS Contract Price (dollar amount) for the School Bus described in the Base Item Specifications. The Base Item NYS Contract Price includes any OEM fees, all customs duties and charges, all vehicle preparation and clean-up charges, NYS DOT inspection, installation charges, delivery and all other incidentals normally included with providing a School Bus, but excludes Optional Equipment, and Additional Options. | F23: =423132.86*('PPI Adj'!H6) -> 437519.38
A24: Additional Options NYS Discount | B24: Enter the minimum percentage amount that shall be deducted from the MSRP for all Additional Options purchased under the Contract for this Item (see IFB Section 6.5.2 Additional Options Price). [Enter a number only (e.g., 5.5); Do not type a percentage sign (%) after the number; For 5.5%, enter 5.5, not 0.055]. The Additional Options NYS Discount entered by a Bidder must be greater than 0%, or less than or equal to 100%. | F24: 20
A27: PART 3: Base Item Specifications | F27: Freightliner
A28: Category | B28: Specification | C28: Information provided in Column F | F28: Electric
A29: General | B29: A School Bus with a Body installed upon a cowl and Chassis constructed using a chassis with a hood and front fender assembly or van conversion type vehicle. The entrance door is behind the front wheels. This is also known as a conventional school bus. This type also includes the cutaway truck chassis or truck chassis with cab, with or without a left side door, and with a GVWR greater than 16,000 pounds. | C29: Gross Vehicle Weight Rating (GVWR) [lbs]: | F29: 27500
A30: Capacity | B30: Minimum forty-six (46) Pupils with a maximum of fifty-seven (57) Pupils. | C30: Number of rows: | F30: 8
C31: Number of Pupils: | F31: 48
A32: Rear Wheels | B32: Dual Rear Wheel (DRW)
A33: Dimensions | C33: Wheelbase [inches]: | F33: 199
C34: Length (bumper to bumper) [inches]: | F34: 359.7
C35: Body width (inside) [inches]: | F35: 90
C36: Body headroom (standard) [inches]: | F36: 78
C37: Cowl to rear axle length [inches]: | F37: 315
A38: Cowl/Hood | B38: Forward tilting style cowl/hood assembly.
A39: Front Axle | C39: Gross Axle Weight Rating (GAWR) [lbs]: | F39: 10000
C40: Front axle capacity [lbs]: | F40: 10000
A41: Rear Axle | C41: Gross Axle Weight Rating (GAWR) [lbs]: | F41: 17500
C42: Rear axle capacity [lbs]: | F42: 17500
A43: Steering | B43: Power steering
A44: Brakes | B44: If an air brake system is supplied, it shall be compliant with FMVSS (49 CFR 571.121), including the latest revision thereof. | C44: Air Compressor size, Make & Model: | F44: CSI HD Electric Scroll
C45: Air Dryer size, Make & Model: | F45: 25 CFM Bendix AD9
A47: Brakes | B47: Antilock Brake System (ABS), and an audio & visual warning system for system malfunctions.
A48: Tires | B48: Tires shall meet the minimum requirements for the Chassis Model, as published by the Chassis manufacturer. | C48: Front radial tires size (load range letter) [LT_____/_____R_____._____(_____)]: | F48: 11R22.5(H)
C49: Front radial tires capacity (per tire) [_____,_____-lbs]: | F49: 5840
C50: Rear radial tires size (load range letter) [LT_____/_____R_____._____(_____)]: | F50: 11R22.5 (H)
C51: Rear radial tires capacity (per tire) [_____,_____-lbs: | F51: 5840
C52: Front Tires Option Code: | F52: FL-093-2EP
C53: Front Tires Make & Tread Designation: | F53: Hankook AH24
C54: Rear Tires Option Code: | F54: FL-094-2EU
C55: Rear Tires Make & Tread Designation: | F55: Hankook DH06
A56: Transmission | B56: Automatic transmission | C56: Number of forward gears: | F56: 2
C57: Gears direct or w/O.D.?: | F57: Direct
C58: Option Code, Make & Model: | F58: Integrated 2 spd Transmission
A59: Propulsion System | B59: Propulsion system which furnishes high-wattage electric power to the motor(s), that propels the vehicle forward or backward, and is sometimes referred to as the “main or power drive circuitry.” | C59: Vehicle range on full charge [miles]: | F59: Up to 148
A60: Battery(ies) | C60: Number of Batteries: | F60: 2
C61: Type of Batteries: | F61: Alliance 1031, Group 31, 12V
C62: System Design Voltage: | F62: 750 CCA
A63: Electrical | B63: Units shall have headlights turned on when the School Bus is in operation.
A64: Electrical | B64: Driver's compartment dome light shall be so directed to provide illumination for the bus driver and be controlled by an independent switch.
A65: Electrical | B65: All exterior lamps, except headlamps, shall be Light Emitting Diode (LED) design that meet applicable SAE standards.
A66: Horns | B66: An electrical horn(s) shall be provided that meets SAE standard J377. An air horn shall not be an approved Compatible Equivalent.
A67: Door (Entrance) | B67: Minimum 24 inch opening. | C67: Type and clear width [inches]: | F67: O/O AG2 Electric 26"
A68: Stepwell (Entrance) | B68: Structural, tread and riser members shall be constructed entirely of rust/corrosion-resistant steel, components and fasteners or materials of equivalent or stronger structural integrity. Manufacturer's standard floor/stair coverings shall be used for finish surfaces.
A69: Mirrors | B69: The vertical rectangular exterior driving mirrors shall be the heated defrosting type with their own switch and pilot light. Crossview mirrors shall be provided at front corners of each bus.
A70: Seating | B70: Manufacturer's standard or optional seat spacing that meets or exceeds the NYCRR minimum requirement for the respective class of School Bus with the minimum Pupil capacity stated above.
A71: Seatbelt (ambulatory) | B71: Seat belts must be compliant with Federal Motor Vehicle Safety Standards (FMVSS) at the time of manufacture and be compliant with the NYS Vehicle and Traffic Law, NYS Transportation Law and 17 NYRCRR 720s.
A72: Stop Arm(s) (Power) | B72: Shall be entrance-door activated, electric or air-positioning type, and be provided streetside on all School Buses. It shall be compliant with FMVSS (49 CFR 571.131). Buses with a capacity of 45 persons or more shall have an additional and same model stop-arm at the rear streetside of the bus. | C72: Make & Model: | F72: Specialty 2970
A73: "School Bus" Signs | B73: Both front and rear shall comply with Article 9, Section 375.20 of the New York State Vehicle and Traffic Law. | F73: First Light Illuminated
A74: 8 Lamp Warning System (School Bus) | B74: Shall be compliant with SAE J887. | C74: Make & Model: | F74: Weldon 2121-1100-12
A75: Exterior Reflective Markings | B75: All units with a capacity of ten (10) or more Pupils shall be equipped with exterior reflective markings as required by FMVSS (49 CFR 571.217) and NYCRR (Title 15, Department of Motor Vehicles, Part D, 46.12).
A76: Floor | B76: Manufacturer's standard insulated floor design shall be provided throughout the School Bus that is compliant with 17 NYCRR 720s.
A77: Heaters | B77: Minimum passenger compartment heating shall meet the requirements of NYCRR, Title 17, Part 720.4(I) Heaters, or the latest revision thereof. | C77: Provide information on power source for heater unit(s). (Propulsion Battery(ies), Auxiliary Battery(ies) or Fuel Source) | F77: Propulsion Battery System
A78: Door (Rear Emergency Exit) | B78: Shall include lower glass.
A80: PART 4: Optional Equipment Specifications and Pricing | F80: Freightliner
A81: Optional Equipment | B81: Specification | C81: Information provided in Yellow Cells | F81: Electric | G81: Optional Equipment NYS Contract Price
A82: Capacity - Delete One (1) Row of Seating | B82: Delete one (1) full row of seating (both left and right sides) without removing a Body section from the Base Item, or altering the spacing between the remaining seats. | G82: =-1117.06*('PPI Adj'!H6) -> -1155.04
A83: Child Presence Check / Alarm | B83: Shall be the Child Check-mate System Model EP 2, EP 2 Plus, or Compatible Equivalent. | C83: Make & Model: | F83: Child Check Mate EP2 | G83: =1047.38*('PPI Adj'!H6) -> 1082.9909
A84: Glass (Tinted) | B84: The School Bus windshield and Body windows shall have the manufacturer's typical options that provide tinted glass windows throughout the vehicle and shall comply with Article 9, Section 375.12a. of the New York State Vehicle and Traffic Law. | G84: =499.91*('PPI Adj'!H6) -> 516.90694
A85: Rear Axle, "No Spin" | B85: The manufacturer’s standard device or system (e.g., power-lock, limited-slip, no-spin, positive-traction or electronic stability control, traction control or equivalent system that meets FMVSS). | C85: Type of device: | F85: Electronic Stability Control with Automatic Traction control | G85: =528.23*('PPI Adj'!H6) -> 546.18982
A86: Tires (Snow) | B86: Snow tread, tubeless, radial tires shall be provided on all drive wheels as specified or recommended by the OEM manufacturer for snow tires or compatible equivalent. At minimum, tires shall have a tire designation of S+M, S/T or STC (Snow Traction Capability) and be equivalent in load range and mileage ratings to tires in base specification. The price entered for this Optional Equipment shall be for four (4) tires. | C86: Rear radial tires size (load range letter) [LT_____/_____R_____._____(_____)]: | F86: 11R22.5(H) | G86: =95.12*('PPI Adj'!H6) -> 98.35408
C87: Rear radial tires capacity (per tire) [_____,_____-lbs]: | F87: 6005
C88: Rear Tires Option Code: | F88: FL-094-1UY
C89: Rear Tires Make & Tread Designation: | F89: Michelin XDS2
A90: Tires (All-Season) | B90: All-season tread, tubeless, radial tires shall be provided as specified or recommended by the OEM Manufacturer for all season tires or compatible equivalent. At minimum, tires shall have a tire designation of S+M and shall be equivalent in load range and mileage ratings to tires in base specification. The price entered for this Optional Equipment shall be for six (6) tires. | C90: Front radial tires size (load range letter) [LT_____/_____R_____._____(_____)]: | F90: 11R22.5(H) | G90: =1569.41*('PPI Adj'!H6) -> 1622.7699
C91: Front radial tires capacity (per tire) [_____,_____-lbs]: | F91: 6610
C92: Rear radial tires size (load range letter) [LT_____/_____R_____._____(_____)]: | F92: 11R22.5(H)
C93: Rear radial tires capacity (per tire) [_____,_____-lbs]: | F93: 6005
C94: Front Tires Option Code: | F94: FL-093-1RK
C95: Front Tires Make & Tread Designation: | F95: Michelin XZY-3
C96: Rear Tires Option Code: | F96: Fl-094-1RK
C97: Rear Tires Make & Tread Designation: | F97: Michelin XZY-3
A98: Floor With Recessed Wheelchair Restraint Track For One Wheelchair Station. | B98: The unit shall be the Body manufacturer's typical recessed mounting track for a single wheelchair station. Unit does NOT include mounting upgrades for seating mounts to be compatible with the track, wheelchair restraints, or seats. Insulated flooring contiguous to all track inserts shall be a non-hazardous material that is either not susceptible to, or is treated to prevent, decay and dry-rot. Additionally, the contiguous joint(s) between the floor pan and/or its insulating floor materials and/or rubber finish flooring shall have a non-hazardous adhesive/sealant that prevents moisture from migrating to any adjacent untreated floor-insulating materials that are subject to rotting. | C98: Type and style: | F98: Plywood with Recessed L Track | G98: =7713.24*('PPI Adj'!H6) -> 7975.4902
A99: Wheelchair Lift | B99: Electric hydraulic type compliant with FMVSS (49 CFR 571.403 and 404). A safety switch to prevent operation of lift unless door(s) are opened, and a manual override system in case of power failure, shall be provided. The lift electric system shall be protected with an in-line fuse. | C99: Make & Model: | F99: Braun NCL9171B-2 | G99: =11945.91*('PPI Adj'!H6) -> 12352.071
C100: Lift capacity: | F100: 800 lbs
A101: Roof Ventilator / Emergency Exit | B101: Roof hatches shall provide static venting with the first unlatched position and provide a latch for release to the full opened emergency position, and be equipped with an exterior latch. Roof hatches shall be Safe Fleet Advantage hatch H1975, Spheros #550886A or 550887A, or Compatible Equivalent. | C101: Make & Model: | F101: Specialty 9245 | G101: =658.07*('PPI Adj'!H6) -> 680.44438
A102: White Roof | B102: The School Bus Body shall be provided with a factory-painted white roof in lieu of school bus yellow. White shall NOT extend below the bottom of the marker lights. | G102: =644.8*('PPI Adj'!H6) -> 666.7232
A103: High Headroom | B103: Shall be manufacturer’s high headroom body not less than 74-inches. | F103: Included in Base Item | G103: 0
A104: Crossing Arm | B104: Shall be power operated by passenger door operating control - electric vacuum, or air powered. | C104: Type: | F104: Air | G104: =522.03*('PPI Adj'!H6) -> 539.77902
A105: Vandal Lock | B105: Vandal locks shall be provided on all emergency doors that can be opened from the outside of the School Bus. | C105: Make & Model: | F105: Thomas TBB 138592 | G105: =363.87*('PPI Adj'!H6) -> 376.24158
A106: Air Conditioning | B106: When tested with a starting temperature of at least 85°F inside and outside the School Bus, the air conditioning system must provide a minimum 20°F temperature drop throughout the interior of the School Bus within a twenty (20) minute time period. | C106: Number of air conditioning units (including OEM if applicable): | F106: 2 | G106: =42168.46*('PPI Adj'!H6) -> 43602.188
...

Sheet C (Item 3-D)
A1: ='A (Item 2-G)'!$A$1 -> GROUP 40524-23254, SCHOOL BUSES (Statewide) Attachment 1 - Specifications and Pricing (Revised October 15, 2026)
A2: ='Attachment 1 - Summary'!B2 -> PC69862 Matthews Buses, Inc.
A3: LOT C (Item 3-D)
A4: Type C, 58 Pupil Conventional Front-Engine Bus (Diesel, Minimum 58 Pupils)
A6: PART 1: Product information for the Base Item(s) Awarded | F6: Freightliner / Thomas
A7: Category | B7: Information provided in Yellow Cells | F7: Diesel | G7: CNG
A8: Engine | B8: Information identifying the engine for the fuel type offered. | F8: FL-101-2N2 Cummins ISB, 6 Cylinders, 6.7L, 200HP @ 2300 RPM, 520 LBFT Torque @ 1600 RPM | G8: FL-101-27T Cummins B6.7N 6 Cylinders, 6.7L, 200HP @ 2400RPM, 520LB/FT Torque @ 1600RPM
A9: NYS DOT Approval Number | B9: The NYS DOT Approval Number for the School Bus. Only School Buses approved by NYS DOT Passenger Carrier Safety Bureau for use as 2022 and newer Models, as indicated by a NYS DOT Approval Number, shall be delivered pursuant to the Contract. | F9: 1400-NY-60-00WC-TBB | G9: 1400-NY-60-00WC-TBB
A10: Chassis Make | B10: The OEM company name of a Chassis. | F10: Freightliner | G10: Freightliner
A11: Chassis Model | B11: The Model name of the Chassis. | F11: B2 | G11: B2
A12: Chassis Model Code | B12: The OEM code used to identify the subset of the Chassis Model. | F12: B2106 | G12: B2106
A13: Body Make | B13: The OEM company name of a Body. | F13: Thomas | G13: Thomas
A14: Body Model | B14: The Model name of the Body. | F14: C2 | G14: C2
A15: Body Model Code | B15: The OEM code used to identify the subset of the Body Model. | F15: 281TS | G15: 281TS
A16: Pick Up Allowance | B16: The dollar amount, per School Bus, that will be deducted from the Base Item NYS Contract Price, if the Authorized User elects to pick up the School Bus at the Contractor's location. | F16: 100 | G16: 100
A17: Delivery Time | B17: The estimated delivery time for the School Bus, expressed in number of calendar days, required to make delivery after receipt of a final Purchase Order (After Receipt of Order (“ARO”)). | F17: 210 days | G17: 210 days
A19: PART 2: Pricing for the Base Item, Additional Body Section, and Additional Options | F19: Freightliner / Thomas
A20: Category | B20: Information provided in Yellow Cells | F20: Diesel | G20: CNG
A21: Base Item NYS Contract Price | B21: The per unit NYS Contract Price (dollar amount) for the School Bus described in the Base Item Specifications. The Base Item NYS Contract Price includes any OEM fees, all customs duties and charges, all vehicle preparation and clean-up charges, NYS DOT inspection, installation charges, delivery and all other incidentals normally included with providing a School Bus, but excludes Optional Equipment, Additional Body Section(s), and Additional Options. | F21: =134069.14*('PPI Adj'!D6) -> 156458.69 | G21: =175510.87*('PPI Adj'!D6) -> 204821.19
A22: Additional Options NYS Discount | B22: The minimum percentage amount that shall be deducted from the MSRP for all Additional Options purchased under the Contract for this Item. | F22: 20 | G22: 20
A24: PART 3: Base Item Specifications | F24: Freightliner / Thomas
A25: Category | B25: Specification | C25: Information provided in Yellow Cells | F25: Diesel | G25: CNG
A26: General | B26: A School Bus with a Body installed upon a cowl and Chassis constructed using a chassis with a hood and front fender assembly. All of the engine is in front of the windshield and the entrance door is behind the front wheels. This is also known as a conventional school bus. This type also includes the cutaway truck chassis or truck chassis with cab, with or without a left side door, and with a GVWR greater than 16,000 pounds. | C26: Gross Vehicle Weight Rating (GVWR) [lbs]: | F26: 29000 | G26: 29000
A27: Capacity | B27: Minimum fifty-eight (58) Pupils. | C27: Number of rows: | F27: 10 | G27: 10
C28: Number of Pupils: | F28: 60 | G28: 60
A29: Rear Wheels | B29: Dual Rear Wheel (DRW)
A30: Dimensions | C30: Wheelbase [inches]: | F30: 238 | G30: 238
C31: Length (bumper to bumper) [inches]: | F31: 419.7 | G31: 419.7
C32: Body width (inside) [inches]: | F32: 90 | G32: 90
C33: Body headroom (standard) [inches]: | F33: 78 | G33: 78
C34: Cowl to rear axle length [inches]: | F34: 376 | G34: 376
A35: Cowl/Hood | B35: Forward tilting style cowl/hood assembly.
A36: Front Axle | C36: Gross Axle Weight Rating (GAWR) [lbs]: | F36: 10000 | G36: 10000
C37: Front axle capacity [lbs]: | F37: 10000 | G37: 10000
A38: Rear Axle | C38: Gross Axle Weight Rating (GAWR) [lbs]: | F38: 19000 | G38: 19000
C39: Rear axle capacity [lbs]: | F39: 19000 | G39: 19000
A40: Steering | B40: Power steering
A41: Brakes | B41: Chassis manufacturer's typical full air service brake system. A liquid-cooled, engine-lubricated air compressor, that is compliant with FMVSS (49 CFR 571.121.S5.1.1.), shall be provided. The air brake system shall be equipped with an automatic drain valve on the wet tank that may be unheated, a valve that can be manually opened on each air tank, and an air dryer/ejector that may be unheated. The system shall include a spring set parking brake. System shall be compliant with FMVSS (49 CFR 571.121), including the latest revision thereof. All brakes shall have automatic slack adjusters. | C41: Air Compressor size, Make & Model: | F41: 18.7 CFM Cummins | G41: 18.7 CFM Cummins
C42: Air Dryer size, Make & Model: | F42: 25 CFM Bendix AD9 | G42: 25 CFM Bendix AD9
A44: Brakes | B44: Antilock Brake System (ABS), and an audio & visual warning system for system malfunctions.
A45: Tires | B45: Tires shall meet the minimum requirements for the Chassis Model, as published by the Chassis manufacturer. | C45: Front radial tires size (load range letter) | F45: 10R22.5(G) | G45: 10R22.5(G)
C46: Front radial tires capacity | F46: 5675 | G46: 5675
C47: Rear radial tires size (load range letter) | F47: 10R22.5(G) | G47: 10R22.5(G)
C48: Rear radial tires capacity | F48: 5355 | G48: 5355
C49: Front Tires Option Code: | F49: FL-093-1HE | G49: FL-093-1HE
C50: Front Tires Make & Tread Designation: | F50: Bridgestone Ecopia | G50: Bridgestone Ecopia
C51: Rear Tires Option Code: | F51: FL-094-1HW | G51: FL-094-1HW
C52: Rear Tires Make & Tread Designation: | F52: Bridgestone Ecopia | G52: Bridgestone Ecopia
A53: Transmission | B53: Automatic transmission with manufacturer's standard or optional temperature indicator at the operator's control panel. | C53: Number of forward gears: | F53: 6 | G53: 6
C54: Gears direct or w/O.D.?: | F54: w/O.D. | G54: w/O.D.
C55: Option Code, Make & Model: | F55: FL3421MJ Allison2500 | G55: FL3421MJ Allison2500
A56: Engine | B56: Engine shall have a manufacturer's standard water cooled engine complete with accessories, as called for under classification. Engine shall develop full-rated torque and horsepower without requiring the use of premium grade fuel for any condition of operation. The Diesel engine shall develop full-rated torque and horsepower with the use of both ultra low sulfur grade diesel fuel and renewable diesel fuel.
A57: Engine Equipment | B57: Engine shall include silicone radiator and heater hoses (or equivalently rated/warranted). Diesel engine shall include cold weather starting aid.
A58: Alternator | B58: Alternator shall be of the integrally-rectified type, with an SAE continuous ampere output rating that is capable of at least powering all electrical devices energized simultaneously and an additional output of ten (10) or more amperes; and shall be driven by a single serpentine belt (or equivalent) or gear driven, and shall have full-transistor type voltage regulators. Wiring harness sizes shall be not less than the alternator manufacturer's recommendations. | C58: Option Code, Make & Model: | F58: FL1241DM, 4939, Leece Neville | G58: FL1241DM, 4939, Leece Neville
C59: Capacity [amps]: | F59: 185 | G59: 185
A60: Battery(ies) | B60: Three (3) "No Maintenance" type batteries with a total capacity of 2400-CCA and a 145-minute reserve capacity. The battery cables (- and +) shall be the same size and weight and be equal to (or better than) the larger cable recommended by the School Bus manufacturer. | C60: Model or Option Code: | F60: FL-292-1D7 | G60: FL-292-1D7
C61: Number of batteries: | F61: 3 | G61: 3
C62: Cold Cranking Amp (CCA) rating of each battery at 0oF | F62: 2775 CCA | G62: 2775 CCA
A63: Electrical | B63: Units shall have headlights turned on when the engine is running.
A64: Electrical | B64: Driver's compartment dome light shall be so directed to provide illumination for the bus driver and be controlled by an independent switch.
A65: Electrical | B65: All exterior lamps, except headlamps, shall be Light Emitting Diode (LED) design that meet applicable SAE standards.
A66: Horns | B66: An electrical horn(s) shall be provided that meets SAE standard J377. An air horn shall not be an approved Compatible Equivalent.
A67: Door (Entrance) | B67: Minimum 24 inch opening. | C67: Type and clear width [inches]: | F67: O/O air 26" | G67: O/O air 26"
A68: Stepwell (Entrance) | B68: Structural, tread and riser members shall be constructed entirely of rust/corrosion-resistant steel, components and fasteners or materials of equivalent or stronger structural integrity. Manufacturer's standard floor/stair coverings shall be used for finish surfaces.
A69: Fuel Tank(s) | B69: Diesel and gasoline engine Base Items shall have a sixty (60) gallon fuel capacity. LPG and CNG shall have the minimum construction and protection required by NFPA | C69: Capacity [gallons/cu. ft.]: | F69: 60gal | G69: 60gal
C70: Number and location of fuel tanks: | F70: 1, BFR, Aft of Axle | G70: CNG: 2 left 2 right, fwd of axle | LPG: 2, BFR, Aft of Axle
A71: Mirrors | B71: The vertical rectangular exterior driving mirrors shall be the heated defrosting type with their own switch and pilot light. Crossview mirrors shall be provided at front corners of each bus.
A72: Seating | B72: Manufacturer's standard or optional seat spacing that meets or exceeds the NYCRR minimum requirement for the respective class of School Bus with the minimum Pupil capacity stated above.
A73: Seatbelt (ambulatory) | B73: Seat belts shall be provided for each individual seating space. Seat belts shall meet current federal safety standards and shall be of a type approved by, and installed in accordance, with the rules and regulations established by NYS DOT in subdivision five (5) of section three-hundred eighty-three (383) of the New York State Vehicle and Traffic Laws dated July 30, 1986 and NYCRR, Title 17, Part 720, or the latest revision thereof.
A74: Stop Arm(s) (Power) | B74: Shall be entrance-door activated, electric or air-positioning type, and be provided streetside on all School Buses. It shall be compliant with FMVSS (49 CFR 571.131). Buses with a capacity of 45 persons or more shall have an additional and same model stop-arm at the rear streetside of the bus. | C74: Make & Model: | F74: Specialty 2970 | G74: Specialty 2970
A75: "School Bus" Signs | B75: Both front and rear shall comply with Article 9, Section 375.20 of the New York State Vehicle and Traffic Law.
A76: 8 Lamp Warning System (School Bus) | B76: Shall be compliant with SAE J887. | C76: Make & Model: | F76: Weldon 2121-1100-12 | G76: Weldon 2121-1100-12
A77: Exterior Reflective Markings | B77: All units with a capacity of ten (10) or more Pupils shall be equipped with exterior reflective markings as required by FMVSS (49 CFR 571.217) and NYCRR (Title 15, Department of Motor Vehicles, Part D, 46.12).
A78: Floor | B78: Manufacturer's standard insulated floor design shall be provided throughout the School Bus.
A79: Heaters | B79: Minimum passenger compartment heating shall meet the requirements of NYCRR, Title 17, Part 720.4(I) Heaters, or the latest revision thereof.
A80: Door (Rear Emergency Exit) | B80: Shall include lower glass.
A82: PART 4: Optional Equipment NYS Contract Pricing | F82: Freightliner / Thomas
A83: Optional Equipment (see Specifications and Equipment Provided below) | F83: Diesel | G83: CNG
A84: Capacity - Delete One (1) Row of Seating | F84: =-1010*('PPI Adj'!D6) -> -1178.67 | G84: =-1010*('PPI Adj'!D6) -> -1178.67
A85: Child Presence Check / Alarm | F85: =947*('PPI Adj'!D6) -> 1105.149 | G85: =947*('PPI Adj'!D6) -> 1105.149
A86: Glass (Tinted) | F86: =452*('PPI Adj'!D6) -> 527.484 | G86: =452*('PPI Adj'!D6) -> 527.484
A87: Rear Axle, "No Spin" | F87: =477.6*('PPI Adj'!D6) -> 557.3592 | G87: =477.6*('PPI Adj'!D6) -> 557.3592
A88: Tires (Snow) | F88: =86*('PPI Adj'!D6) -> 100.362 | G88: =86*('PPI Adj'!D6) -> 100.362
A89: Tires (All-Season) | F89: =1419*('PPI Adj'!D6) -> 1655.973 | G89: =1419*('PPI Adj'!D6) -> 1655.973
A90: Floor With Recessed Wheelchair Restraint Track For One Wheelchair Station. | F90: =856*('PPI Adj'!D6) -> 998.952 | G90: =856*('PPI Adj'!D6) -> 998.952
A91: Floor (Flat) With Recessed Wheelchair Track Throughout Entire Body | F91: =8686*('PPI Adj'!D6) -> 10136.562 | G91: =8686*('PPI Adj'!D6) -> 10136.562
A92: Wheelchair Lift | F92: =10801*('PPI Adj'!D6) -> 12604.767 | G92: =10801*('PPI Adj'!D6) -> 12604.767
A93: Roof Ventilator / Emergency Exit | F93: =595*('PPI Adj'!D6) -> 694.365 | G93: =595*('PPI Adj'!D6) -> 694.365
A94: White Roof | F94: =583*('PPI Adj'!D6) -> 680.361 | G94: =583*('PPI Adj'!D6) -> 680.361
A95: High Headroom | F95: Included in Base Item | G95: Included in Base Item
A96: Crossing Arm | F96: =472*('PPI Adj'!D6) -> 550.824 | G96: =472*('PPI Adj'!D6) -> 550.824
A97: Auxiliary Engine Coolant Heater | F97: =4245*('PPI Adj'!D6) -> 4953.915 | G97: =4245*('PPI Adj'!D6) -> 4953.915
A98: Vandal Lock | F98: =329*('PPI Adj'!D6) -> 383.943 | G98: =329*('PPI Adj'!D6) -> 383.943
A99: Air Conditioning | F99: =12210*('PPI Adj'!D6) -> 14249.07 | G99: =12210*('PPI Adj'!D6) -> 14249.07
A100: School Bus Safety Camera | F100: =1971*('PPI Adj'!D6) -> 2300.157 | G100: =1971*('PPI Adj'!D6) -> 2300.157
A101: Delete Exterior LED Lamps | F101: =-1775*('PPI Adj'!D6) -> -2071.425 | G101: =-1775*('PPI Adj'!D6) -> -2071.425
A102: Multifunction School Activity Bus | F102: =2023*('PPI Adj'!D6) -> 2360.841 | G102: =2023*('PPI Adj'!D6) -> 2360.841
A104: PART 4: Optional Equipment Specifications | F104: Freightliner / Thomas
A105: Optional Equipment | B105: Specification | C105: Information provided in Yellow Cells | F105: Diesel | G105: CNG
A106: Capacity - Delete One (1) Row of Seating | B106: Delete one (1) full row of seating (both left and right sides) without removing a Body section from the Base Item, or altering the spacing between the remaining seats.
...

Sheet C (Item 4-D)
A1: ='A (Item 2-G)'!$A$1 -> GROUP 40524-23254, SCHOOL BUSES (Statewide) Attachment 1 - Specifications and Pricing (Revised October 15, 2026)
A2: ='Attachment 1 - Summary'!B2 -> PC69862 Matthews Buses, Inc.
A3: LOT C (Item 4-D)
A4: Type C, 64 Pupil Conventional Front-Engine Bus (Diesel, Minimum 64 Pupils)
A6: PART 1: Product information for the Base Item(s) Awarded | F6: Freightliner / Thomas
A7: Category | B7: Information provided in Yellow Cells | F7: Diesel | G7: CNG
A8: Engine | B8: Information identifying the engine for the fuel type offered. | F8: FL-101-2N2 Cummins ISB, 6 Cylinders, 6.7L, 200HP @ 2300 RPM, 520 LBFT Torque @ 1600 RPM | G8: FL-101-27T Cummins B6.7N 6 Cylinders, 6.7L, 200HP @ 2400RPM, 520LB/FT Torque @ 1600RPM
A9: NYS DOT Approval Number | B9: The NYS DOT Approval Number for the School Bus. Only School Buses approved by NYS DOT Passenger Carrier Safety Bureau for use as 2022 and newer Models, as indicated by a NYS DOT Approval Number, shall be delivered pursuant to the Contract. | F9: 1559-NY-64-00WC-TBB | G9: 1559-NY-64-00WC-TBB
A10: Chassis Make | B10: The OEM company name of a Chassis. | F10: Freightliner | G10: Freightliner
A11: Chassis Model | B11: The Model name of the Chassis. | F11: B2 | G11: B2
A12: Chassis Model Code | B12: The OEM code used to identify the subset of the Chassis Model. | F12: B2106 | G12: B2106
A13: Body Make | B13: The OEM company name of a Body. | F13: Thomas | G13: Thomas
A14: Body Model | B14: The Model name of the Body. | F14: C2 | G14: C2
A15: Body Model Code | B15: The OEM code used to identify the subset of the Body Model. | F15: 281TS | G15: 281TS
A16: Pick Up Allowance | B16: The dollar amount, per School Bus, that will be deducted from the Base Item NYS Contract Price, if the Authorized User elects to pick up the School Bus at the Contractor's location. | F16: 100 | G16: 100
A17: Delivery Time | B17: The estimated delivery time for the School Bus, expressed in number of calendar days, required to make delivery after receipt of a final Purchase Order (After Receipt of Order (“ARO”)). | F17: 210 days | G17: 210 days
A19: PART 2: Pricing for the Base Item, Additional Body Section, and Additional Options | F19: Freightliner / Thomas
A20: Category | B20: Information provided in Yellow Cells | F20: Diesel | G20: CNG
A21: Base Item NYS Contract Price | B21: The per unit NYS Contract Price (dollar amount) for the School Bus described in the Base Item Specifications. The Base Item NYS Contract Price includes any OEM fees, all customs duties and charges, all vehicle preparation and clean-up charges, NYS DOT inspection, installation charges, delivery and all other incidentals normally included with providing a School Bus, but excludes Optional Equipment, Additional Body Section(s), and Additional Options. | F21: =135322.38*('PPI Adj'!D6) -> 157921.22 | G21: =176194.92*('PPI Adj'!D6) -> 205619.47
A22: Additional Options NYS Discount | B22: The minimum percentage amount that shall be deducted from the MSRP for all Additional Options purchased under the Contract for this Item. | F22: 20 | G22: 20
A24: PART 3: Base Item Specifications | F24: Freightliner / Thomas
A25: Category | B25: Specification | C25: Information provided in Yellow Cells | F25: Diesel | G25: CNG
A26: General | B26: A School Bus with a Body installed upon a cowl and Chassis constructed using a chassis with a hood and front fender assembly. All of the engine is in front of the windshield and the entrance door is behind the front wheels. This is also known as a conventional school bus. This type also includes the cutaway truck chassis or truck chassis with cab, with or without a left side door, and with a GVWR greater than 16,000 pounds. | C26: Gross Vehicle Weight Rating (GVWR) [lbs]: | F26: 29000 | G26: 29000
A27: Capacity | B27: Minimum sixty-four (64) Pupils. | C27: Number of rows: | F27: 11 | G27: 11
C28: Number of Pupils: | F28: 64 | G28: 64
A29: Rear Wheels | B29: Dual Rear Wheel (DRW)
A30: Dimensions | C30: Wheelbase [inches]: | F30: 238 | G30: 238
C31: Length (bumper to bumper) [inches]: | F31: 419.7 | G31: 419.7
C32: Body width (inside) [inches]: | F32: 90 | G32: 90
C33: Body headroom (standard) [inches]: | F33: 78 | G33: 78
C34: Cowl to rear axle length [inches]: | F34: 376 | G34: 376
A35: Cowl/Hood | B35: Forward tilting style cowl/hood assembly.
A36: Front Axle | C36: Gross Axle Weight Rating (GAWR) [lbs]: | F36: 10000 | G36: 10000
C37: Front axle capacity [lbs]: | F37: 10000 | G37: 10000
A38: Rear Axle | C38: Gross Axle Weight Rating (GAWR) [lbs]: | F38: 19000 | G38: 19000
C39: Rear axle capacity [lbs]: | F39: 19000 | G39: 19000
A40: Steering | B40: Power steering
A41: Brakes | B41: Chassis manufacturer's typical full air service brake system. A liquid-cooled, engine-lubricated air compressor, that is compliant with FMVSS (49 CFR 571.121.S5.1.1.), shall be provided. The air brake system shall be equipped with an automatic drain valve on the wet tank that may be unheated, a valve that can be manually opened on each air tank, and an air dryer/ejector that may be unheated. The system shall include a spring set parking brake. System shall be compliant with FMVSS (49 CFR 571.121), including the latest revision thereof. All brakes shall have automatic slack adjusters. | C41: Air Compressor size, Make & Model: | F41: 18.7 CFM Cummins | G41: 18.7 CFM Cummins
C42: Air Dryer size, Make & Model: | F42: 25 CFM Bendix AD9 | G42: 25 CFM Bendix AD9
A44: Brakes | B44: Antilock Brake System (ABS), and an audio & visual warning system for system malfunctions.
A45: Tires | B45: Tires shall meet the minimum requirements for the Chassis Model, as published by the Chassis manufacturer. | C45: Front radial tires size (load range letter) | F45: 10R22.5(G) | G45: 10R22.5(G)
C46: Front radial tires capacity | F46: 5675 | G46: 5675
C47: Rear radial tires size (load range letter) | F47: 10R22.5(G) | G47: 10R22.5(G)
C48: Rear radial tires capacity | F48: 5355 | G48: 5355
C49: Front Tires Option Code: | F49: FL-093-1HE | G49: FL-093-1HE
C50: Front Tires Make & Tread Designation: | F50: Bridgestone Ecopia | G50: Bridgestone Ecopia
C51: Rear Tires Option Code: | F51: FL-094-1HW | G51: FL-094-1HW
C52: Rear Tires Make & Tread Designation: | F52: Bridgestone Ecopia | G52: Bridgestone Ecopia
A53: Transmission | B53: Automatic transmission with manufacturer's standard or optional temperature indicator at the operator's control panel. | C53: Number of forward gears: | F53: 6 | G53: 6
C54: Gears direct or w/O.D.?: | F54: w/O.D. | G54: w/O.D.
C55: Option Code, Make & Model: | F55: FL3421MJ Allison2500 | G55: FL3421MJ Allison2500
A56: Engine | B56: Engine shall have a manufacturer's standard water cooled engine complete with accessories, as called for under classification. Engine shall develop full-rated torque and horsepower without requiring the use of premium grade fuel for any condition of operation. The Diesel engine shall develop full-rated torque and horsepower with the use of both ultra low sulfur grade diesel fuel and renewable diesel fuel.
A57: Engine Equipment | B57: Engine shall include silicone radiator and heater hoses (or equivalently rated/warranted). Diesel engine shall include cold weather starting aid.
A58: Alternator | B58: Alternator shall be of the integrally-rectified type, with an SAE continuous ampere output rating that is capable of at least powering all electrical devices energized simultaneously and an additional output of ten (10) or more amperes; and shall be driven by a single serpentine belt (or equivalent) or gear driven, and shall have full-transistor type voltage regulators. Wiring harness sizes shall be not less than the alternator manufacturer's recommendations. | C58: Option Code, Make & Model: | F58: FL1241DM, 4939, Leece Neville | G58: FL1241DM, 4939, Leece Neville
C59: Capacity [amps]: | F59: 185 | G59: 185
A60: Battery(ies) | B60: Three (3) "No Maintenance" type batteries with a total capacity of 2400-CCA and a 145-minute reserve capacity. The battery cables (- and +) shall be the same size and weight and be equal to (or better than) the larger cable recommended by the School Bus manufacturer. | C60: Model or Option Code: | F60: FL-292-1D7 | G60: FL-292-1D7
C61: Number of batteries: | F61: 3 | G61: 3
C62: Cold Cranking Amp (CCA) rating of each battery at 0oF | F62: 2775 CCA | G62: 2775 CCA
A63: Electrical | B63: Units shall have headlights turned on when the engine is running.
A64: Electrical | B64: Driver's compartment dome light shall be so directed to provide illumination for the bus driver and be controlled by an independent switch.
A65: Electrical | B65: All exterior lamps, except headlamps, shall be Light Emitting Diode (LED) design that meet applicable SAE standards.
A66: Horns | B66: An electrical horn(s) shall be provided that meets SAE standard J377. An air horn shall not be an approved Compatible Equivalent.
A67: Door (Entrance) | B67: Minimum 24 inch opening. | C67: Type and clear width [inches]: | F67: O/O air 26" | G67: O/O air 26"
A68: Stepwell (Entrance) | B68: Structural, tread and riser members shall be constructed entirely of rust/corrosion-resistant steel, components and fasteners or materials of equivalent or stronger structural integrity. Manufacturer's standard floor/stair coverings shall be used for finish surfaces.
A69: Fuel Tank(s) | B69: Diesel and gasoline engine Base Items shall have a sixty (60) gallon fuel capacity. LPG and CNG shall have the minimum construction and protection required by NFPA | C69: Capacity [gallons/cu. ft.]: | F69: 60 | G69: 60
C70: Number and location of fuel tanks: | F70: 1, BFR, Aft of Axle | G70: LPG: 2 tanks, BFR fwd of axle | CNG: 2 LEFT, 2 RIGHT, fwd of axle
A71: Mirrors | B71: The vertical rectangular exterior driving mirrors shall be the heated defrosting type with their own switch and pilot light. Crossview mirrors shall be provided at front corners of each bus.
A72: Seating | B72: Manufacturer's standard or optional seat spacing that meets or exceeds the NYCRR minimum requirement for the respective class of School Bus with the minimum Pupil capacity stated above.
A73: Seatbelt (ambulatory) | B73: Seat belts shall be provided for each individual seating space. Seat belts shall meet current federal safety standards and shall be of a type approved by, and installed in accordance, with the rules and regulations established by NYS DOT in subdivision five (5) of section three-hundred eighty-three (383) of the New York State Vehicle and Traffic Laws dated July 30, 1986 and NYCRR, Title 17, Part 720, or the latest revision thereof.
A74: Stop Arm(s) (Power) | B74: Shall be entrance-door activated, electric or air-positioning type, and be provided streetside on all School Buses. It shall be compliant with FMVSS (49 CFR 571.131). Buses with a capacity of 45 persons or more shall have an additional and same model stop-arm at the rear streetside of the bus. | C74: Make & Model: | F74: Specialty 2970 | G74: Specialty 2970
A75: "School Bus" Signs | B75: Both front and rear shall comply with Article 9, Section 375.20 of the New York State Vehicle and Traffic Law.
A76: 8 Lamp Warning System (School Bus) | B76: Shall be compliant with SAE J887. | C76: Make & Model: | F76: Weldon 2121-1100-12 | G76: Weldon 2121-1100-12
A77: Exterior Reflective Markings | B77: All units with a capacity of ten (10) or more Pupils shall be equipped with exterior reflective markings as required by FMVSS (49 CFR 571.217) and NYCRR (Title 15, Department of Motor Vehicles, Part D, 46.12).
A78: Floor | B78: Manufacturer's standard insulated floor design shall be provided throughout the School Bus.
A79: Heaters | B79: Minimum passenger compartment heating shall meet the requirements of NYCRR, Title 17, Part 720.4(I) Heaters, or the latest revision thereof.
A80: Door (Rear Emergency Exit) | B80: Shall include lower glass.
A82: PART 4: Optional Equipment NYS Contract Pricing | F82: Freightliner / Thomas
A83: Optional Equipment (see Specifications and Equipment Provided below) | F83: Diesel | G83: CNG
A84: Capacity - Delete One (1) Row of Seating | F84: =-1010*('PPI Adj'!D6) -> -1178.67 | G84: =-1010*('PPI Adj'!D6) -> -1178.67
A85: Child Presence Check / Alarm | F85: =947*('PPI Adj'!D6) -> 1105.149 | G85: =947*('PPI Adj'!D6) -> 1105.149
A86: Glass (Tinted) | F86: =452*('PPI Adj'!D6) -> 527.484 | G86: =452*('PPI Adj'!D6) -> 527.484
A87: Rear Axle, "No Spin" | F87: =477.6*('PPI Adj'!D6) -> 557.3592 | G87: =477.6*('PPI Adj'!D6) -> 557.3592
A88: Tires (Snow) | F88: =86*('PPI Adj'!D6) -> 100.362 | G88: =86*('PPI Adj'!D6) -> 100.362
A89: Tires (All-Season) | F89: =1419*('PPI Adj'!D6) -> 1655.973 | G89: =1419*('PPI Adj'!D6) -> 1655.973
A90: Floor With Recessed Wheelchair Restraint Track For One Wheelchair Station. | F90: =856*('PPI Adj'!D6) -> 998.952 | G90: =856*('PPI Adj'!D6) -> 998.952
A91: Floor (Flat) With Recessed Wheelchair Track Throughout Entire Body | F91: =8686*('PPI Adj'!D6) -> 10136.562 | G91: =8686*('PPI Adj'!D6) -> 10136.562
A92: Wheelchair Lift | F92: =10801*('PPI Adj'!D6) -> 12604.767 | G92: =10801*('PPI Adj'!D6) -> 12604.767
A93: Roof Ventilator / Emergency Exit | F93: =595*('PPI Adj'!D6) -> 694.365 | G93: =595*('PPI Adj'!D6) -> 694.365
A94: White Roof | F94: =583*('PPI Adj'!D6) -> 680.361 | G94: =583*('PPI Adj'!D6) -> 680.361
A95: High Headroom | F95: Included in Base Item | G95: Included in Base Item
A96: Crossing Arm | F96: =472*('PPI Adj'!D6) -> 550.824 | G96: =472*('PPI Adj'!D6) -> 550.824
A97: Auxiliary Engine Coolant Heater | F97: =4245*('PPI Adj'!D6) -> 4953.915 | G97: =4245*('PPI Adj'!D6) -> 4953.915
A98: Vandal Lock | F98: =389*('PPI Adj'!D6) -> 453.963 | G98: =389*('PPI Adj'!D6) -> 453.963
A99: Air Conditioning | F99: =12210*('PPI Adj'!D6) -> 14249.07 | G99: =12210*('PPI Adj'!D6) -> 14249.07
A100: School Bus Safety Camera | F100: =1971*('PPI Adj'!D6) -> 2300.157 | G100: =1971*('PPI Adj'!D6) -> 2300.157
A101: Delete Exterior LED Lamps | F101: =-1775*('PPI Adj'!D6) -> -2071.425 | G101: =-1775*('PPI Adj'!D6) -> -2071.425
A102: Multifunction School Activity Bus | F102: =2023*('PPI Adj'!D6) -> 2360.841 | G102: =2023*('PPI Adj'!D6) -> 2360.841
A104: PART 4: Optional Equipment Specifications | F104: Freightliner / Thomas
A105: Optional Equipment | B105: Specification | C105: Information provided in Yellow Cells | F105: Diesel | G105: CNG
A106: Capacity - Delete One (1) Row of Seating | B106: Delete one (1) full row of seating (both left and right sides) without removing a Body section from the Base Item, or altering the spacing between the remaining seats.
...

Sheet C (Item 4-EV)
A1: ='A (Item 2-G)'!$A$1 -> GROUP 40524-23254, SCHOOL BUSES (Statewide) Attachment 1 - Specifications and Pricing (Revised October 15, 2026)
A2: ='Attachment 1 - Summary'!B2 -> PC69862 Matthews Buses, Inc.
A3: LOT C (Item 4-EV)
A4: Type C, 64 Pupil Conventional Bus (Electric, Minimum 64 Pupils)
A6: PART 1: Product information for the Base Item(s) Awarded | F6: Freightliner / Thomas
A7: Category | B7: Information provided in Yellow Cells | F7: Electric
A8: Propulsion System | B8: Enter information identifying the Make and Model propulsion system offered. | F8: Proterra ProDrive UQM220P; 3 Phase Max 400V Single 220kW Permanent Magnet Drive Motor 295 Peak HP Continuous 161HP, Peak Torque 516 Ft Continuus 258FTLB
A9: NYS DOT Approval Number | B9: The NYS DOT Approval Number for the School Bus. Only School Buses approved by NYS DOT Passenger Carrier Safety Bureau for use as 2022 and newer Models, as indicated by a NYS DOT Approval Number, shall be delivered pursuant to the Contract. | F9: 1559-NY-64-00WC-TBB
A10: Chassis Make | B10: The OEM company name of a Chassis. | F10: Freightliner
A11: Chassis Model | B11: The Model name of the Chassis | F11: B2
A12: Chassis Model Code | B12: The OEM code used to identify the subset of the Chassis Model. | F12: B2 106 Electrical Conventional
A13: Body Make | B13: The OEM company name of a Body. | F13: Thomas
A14: Body Model | B14: The Model name of the Body | F14: C2
A15: Body Model Code | B15: The OEM code used to identify the subset of the Body Model. | F15: 281T
A16: Pick Up Allowance | B16: The dollar amount, per School Bus, that will be deducted from the Base Item NYS Contract Price, if the Authorized User elects to pick up the School Bus at the Contractor's location. | F16: 100
A17: Delivery Time | B17: The estimated delivery time for the School Bus, expressed in number of calendar days, required to make delivery after receipt of a final Purchase Order (After Receipt of Order (“ARO”)) | F17: 210 Days
A19: PART 2: Pricing for the Base Item, Additional Body Section, and Additional Options | F19: Freightliner / Thomas
A20: Category | B20: Information provided in Yellow Cells | F20: Electric
A21: Base Item NYS Contract Price | B21: The per unit NYS Contract Price (dollar amount) for the School Bus described in the Base Item Specifications. The Base Item NYS Contract Price includes any OEM fees, all customs duties and charges, all vehicle preparation and clean-up charges, NYS DOT inspection, installation charges, delivery and all other incidentals normally included with providing a School Bus, but excludes Optional Equipment, Additional Body Section(s), and Additional Options. | F21: =395685.53*('PPI Adj'!D6) -> 461765.01
A22: Additional Options NYS Discount | B22: The minimum percentage amount that shall be deducted from the MSRP for all Additional Options purchased under the Contract for this Item. | F22: 20
A24: PART 3: Base Item Specifications | F24: Freightliner / Thomas
A25: Category | B25: Specification | C25: Information provided in Yellow Cells | F25: Electric
A26: General | B26: A School Bus with a Body installed upon a cowl and Chassis constructed using a chassis with a hood and front fender assembly. All of the engine is in front of the windshield and the entrance door is behind the front wheels. This is also known as a conventional school bus. This type also includes the cutaway truck chassis or truck chassis with cab, with or without a left side door, and with a GVWR greater than 16,000 pounds. | C26: Gross Vehicle Weight Rating (GVWR) [lbs]: | F26: 29000
A27: Capacity | B27: Minimum forty-six (46) Pupils. | C27: Number of rows: | F27: 11
C28: Number of Pupils: | F28: 64
A29: Rear Wheels | B29: Dual Rear Wheel (DRW)
A30: Dimensions | C30: Wheelbase [inches]: | F30: 238"
C31: Length (bumper to bumper) [inches]: | F31: 419.7
C32: Body width (inside) [inches]: | F32: 90
C33: Body headroom (standard) [inches]: | F33: 78
C34: Cowl to rear axle length [inches]: | F34: 376
A35: Cowl/Hood | B35: Forward tilting style cowl/hood assembly.
A36: Front Axle | C36: Gross Axle Weight Rating (GAWR) [lbs]: | F36: 10000
C37: Front axle capacity [lbs]: | F37: 10000
A38: Rear Axle | C38: Gross Axle Weight Rating (GAWR) [lbs]: | F38: 19000
C39: Rear axle capacity [lbs]: | F39: 19000
A40: Steering | B40: Power steering
A41: Brakes | B41: Chassis manufacturer's typical full air service brake system. A liquid-cooled, engine-lubricated air compressor, that is compliant with FMVSS (49 CFR 571.121.S5.1.1.), shall be provided. The air brake system shall be equipped with an automatic drain valve on the wet tank that may be unheated, a valve that can be manually opened on each air tank, and an air dryer/ejector that may be unheated. The system shall include a spring set parking brake. System shall be compliant with FMVSS (49 CFR 571.121), including the latest revision thereof. All brakes shall have automatic slack adjusters. | C41: Air Compressor size, Make & Model: | F41: Hydrovane 0009-0010 9CFM @2800 RMP
C42: Air Dryer size, Make & Model: | F42: 25 CFM Bendix AD9
A44: Brakes | B44: Antilock Brake System (ABS), and an audio & visual warning system for system malfunctions.
A45: Tires | B45: Tires shall meet the minimum requirements for the Chassis Model, as published by the Chassis manufacturer. | C45: Front radial tires size (load range letter) | F45: 11R22.5H
C46: Front radial tires capacity | F46: 5840
C47: Rear radial tires size (load range letter) | F47: 11R22.5H
C48: Rear radial tires capacity | F48: 5840
C49: Front Tires Option Code: | F49: FL-093-2EP
C50: Front Tires Make & Tread Designation: | F50: Hankook AH24
C51: Rear Tires Option Code: | F51: FL-094-2EU
C52: Rear Tires Make & Tread Designation: | F52: Hankook DH06
A53: Transmission | B53: Automatic transmission with manufacturer's standard or optional temperature indicator at the operator's control panel. | C53: Number of forward gears: | F53: 2
C54: Gears direct or w/O.D.?: | F54: Direct
C55: Option Code, Make & Model: | F55: FL-342-627 Eaton 2 Speed Electric Vehicle
A56: Propulsion System | B56: Propulsion system which furnishes high-wattage electric power to the motor(s), that propels the vehicle forward or backward, and is sometimes referred to as the “main or power drive circuitry.” | C56: Vehicle range on full charge [miles]: | F56: 136
A57: Battery(ies) | B57: Three (3) "No Maintenance" type batteries with a total capacity of 2400-CCA and a 145-minute reserve capacity. The battery cables (- and +) shall be the same size and weight and be equal to (or better than) the larger cable recommended by the School Bus manufacturer. | C57: Number of Batteries: | F57: 2
C58: Type of Batteries: | F58: Alliance 1031, Group 31, 12 Volt
C59: System Design Voltage: | F59: 750 CCA
A60: Electrical | B60: Units shall have headlights turned on when the engine is running.
A61: Electrical | B61: Driver's compartment dome light shall be so directed to provide illumination for the bus driver and be controlled by an independent switch.
A62: Electrical | B62: All exterior lamps, except headlamps, shall be Light Emitting Diode (LED) design that meet applicable SAE standards.
A63: Horns | B63: An electrical horn(s) shall be provided that meets SAE standard J377. An air horn shall not be an approved Compatible Equivalent.
A64: Door (Entrance) | B64: Minimum 24 inch opening. | C64: Type and clear width [inches]: | F64: O/O AG2 Electric 26"
A65: Stepwell (Entrance) | B65: Structural, tread and riser members shall be constructed entirely of rust/corrosion-resistant steel, components and fasteners or materials of equivalent or stronger structural integrity. Manufacturer's standard floor/stair coverings shall be used for finish surfaces.
A66: Mirrors | B66: The vertical rectangular exterior driving mirrors shall be the heated defrosting type with their own switch and pilot light. Crossview mirrors shall be provided at front corners of each bus.
A67: Seating | B67: Manufacturer's standard or optional seat spacing that meets or exceeds the NYCRR minimum requirement for the respective class of School Bus with the minimum Pupil capacity stated above.
A68: Seatbelt (ambulatory) | B68: Seat belts shall be provided for each individual seating space. Seat belts shall meet current federal safety standards and shall be of a type approved by, and installed in accordance, with the rules and regulations established by NYS DOT in subdivision five (5) of section three-hundred eighty-three (383) of the New York State Vehicle and Traffic Laws dated July 30, 1986 and NYCRR, Title 17, Part 720, or the latest revision thereof.
A69: Stop Arm(s) (Power) | B69: Shall be entrance-door activated, electric or air-positioning type, and be provided streetside on all School Buses. It shall be compliant with FMVSS (49 CFR 571.131). Buses with a capacity of 45 persons or more shall have an additional and same model stop-arm at the rear streetside of the bus. | C69: Make & Model: | F69: Specialty 2970
A70: "School Bus" Signs | B70: Both front and rear shall comply with Article 9, Section 375.20 of the New York State Vehicle and Traffic Law. | F70: First Light Illuminated
A71: 8 Lamp Warning System (School Bus) | B71: Shall be compliant with SAE J887. | C71: Make & Model: | F71: Weldon 2121-1100-12
A72: Exterior Reflective Markings | B72: All units with a capacity of ten (10) or more Pupils shall be equipped with exterior reflective markings as required by FMVSS (49 CFR 571.217) and NYCRR (Title 15, Department of Motor Vehicles, Part D, 46.12).
A73: Floor | B73: Manufacturer's standard insulated floor design shall be provided throughout the School Bus.
A74: Heaters | B74: Minimum passenger compartment heating shall meet the requirements of NYCRR, Title 17, Part 720.4(I) Heaters, or the latest revision thereof. | C74: Heater Power Source: | F74: Propulsion Battery
A75: Door (Rear Emergency Exit) | B75: Shall include lower glass.
A77: PART 4: Optional Equipment NYS Contract Pricing | F77: Freightliner / Thomas
A78: Optional Equipment (see Specifications and Equipment Provided below) | F78: Electric
A79: Capacity - Delete One (1) Row of Seating | F79: =-1010*('PPI Adj'!D6) -> -1178.67
A80: Child Presence Check / Alarm | F80: =947*('PPI Adj'!D6) -> 1105.149
A81: Glass (Tinted) | F81: =452*('PPI Adj'!D6) -> 527.484
A82: Rear Axle, "No Spin" | F82: =477.6*('PPI Adj'!D6) -> 557.3592
A83: Tires (Snow) for 4 tires | F83: =86*('PPI Adj'!D6) -> 100.362
A84: Tires (All-Season) | F84: =1419*('PPI Adj'!D6) -> 1655.973
A85: Floor With Recessed Wheelchair Restraint Track For One Wheelchair Station. | F85: =856*('PPI Adj'!D6) -> 998.952
A86: Floor (Flat) With Recessed Wheelchair Track Throughout Entire Body | F86: =8686*('PPI Adj'!D6) -> 10136.562
A87: Wheelchair Lift | F87: =10801*('PPI Adj'!D6) -> 12604.767
A88: Roof Ventilator / Emergency Exit | F88: 595
A89: White Roof | F89: =583*('PPI Adj'!D6) -> 680.361
A90: High Headroom | F90: Included in Base Item
A91: Crossing Arm | F91: =472*('PPI Adj'!D6) -> 550.824
A92: Vandal Lock | F92: =389*('PPI Adj'!D6) -> 453.963
A93: Air Conditioning | F93: =38127*('PPI Adj'!D6) -> 44494.209
A94: School Bus Safety Camera | F94: =1971*('PPI Adj'!D6) -> 2300.157
A95: Multifunction School Activity Bus | F95: =-2023*('PPI Adj'!D6) -> -2360.841
A97: PART 4: Optional Equipment Specifications | F97: Freightliner / Thomas
A98: Optional Equipment | B98: Specification | C98: Information provided in Yellow Cells | F98: Electric
A99: Capacity - Delete One (1) Row of Seating | B99: Delete one (1) full row of seating (both left and right sides) without removing a Body section from the Base Item, or altering the spacing between the remaining seats.
A100: Child Presence Check / Alarm | B100: Shall be the Child Check-mate System Model EP 2, or Compatible Equivalent. | C100: Make & Model: | F100: Child Check-Mate EP2
A101: Glass (Tinted) | B101: The School Bus windshield and Body windows shall have the manufacturer's typical options that provide tinted glass windows throughout the vehicle and shall comply with Article 9, Section 375.12a. of the New York State Vehicle and Traffic Law.
A102: Rear Axle, "No Spin" | B102: The manufacturer’s standard device (e.g., power-lock, limited-slip, no-spin, positive-traction). | C102: Type of device: | F102: No-Spin
A103: Tires (Snow) | B103: Snow tread tires shall be provided on all drive wheels. Tires shall be Federal class D/A, STC (with snow traction capability), or class S/T, or A/T, AP with STC, or other class with STC. The price entered for this Optional Equipment shall be for four (4) tires. Tires furnished on the rear wheels shall be the same size and adequate for axle's GAWR. | C103: Rear radial tires size (load range letter) [LT_____/_____R_____._____(_____)]: | F103: 11R22.5(H)
C104: Rear radial tires capacity [_____,_____-lbs]: | F104: 6005
C105: Rear Tires Option Code: | F105: FL-094-1UY
C106: Rear Tires Make & Tread Designation: | F106: Michelin XDS2
...

Sheet D (Item 1-D)
A1: ='A (Item 2-G)'!$A$1 -> GROUP 40524-23254, SCHOOL BUSES (Statewide) Attachment 1 - Specifications and Pricing (Revised October 15, 2026)
A2: ='Attachment 1 - Summary'!B2 -> PC69862 Matthews Buses, Inc.
A3: LOT D (Item 1-D)
A4: Type D, 53 Pupil Forward Control Transit Style Bus (Diesel; Minimum 24 Pupils, Maximum 64 Pupils)
A6: PART 1: Product information for the Base Item(s) Awarded | F6: Thomas
A7: Category | B7: Information provided in Yellow Cells | F7: Diesel
A8: Engine | B8: Information identifying the engine for the fuel type offered. | F8: C241014200,Cummins ISB 6 Cylinders,6.7L 200HP @ 2300RPM,520 LBFT Torque @ 1600 RPM
A9: NYS DOT Approval Number | B9: The NYS DOT Approval Number for the School Bus. Only School Buses approved by NYS DOT Passenger Carrier Safety Bureau for use as 2022 and newer Models, as indicated by a NYS DOT Approval Number, shall be delivered pursuant to the Contract. | F9: 1610-NY-53-00WC-TBB
A10: Chassis Make | B10: The OEM company name of a Chassis. | F10: Thomas
A11: Chassis Model | B11: The Model name of the Chassis. | F11: CHS8
A12: Chassis Model Code | B12: The OEM code used to identify the subset of the Chassis Model. | F12: EFX
A13: Body Make | B13: The OEM company name of a Body. | F13: Thomas
A14: Body Model | B14: The Model name of the Body. | F14: EFX
A15: Body Model Code | B15: The OEM code used to identify the subset of the Body Model. | F15: 0918S
A16: Pick Up Allowance | B16: The dollar amount, per School Bus, that will be deducted from the Base Item NYS Contract Price, if the Authorized User elects to pick up the School Bus at the Contractor's location. | F16: 100
A17: Delivery Time | B17: The estimated delivery time for the School Bus, expressed in number of calendar days, required to make delivery after receipt of a final Purchase Order (After Receipt of Order (“ARO”)). | F17: 210 days
A19: PART 2: Pricing for the Base Item, Additional Body Section, and Additional Options | F19: Thomas
A20: Category | B20: Information provided in Yellow Cells | F20: Diesel
A21: Base Item NYS Contract Price | B21: The per unit NYS Contract Price (dollar amount) for the School Bus described in the Base Item Specifications. The Base Item NYS Contract Price includes any OEM fees, all customs duties and charges, all vehicle preparation and clean-up charges, NYS DOT inspection, installation charges, delivery and all other incidentals normally included with providing a School Bus, but excludes Optional Equipment, Additional Body Section(s), and Additional Options. | F21: =133783.45*('PPI Adj'!D6) -> 156125.29
A22: Additional Options NYS Discount | B22: The minimum percentage amount that shall be deducted from the MSRP for all Additional Options purchased under the Contract for this Item. | F22: 20
A24: PART 3: Base Item Specifications | F24: Thomas
A25: Category | B25: Specification | C25: Information provided in Yellow Cells | F25: Diesel
A26: General | B26: A School Bus with a Body installed upon a Chassis or unitized type construction, with the engine mounted in the front with a GVWR of greater than 16,000 pounds and designed to carry more than 10 persons. The engine shall be behind the windshield and beside the driver’s seat. The entrance door is ahead of the front wheels. | C26: Gross Vehicle Weight Rating (GVWR) [lbs]: | F26: 30350
A27: Capacity | B27: Minimum twenty-four (24) Pupils. | C27: Number of rows: | F27: 9
C28: Number of Pupils: | F28: 53
A29: Rear Wheels | B29: Dual Rear Wheel (DRW)
A30: Dimensions | C30: Wheelbase [inches]: | F30: 136
C31: Length (bumper to bumper) [inches]: | F31: 337.8
C32: Body width (inside) [inches]: | F32: 90
C33: Body headroom (standard) [inches]: | F33: 78
C34: Cowl to rear axle length [inches]: | F34: 255
A35: Front Axle | C35: Gross Axle Weight Rating (GAWR) [lbs]: | F35: 11350
C36: Front axle capacity [lbs]: | F36: 13200
A37: Rear Axle | C37: Gross Axle Weight Rating (GAWR) [lbs]: | F37: 19000
C38: Rear axle capacity [lbs]: | F38: 19000
A39: Steering | B39: Power steering
A40: Brakes | B40: Chassis manufacturer's typical full air service brake system. A liquid-cooled, engine-lubricated air compressor, that is compliant with FMVSS (49 CFR 571.121.S5.1.1.), shall be provided. The air brake system shall be equipped with an automatic drain valve on the wet tank that may be unheated, a valve that can be manually opened on each air tank, and an air dryer/ejector that may be unheated. The system shall include a spring set parking brake. System shall be compliant with FMVSS (49 CFR 571.121), including the latest revision thereof. All brakes shall have automatic slack adjusters. | C40: Air Compressor size, Make & Model: | F40: 18.7 CFM Wabco
C41: Air Dryer size, Make & Model: | F41: 25 CFM Bendix AD9
A43: Brakes | B43: Antilock Brake System (ABS), and an audio & visual warning system for system malfunctions.
A44: Tires | B44: Tires shall meet the minimum requirements for the Chassis Model, as published by the Chassis manufacturer. | C44: Front radial tires size (load range letter) | F44: 10R22.5(G)
C45: Front radial tires capacity | F45: 5675
C46: Rear radial tires size (load range letter) | F46: 10R22.5(G)
C47: Rear radial tires capacity | F47: 5355
C48: Front Tires Option Code: | F48: C5304-01-000
C49: Front Tires Make & Tread Designation: | F49: Michelin XZE
C50: Rear Tires Option Code: | F50: C5304-01-000
C51: Rear Tires Make & Tread Designation: | F51: Michelin XZE
A52: Transmission | B52: Automatic transmission with manufacturer's standard or optional temperature indicator at the operator's control panel. | C52: Number of forward gears: | F52: 5
C53: Gears direct or w/O.D.?: | F53: w/O.D.
C54: Option Code, Make & Model: | F54: C600302125, 2500, Allison
A55: Engine | B55: Engine shall have a manufacturer's standard water cooled engine complete with accessories, as called for under classification. Engine shall develop full-rated torque and horsepower without requiring the use of premium grade fuel for any condition of operation. The Diesel engine shall develop full-rated torque and horsepower with the use of both ultra low sulfur grade diesel fuel and renewable diesel fuel.
A56: Engine Equipment | B56: Engine shall include silicone radiator and heater hoses (or equivalently rated/warranted). Diesel engine shall include cold weather starting aid.
A57: Alternator | B57: Alternator shall be of the integrally-rectified type, with an SAE continuous ampere output rating that is capable of at least powering all electrical devices energized simultaneously and an additional output of ten (10) or more amperes; and shall be driven by a single serpentine belt (or equivalent) or gear driven, and shall have full-transistor type voltage regulators. Wiring harness sizes shall be not less than the alternator manufacturer's recommendations. | C57: Option Code, Make & Model: | F57: C1358-01-000, 4939, Leece Neville
C58: Capacity [amps]: | F58: 185
A59: Battery(ies) | B59: Three (3) "No Maintenance" type batteries with a total capacity of 2400-CCA and a 145-minute reserve capacity. The battery cables (- and +) shall be the same size and weight and be equal to (or better than) the larger cable recommended by the School Bus manufacturer. | C59: Model or Option Code: | F59: C1816-18-000
C60: Number of batteries: | F60: 3
C61: Cold Cranking Amp (CCA) rating of each battery at 0oF | F61: 3,000CCA
A62: Electrical | B62: Units shall have headlights turned on when the engine is running.
A63: Electrical | B63: Driver's compartment dome light shall be so directed to provide illumination for the bus driver and be controlled by an independent switch.
A64: Electrical | B64: All exterior lamps, except headlamps, shall be Light Emitting Diode (LED) design that meet applicable SAE standards.
A65: Horns | B65: An electrical horn(s) shall be provided that meets SAE standard J377. An air horn shall not be an approved Compatible Equivalent.
A66: Door (Entrance) | B66: Minimum 24 inch opening. | C66: Type and clear width [inches]: | F66: O/O Air, 26"
A67: Stepwell (Entrance) | B67: Structural, tread and riser members shall be constructed entirely of rust/corrosion-resistant steel, components and fasteners or materials of equivalent or stronger structural integrity. Manufacturer's standard floor/stair coverings shall be used for finish surfaces.
A68: Fuel Tank(s) | B68: Diesel and gasoline engine Base Items shall have a sixty (60) gallon fuel capacity. LPG and CNG shall have the minimum construction and protection required by NFPA | C68: Capacity [gallons/cu. ft.]: | F68: 60
C69: Number and location of fuel tanks: | F69: 1, BFR, Aft of Axle
A70: Mirrors | B70: The vertical rectangular exterior driving mirrors shall be the heated defrosting type with their own switch and pilot light. Crossview mirrors shall be provided at front corners of each bus.
A71: Seating | B71: Manufacturer's standard or optional seat spacing that meets or exceeds the NYCRR minimum requirement for the respective class of School Bus with the minimum Pupil capacity stated above.
A72: Seatbelt (ambulatory) | B72: Seat belts shall be provided for each individual seating space. Seat belts shall meet current federal safety standards and shall be of a type approved by, and installed in accordance, with the rules and regulations established by NYS DOT in subdivision five (5) of section three-hundred eighty-three (383) of the New York State Vehicle and Traffic Laws dated July 30, 1986 and NYCRR, Title 17, Part 720, or the latest revision thereof.
A73: Stop Arm(s) (Power) | B73: Shall be entrance-door activated, electric or air-positioning type, and be provided streetside on all School Buses. It shall be compliant with FMVSS (49 CFR 571.131). Buses with a capacity of 45 persons or more shall have an additional and same model stop-arm at the rear streetside of the bus. | C73: Make & Model: | F73: Specialty 2970
A74: "School Bus" Signs | B74: Both front and rear shall comply with Article 9, Section 375.20 of the New York State Vehicle and Traffic Law.
A75: 8 Lamp Warning System (School Bus) | B75: Shall be compliant with SAE J887. | C75: Make & Model: | F75: Weldon 1020-9030-010
A76: Exterior Reflective Markings | B76: All units with a capacity of ten (10) or more Pupils shall be equipped with exterior reflective markings as required by FMVSS (49 CFR 571.217) and NYCRR (Title 15, Department of Motor Vehicles, Part D, 46.12).
A77: Floor | B77: Manufacturer's standard insulated floor design shall be provided throughout the School Bus.
A78: Heaters | B78: Minimum passenger compartment heating shall meet the requirements of NYCRR, Title 17, Part 720.4(I) Heaters, or the latest revision thereof.
A79: Door (Rear Emergency Exit) | B79: Shall include lower glass.
A81: PART 4: Optional Equipment NYS Contract Pricing | F81: Thomas
A82: Optional Equipment (see Specifications and Equipment Provided below) | F82: Diesel
A83: Capacity - Delete One (1) Row of Seating | F83: =-1010*('PPI Adj'!D6) -> -1178.67
A84: Child Presence Check / Alarm | F84: =678*('PPI Adj'!D6) -> 791.226
A85: Glass (Tinted) | F85: =318*('PPI Adj'!D6) -> 371.106
A86: Rear Axle, "No Spin" | F86: =738*('PPI Adj'!D6) -> 861.246
A87: Tires (Snow) | F87: =95*('PPI Adj'!D6) -> 110.865
A88: Tires (All-Season) | F88: =386*('PPI Adj'!D6) -> 450.462
A89: Floor With Recessed Wheelchair Restraint Track For One Wheelchair Station. | F89: =856*('PPI Adj'!D6) -> 998.952
A90: Floor (Flat) With Recessed Wheelchair Track Throughout Entire Body | F90: =7550.4*('PPI Adj'!D6) -> 8811.3168
A91: Wheelchair Lift | F91: =10801*('PPI Adj'!D6) -> 12604.767
A92: Roof Ventilator / Emergency Exit | F92: =1000*('PPI Adj'!D6) -> 1167
A93: White Roof | F93: =787*('PPI Adj'!D6) -> 918.429
A94: High Headroom | F94: Included in Base Item
A95: Crossing Arm | F95: =678*('PPI Adj'!D6) -> 791.226
A96: Auxiliary Engine Coolant Heater | F96: =4245*('PPI Adj'!D6) -> 4953.915
A97: Vandal Lock | F97: =225*('PPI Adj'!D6) -> 262.575
A98: Air Conditioning | F98: =10586.67*('PPI Adj'!D6) -> 12354.644
A99: School Bus Safety Camera | F99: =1971*('PPI Adj'!D6) -> 2300.157
A100: Delete Exterior LED Lamps | F100: =-1036*('PPI Adj'!D6) -> -1209.012
A101: Multifunction School Activity Bus | F101: =-2023*('PPI Adj'!D6) -> -2360.841
A103: PART 4: Optional Equipment Specifications | F103: Thomas
A104: Optional Equipment | B104: Specification | C104: Information provided in Yellow Cells | F104: Diesel
A105: Capacity - Delete One (1) Row of Seating | B105: Delete one (1) full row of seating (both left and right sides) without removing a Body section from the Base Item, or altering the spacing between the remaining seats.
A106: Child Presence Check / Alarm | B106: Shall be the Child Check-mate System Model EP 2, or Compatible Equivalent. | C106: Make & Model: | F106: Child Check-Mate EP2
...

Sheet D (Item 2-D)
A1: ='A (Item 2-G)'!$A$1 -> GROUP 40524-23254, SCHOOL BUSES (Statewide) Attachment 1 - Specifications and Pricing (Revised October 15, 2026)
A2: ='Attachment 1 - Summary'!B2 -> PC69862 Matthews Buses, Inc.
A3: LOT D (Item 2-D)
A4: Type D, 65 Pupil Forward Control Transit Style Bus (Diesel; Minimum 65 Pupils)
A6: PART 1: Product information for the Base Item(s) Awarded | F6: Thomas
A7: Category | B7: Information provided in Yellow Cells | F7: Diesel
A8: Engine | B8: Information identifying the engine for the fuel type offered. | F8: C241014200,Cummins ISB 6 Cylinders,6.7L 200HP @ 2300RPM,520 LBFT Torque @ 1600 RPM
A9: NYS DOT Approval Number | B9: The NYS DOT Approval Number for the School Bus. Only School Buses approved by NYS DOT Passenger Carrier Safety Bureau for use as 2022 and newer Models, as indicated by a NYS DOT Approval Number, shall be delivered pursuant to the Contract. | F9: 1585-NY-66-00WC-TBB
A10: Chassis Make | B10: The OEM company name of a Chassis. | F10: Thomas
A11: Chassis Model | B11: The Model name of the Chassis. | F11: CHS8
A12: Chassis Model Code | B12: The OEM code used to identify the subset of the Chassis Model. | F12: EFX
A13: Body Make | B13: The OEM company name of a Body. | F13: Thomas
A14: Body Model | B14: The Model name of the Body. | F14: EFX
A15: Body Model Code | B15: The OEM code used to identify the subset of the Body Model. | F15: 1118S
A16: Pick Up Allowance | B16: The dollar amount, per School Bus, that will be deducted from the Base Item NYS Contract Price, if the Authorized User elects to pick up the School Bus at the Contractor's location. | F16: 100
A17: Delivery Time | B17: The estimated delivery time for the School Bus, expressed in number of calendar days, required to make delivery after receipt of a final Purchase Order (After Receipt of Order (“ARO”)). | F17: 210 days
A19: PART 2: Pricing for the Base Item, Additional Body Section, and Additional Options | F19: Thomas
A20: Category | B20: Information provided in Yellow Cells | F20: Diesel
A21: Base Item NYS Contract Price | B21: The per unit NYS Contract Price (dollar amount) for the School Bus described in the Base Item Specifications. The Base Item NYS Contract Price includes any OEM fees, all customs duties and charges, all vehicle preparation and clean-up charges, NYS DOT inspection, installation charges, delivery and all other incidentals normally included with providing a School Bus, but excludes Optional Equipment, Additional Body Section(s), and Additional Options. | F21: =142242.13*('PPI Adj'!D6) -> 165996.57
A22: Additional Options NYS Discount | B22: The minimum percentage amount that shall be deducted from the MSRP for all Additional Options purchased under the Contract for this Item. | F22: 20
A24: PART 3: Base Item Specifications | F24: Thomas
A25: Category | B25: Specification | C25: Information provided in Yellow Cells | F25: Diesel
A26: General | B26: A School Bus with a Body installed upon a Chassis or unitized type construction, with the engine mounted in the front with a GVWR of greater than 16,000 pounds and designed to carry more than 10 persons. The engine shall be behind the windshield and beside the driver’s seat. The entrance door is ahead of the front wheels. | C26: Gross Vehicle Weight Rating (GVWR) [lbs]: | F26: 31350
A27: Capacity | B27: Minimum sixty-five (65) Pupils. | C27: Number of rows: | F27: 11
C28: Number of Pupils: | F28: 66
A29: Rear Wheels | B29: Dual Rear Wheel (DRW)
A30: Dimensions | C30: Wheelbase [inches]: | F30: 174
C31: Length (bumper to bumper) [inches]: | F31: 395.3
C32: Body width (inside) [inches]: | F32: 90
C33: Body headroom (standard) [inches]: | F33: 78
C34: Cowl to rear axle length [inches]: | F34: 255
A35: Front Axle | C35: Gross Axle Weight Rating (GAWR) [lbs]: | F35: 11350
C36: Front axle capacity [lbs]: | F36: 14600
A37: Rear Axle | C37: Gross Axle Weight Rating (GAWR) [lbs]: | F37: 20000
C38: Rear axle capacity [lbs]: | F38: 20000
A39: Steering | B39: Power steering
A40: Brakes | B40: Chassis manufacturer's typical full air service brake system. A liquid-cooled, engine-lubricated air compressor, that is compliant with FMVSS (49 CFR 571.121.S5.1.1.), shall be provided. The air brake system shall be equipped with an automatic drain valve on the wet tank that may be unheated, a valve that can be manually opened on each air tank, and an air dryer/ejector that may be unheated. The system shall include a spring set parking brake. System shall be compliant with FMVSS (49 CFR 571.121), including the latest revision thereof. All brakes shall have automatic slack adjusters. | C40: Air Compressor size, Make & Model: | F40: 18.7 CFM Wabco
C41: Air Dryer size, Make & Model: | F41: 25 CFM Bendix AD9
A43: Brakes | B43: Antilock Brake System (ABS), and an audio & visual warning system for system malfunctions.
A44: Tires | B44: Tires shall meet the minimum requirements for the Chassis Model, as published by the Chassis manufacturer. | C44: Front radial tires size (load range letter) | F44: 10R22.5(G)
C45: Front radial tires capacity | F45: 5675
C46: Rear radial tires size (load range letter) | F46: 10R22.5(G)
C47: Rear radial tires capacity | F47: 5355
C48: Front Tires Option Code: | F48: C5304-01-000
C49: Front Tires Make & Tread Designation: | F49: Michelin XZE
C50: Rear Tires Option Code: | F50: C5304-01-000
C51: Rear Tires Make & Tread Designation: | F51: Michelin XZE
A52: Transmission | B52: Automatic transmission with manufacturer's standard or optional temperature indicator at the operator's control panel. | C52: Number of forward gears: | F52: 5
C53: Gears direct or w/O.D.?: | F53: w/O.D.
C54: Option Code, Make & Model: | F54: C600302125, 2500, Allison
A55: Engine | B55: Engine shall have a manufacturer's standard water cooled engine complete with accessories, as called for under classification. Engine shall develop full-rated torque and horsepower without requiring the use of premium grade fuel for any condition of operation. The Diesel engine shall develop full-rated torque and horsepower with the use of both ultra low sulfur grade diesel fuel and renewable diesel fuel.
A56: Engine Equipment | B56: Engine shall include silicone radiator and heater hoses (or equivalently rated/warranted). Diesel engine shall include cold weather starting aid.
A57: Alternator | B57: Alternator shall be of the integrally-rectified type, with an SAE continuous ampere output rating that is capable of at least powering all electrical devices energized simultaneously and an additional output of ten (10) or more amperes; and shall be driven by a single serpentine belt (or equivalent) or gear driven, and shall have full-transistor type voltage regulators. Wiring harness sizes shall be not less than the alternator manufacturer's recommendations. | C57: Option Code, Make & Model: | F57: C1358-01-000, 4939, Leece Neville
C58: Capacity [amps]: | F58: 185
A59: Battery(ies) | B59: Three (3) "No Maintenance" type batteries with a total capacity of 2400-CCA and a 145-minute reserve capacity. The battery cables (- and +) shall be the same size and weight and be equal to (or better than) the larger cable recommended by the School Bus manufacturer. | C59: Model or Option Code: | F59: C1816-18-000
C60: Number of batteries: | F60: 3
C61: Cold Cranking Amp (CCA) rating of each battery at 0oF | F61: 3,000CCA
A62: Electrical | B62: Units shall have headlights turned on when the engine is running.
A63: Electrical | B63: Driver's compartment dome light shall be so directed to provide illumination for the bus driver and be controlled by an independent switch.
A64: Electrical | B64: All exterior lamps, except headlamps, shall be Light Emitting Diode (LED) design that meet applicable SAE standards.
A65: Horns | B65: An electrical horn(s) shall be provided that meets SAE standard J377. An air horn shall not be an approved Compatible Equivalent.
A66: Door (Entrance) | B66: Minimum 24 inch opening. | C66: Type and clear width [inches]: | F66: O/O Air, 26"
A67: Stepwell (Entrance) | B67: Structural, tread and riser members shall be constructed entirely of rust/corrosion-resistant steel, components and fasteners or materials of equivalent or stronger structural integrity. Manufacturer's standard floor/stair coverings shall be used for finish surfaces.
A68: Fuel Tank(s) | B68: Diesel and gasoline engine Base Items shall have a sixty (60) gallon fuel capacity. LPG and CNG shall have the minimum construction and protection required by NFPA | C68: Capacity [gallons/cu. ft.]: | F68: 60
C69: Number and location of fuel tanks: | F69: 1, BFR, Aft of Axle
A70: Mirrors | B70: The vertical rectangular exterior driving mirrors shall be the heated defrosting type with their own switch and pilot light. Crossview mirrors shall be provided at front corners of each bus.
A71: Seating | B71: Manufacturer's standard or optional seat spacing that meets or exceeds the NYCRR minimum requirement for the respective class of School Bus with the minimum Pupil capacity stated above.
A72: Seatbelt (ambulatory) | B72: Seat belts shall be provided for each individual seating space. Seat belts shall meet current federal safety standards and shall be of a type approved by, and installed in accordance, with the rules and regulations established by NYS DOT in subdivision five (5) of section three-hundred eighty-three (383) of the New York State Vehicle and Traffic Laws dated July 30, 1986 and NYCRR, Title 17, Part 720, or the latest revision thereof.
A73: Stop Arm(s) (Power) | B73: Shall be entrance-door activated, electric or air-positioning type, and be provided streetside on all School Buses. It shall be compliant with FMVSS (49 CFR 571.131). Buses with a capacity of 45 persons or more shall have an additional and same model stop-arm at the rear streetside of the bus. | C73: Make & Model: | F73: Specialty 2970
A74: "School Bus" Signs | B74: Both front and rear shall comply with Article 9, Section 375.20 of the New York State Vehicle and Traffic Law.
A75: 8 Lamp Warning System (School Bus) | B75: Shall be compliant with SAE J887. | C75: Make & Model: | F75: Weldon 1020-9030-010
A76: Exterior Reflective Markings | B76: All units with a capacity of ten (10) or more Pupils shall be equipped with exterior reflective markings as required by FMVSS (49 CFR 571.217) and NYCRR (Title 15, Department of Motor Vehicles, Part D, 46.12).
A77: Floor | B77: Manufacturer's standard insulated floor design shall be provided throughout the School Bus.
A78: Heaters | B78: Minimum passenger compartment heating shall meet the requirements of NYCRR, Title 17, Part 720.4(I) Heaters, or the latest revision thereof.
A79: Door (Rear Emergency Exit) | B79: Shall include lower glass.
A81: PART 4: Optional Equipment NYS Contract Pricing | F81: Thomas
A82: Optional Equipment (see Specifications and Equipment Provided below) | F82: Diesel
A83: Capacity - Delete One (1) Row of Seating | F83: =-1010*('PPI Adj'!D6) -> -1178.67
A84: Child Presence Check / Alarm | F84: =678*('PPI Adj'!D6) -> 791.226
A85: Glass (Tinted) | F85: =376*('PPI Adj'!D6) -> 438.792
A86: Rear Axle, "No Spin" | F86: =738*('PPI Adj'!D6) -> 861.246
A87: Tires (Snow) | F87: =95*('PPI Adj'!D6) -> 110.865
A88: Tires (All-Season) | F88: =386*('PPI Adj'!D6) -> 450.462
A89: Floor With Recessed Wheelchair Restraint Track For One Wheelchair Station. | F89: =856*('PPI Adj'!D6) -> 998.952
A90: Floor (Flat) With Recessed Wheelchair Track Throughout Entire Body | F90: =7550.4*('PPI Adj'!D6) -> 8811.3168
A91: Wheelchair Lift | F91: =10801*('PPI Adj'!D6) -> 12604.767
A92: Roof Ventilator / Emergency Exit | F92: =1000*('PPI Adj'!D6) -> 1167
A93: White Roof | F93: =787*('PPI Adj'!D6) -> 918.429
A94: High Headroom | F94: Included in Base Item
A95: Crossing Arm | F95: =678*('PPI Adj'!D6) -> 791.226
A96: Auxiliary Engine Coolant Heater | F96: =4245*('PPI Adj'!D6) -> 4953.915
A97: Vandal Lock | F97: =225*('PPI Adj'!D6) -> 262.575
A98: Air Conditioning | F98: =10621.47*('PPI Adj'!D6) -> 12395.255
A99: School Bus Safety Camera | F99: =1971*('PPI Adj'!D6) -> 2300.157
A100: Delete Exterior LED Lamps | F100: =-1036*('PPI Adj'!D6) -> -1209.012
A101: Multifunction School Activity Bus | F101: =-2023*('PPI Adj'!D6) -> -2360.841
A103: PART 4: Optional Equipment Specifications | F103: Thomas
A104: Optional Equipment | B104: Specification | C104: Information provided in Yellow Cells | F104: Diesel
A105: Capacity - Delete One (1) Row of Seating | B105: Delete one (1) full row of seating (both left and right sides) without removing a Body section from the Base Item, or altering the spacing between the remaining seats.
A106: Child Presence Check / Alarm | B106: Shall be the Child Check-mate System Model EP 2, or Compatible Equivalent. | C106: Make & Model: | F106: Child Check-Mate EP2
...

Sheet D (Item 3-D)
A1: ='A (Item 2-G)'!$A$1 -> GROUP 40524-23254, SCHOOL BUSES (Statewide) Attachment 1 - Specifications and Pricing (Revised October 15, 2026)
A2: ='Attachment 1 - Summary'!B2 -> PC69862 Matthews Buses, Inc.
A3: LOT D (Item 3-D)
A4: Type D, 77 Pupil Forward Control Transit Style Bus (Diesel; Minimum 77 Pupils)
A6: PART 1: Product information for the Base Item(s) Awarded | F6: Thomas
A7: Category | B7: Information provided in Yellow Cells | F7: Diesel
A8: Engine | B8: Information identifying the engine for the fuel type offered. | F8: C241014200, Cummins ISB, 6 Cylinders, 6.7L, 200HP @ 2300 RPM, 520 LBFT Torque @ 1600 RPM
A9: NYS DOT Approval Number | B9: The NYS DOT Approval Number for the School Bus. Only School Buses approved by NYS DOT Passenger Carrier Safety Bureau for use as 2022 and newer Models, as indicated by a NYS DOT Approval Number, shall be delivered pursuant to the Contract. | F9: 1594-NY-78-00WC-TBB
A10: Chassis Make | B10: The OEM company name of a Chassis. | F10: Thomas
A11: Chassis Model | B11: The Model name of the Chassis. | F11: CHS8
A12: Chassis Model Code | B12: The OEM code used to identify the subset of the Chassis Model. | F12: EFX
A13: Body Make | B13: The OEM company name of a Body. | F13: Thomas
A14: Body Model | B14: The Model name of the Body. | F14: EFX
A15: Body Model Code | B15: The OEM code used to identify the subset of the Body Model. | F15: 1318S
A16: Pick Up Allowance | B16: The dollar amount, per School Bus, that will be deducted from the Base Item NYS Contract Price, if the Authorized User elects to pick up the School Bus at the Contractor's location. | F16: 100
A17: Delivery Time | B17: The estimated delivery time for the School Bus, expressed in number of calendar days, required to make delivery after receipt of a final Purchase Order (After Receipt of Order (“ARO”)). | F17: 210 days
A19: PART 2: Pricing for the Base Item, Additional Body Section, and Additional Options | F19: Thomas
A20: Category | B20: Information provided in Yellow Cells | F20: Diesel
A21: Base Item NYS Contract Price | B21: The per unit NYS Contract Price (dollar amount) for the School Bus described in the Base Item Specifications. The Base Item NYS Contract Price includes any OEM fees, all customs duties and charges, all vehicle preparation and clean-up charges, NYS DOT inspection, installation charges, delivery and all other incidentals normally included with providing a School Bus, but excludes Optional Equipment, Additional Body Section(s), and Additional Options. | F21: =150331.11*('PPI Adj'!D6) -> 175436.41
A22: Additional Options NYS Discount | B22: The minimum percentage amount that shall be deducted from the MSRP for all Additional Options purchased under the Contract for this Item. | F22: 20
A24: PART 3: Base Item Specifications | F24: Thomas
A25: Category | B25: Specification | C25: Information provided in Yellow Cells | F25: Diesel
A26: General | B26: A School Bus with a Body installed upon a Chassis or unitized type construction, with the engine mounted in the front with a GVWR of greater than 16,000 pounds and designed to carry more than 10 persons. The engine shall be behind the windshield and beside the driver’s seat. The entrance door is ahead of the front wheels. | C26: Gross Vehicle Weight Rating (GVWR) [lbs]: | F26: 33000
A27: Capacity | B27: Minimum seventy-seven (77) Pupils. | C27: Number of rows: | F27: 13
C28: Number of Pupils: | F28: 78
A29: Rear Wheels | B29: Dual Rear Wheel (DRW)
A30: Dimensions | C30: Wheelbase [inches]: | F30: 212
C31: Length (bumper to bumper) [inches]: | F31: 452.8
C32: Body width (inside) [inches]: | F32: 90
